Workbook
Name BDI: '[1]estimativa de custo IRMA DULCE'!$I$7
Name COMPOSICAO133: [1]ELÉTRICA!#REF!
Name COMPOSICAO133: [1]ELÉTRICA!#REF!
Name COMPOSICAOC138: [1]INFRA!#REF!
Name COMPOSICAOC138: [1]INFRA!#REF!
Name COMPOSICAOE131: [1]ELÉTRICA!#REF!
Name COMPOSICAOE131: [1]ELÉTRICA!#REF!
Name COMPOSICAOE132: [1]ELÉTRICA!#REF!
Name COMPOSICAOE132: [1]ELÉTRICA!#REF!
Name COMPOSICAOE133: [1]ELÉTRICA!#REF!
Name COMPOSICAOE133: [1]ELÉTRICA!#REF!
Name COMPOSICAOE134: [1]ELÉTRICA!#REF!
Name COMPOSICAOE134: [1]ELÉTRICA!#REF!
Name COMPOSICAOE136: [1]ELÉTRICA!$F$25
Name COMPOSICAOE137: [1]ELÉTRICA!#REF!
Name COMPOSICAOE137: [1]ELÉTRICA!#REF!
Name COMPOSICAOE139: [1]ELÉTRICA!#REF!
Name COMPOSICAOE139: [1]ELÉTRICA!#REF!
Name COMPOSICAOE140: [1]ELÉTRICA!#REF!
Name COMPOSICAOE140: [1]ELÉTRICA!#REF!
Name COMPOSICAOE141: [1]ELÉTRICA!#REF!
Name COMPOSICAOE141: [1]ELÉTRICA!#REF!
Name COMPOSICAOE142: [1]ELÉTRICA!#REF!
Name COMPOSICAOE142: [1]ELÉTRICA!#REF!
Name COMPOSICAOE143: [1]ELÉTRICA!#REF!
Name COMPOSICAOE143: [1]ELÉTRICA!#REF!
Name COMPOSICAOE144: [1]ELÉTRICA!#REF!
Name COMPOSICAOE144: [1]ELÉTRICA!#REF!
Name COMPOSICAOE145: [1]ELÉTRICA!#REF!
Name COMPOSICAOE145: [1]ELÉTRICA!#REF!
Name COMPOSICAOE146: [1]ELÉTRICA!#REF!
Name COMPOSICAOE146: [1]ELÉTRICA!#REF!
Name COMPOSICAOE147: [1]ELÉTRICA!#REF!
Name COMPOSICAOE147: [1]ELÉTRICA!#REF!
Name COMPOSICAOE148: [1]ELÉTRICA!#REF!
Name COMPOSICAOE148: [1]ELÉTRICA!#REF!
Name COMPOSICAOE149: [1]ELÉTRICA!#REF!
Name COMPOSICAOE149: [1]ELÉTRICA!#REF!
Name COMPOSICAOE150: [1]ELÉTRICA!#REF!
Name COMPOSICAOE150: [1]ELÉTRICA!#REF!
Name COMPOSICAOE151: [1]ELÉTRICA!#REF!
Name COMPOSICAOE151: [1]ELÉTRICA!#REF!
Name COMPOSICAOE152: [1]ELÉTRICA!#REF!
Name COMPOSICAOE152: [1]ELÉTRICA!#REF!
Name COMPOSICAOE154: [1]ELÉTRICA!#REF!
Name COMPOSICAOE154: [1]ELÉTRICA!#REF!
Name COMPOSICAOE19: #REF!
Name COMPOSICAOE19: #REF!
Name COMPOSICAOE20: #REF!
Name COMPOSICAOE20: #REF!
Name COMPOSICAOE21: #REF!
Name COMPOSICAOE21: #REF!
Name COMPOSICAOE22: #REF!
Name COMPOSICAOE22: #REF!
Name COMPOSICAOE23: #REF!
Name COMPOSICAOE23: #REF!
Name COMPOSICAOE24: #REF!
Name COMPOSICAOE24: #REF!
Name COMPOSICAOI1: #REF!
Name COMPOSICAOI1: #REF!

Sheet RESUMO
A1: OBRA | B1: ='PLANILHA ORÇAMENTARIA'!B1:H1 -> Construção de Escola Padrão SEDUC/MT, constituída de: 16 salas de aula, sala de articulação, biblioteca e laboratórios de física, informática e química; Espaços Administrativos – diretoria, secretaria, coordenadoria, sala de professores, arquivo, copa, e sanitários; Refeitório – Cozinha com área de higienização, cocção, depósito de alimentos, depósito de utensílios, sanitários e serviços; Quadra Poliesportiva com vestiários feminino e masculino incluindo PCD F/M; instalações elétricas de baixa tensão, posto de transformação, SPDA , instalações hidrossanitárias e instalações combate a incêndio e pânico, observando as normas vigentes de acessibilidade e segurança, na EE SÃO SIMÃO – Localizada no município de Várzea Grande/MT.
A2: Município | B2: ='PLANILHA ORÇAMENTARIA'!B3 -> Várzea Grande/MT
A3: Endereço | B3: ='PLANILHA ORÇAMENTARIA'!B4 -> Rua Dep. Oscar Soares, Quadra 68, S/ nº, Loteamento São Simão - Varzea Grande/ MT
A5: BDI: | B5: ='PLANILHA ORÇAMENTARIA'!E3 -> 0.2673 | C5: Custo por m²: | D5: =D21/4392.46 -> 1944.622
A6: Referência: | B6: ='PLANILHA ORÇAMENTARIA'!H3 -> 07/2017 SINAPI 07/2017 SEDUC | C6: Período: | D6: 300 dias
A9: PLANILHA RESUMO
A10: ITEM | B10: DESCRIÇÃO | C10: % | D10: VALOR
A11: PRELIMINARES
A12: 1.0 | B12: ='PLANILHA ORÇAMENTARIA'!C9 -> ADMINISTRAÇÃO DE OBRA | C12: =D12/$D$21 -> 0.041133909 | D12: ='PLANILHA ORÇAMENTARIA'!H11 -> 351352.46
A13: 2.0 | B13: ='PLANILHA ORÇAMENTARIA'!C12 -> SERVIÇOS TÉCNICOS | C13: =D13/$D$21 -> 0.00068907917 | D13: ='PLANILHA ORÇAMENTARIA'!H14 -> 5885.89
A14: ='PLANILHA ORÇAMENTARIA'!A15 -> 3.0 | B14: ='PLANILHA ORÇAMENTARIA'!C15 -> SERVIÇOS PRELIMINARES | C14: =D14/$D$21 -> 0.016059568 | D14: ='PLANILHA ORÇAMENTARIA'!H28 -> 137175.6
A15: 4.0 | B15: ='PLANILHA ORÇAMENTARIA'!C31 -> ARQUITETÔNICO | C15: =D15/$D$21 -> 0.44069935 | D15: ='PLANILHA ORÇAMENTARIA'!H291 -> 3764310.4
A16: 5.0 | B16: ='PLANILHA ORÇAMENTARIA'!C293 -> ESTRUTURAL BLOCOS ESCOLA | C16: =D16/$D$21 -> 0.39072156 | D16: ='PLANILHA ORÇAMENTARIA'!H579 -> 3337416.4
A17: 6.0 | B17: ='PLANILHA ORÇAMENTARIA'!C581 -> INSTALAÇÕES HIDROSSANITÁRIAS | C17: =D17/$D$21 -> 0.03729825 | D17: ='PLANILHA ORÇAMENTARIA'!H787 -> 318589.51
A18: 7.0 | B18: ='PLANILHA ORÇAMENTARIA'!C789 -> INSTALAÇÃO ELÉTRICA | C18: =D18/$D$21 -> 0.050202395 | D18: ='PLANILHA ORÇAMENTARIA'!H856 -> 428812.52
A19: 8.0 | B19: ='PLANILHA ORÇAMENTARIA'!C858 -> SISTEMAS DE PROTEÇÃO CONTRA DESCARGAS ATMOSFÉRICAS | C19: =D19/$D$21 -> 0.011339946 | D19: ='PLANILHA ORÇAMENTARIA'!H890 -> 96862.13
A20: 9.0 | B20: ='PLANILHA ORÇAMENTARIA'!C892 -> INSTALAÇÕES DE SEGURANÇA E PREVENÇÃO A COMBATE A INCÊNDIO E PÂNICO | C20: =D20/$D$21 -> 0.011855947 | D20: ='PLANILHA ORÇAMENTARIA'!H971 -> 101269.64
B21: TOTAL | C21: =SUM(C12:C20) -> 1 | D21: =SUM(D12:D20) -> 8541674.5
A22: ='PLANILHA ORÇAMENTARIA'!A973:H973 -> oito milhões, quinhentos e quarenta e um mil, seiscentos e setenta e quatro reais e cinquenta e dois centavos

Sheet PLANILHA ORÇAMENTARIA
A1: OBRA: | B1: Construção de Escola Padrão SEDUC/MT, constituída de: 16 salas de aula, sala de articulação, biblioteca e laboratórios de física, informática e química; Espaços Administrativos – diretoria, secretaria, coordenadoria, sala de professores, arquivo, copa, e sanitários; Refeitório – Cozinha com área de higienização, cocção, depósito de alimentos, depósito de utensílios, sanitários e serviços; Quadra Poliesportiva com vestiários feminino e masculino incluindo PCD F/M; instalações elétricas de baixa tensão, posto de transformação, SPDA , instalações hidrossanitárias e instalações combate a incêndio e pânico, observando as normas vigentes de acessibilidade e segurança, na EE SÃO SIMÃO – Localizada no município de Várzea Grande/MT.
A2: Escola: | B2: E.E. SÃO SIMÃO
A3: Município: | B3: Várzea Grande/MT | D3: BDI: | E3: 0.2673 | G3: Referência: | H3: 07/2017 SINAPI 07/2017 SEDUC
A4: Endereço: | B4: Rua Dep. Oscar Soares, Quadra 68, S/ nº, Loteamento São Simão - Varzea Grande/ MT
A6: PLANILHA ORÇAMENTÁRIA
A7: ITEM | B7: CÓDIGO | C7: DESCRIÇÃO | D7: UND | E7: QNT | F7: P. BASE | G7: P. UNT | H7: P. TOTAL
A8: PRELIMINARES
A9: 1.0 | C9: ADMINISTRAÇÃO DE OBRA
A10: 1.1 | B10: COMPOSIÇÃO 2 | C10: ADMINISTRAÇÃO LOCAL DE OBRA | D10: UND | E10: 1 | F10: 277244.9 | G10: =TRUNC(F10*(1+$E$3),2) -> 351352.46 | H10: =TRUNC((G10*E10),2) -> 351352.46
C11: TOTAL DO ITEM | H11: =SUM(H10) -> 351352.46
A12: 2.0 | C12: SERVIÇOS TÉCNICOS
A13: 2.1 | B13: SDC04064 | C13: EXECUÇÃO DE PROJETO AS-BUILT | D13: m² | E13: 4392.46 | F13: 1.06 | G13: =TRUNC(F13*(1+$E$3),2) -> 1.34 | H13: =TRUNC((G13*E13),2) -> 5885.89
C14: TOTAL DO ITEM | H14: =SUM(H13) -> 5885.89
A15: 3.0 | C15: SERVIÇOS PRELIMINARES
A16: 3.1 | B16: 74209/001 | C16: PLACA DE OBRA EM CHAPA DE ACO GALVANIZADO | D16: m² | E16: 13.22 | F16: 317.96 | G16: =TRUNC(F16*(1+$E$3),2) -> 402.95 | H16: =TRUNC((G16*E16),2) -> 5326.99
A17: 3.2 | B17: 73822/002 | C17: LIMPEZA MECANIZADA DE TERRENO COM REMOCAO DE CAMADA VEGETAL, UTILIZANDO MOTONIVELADORA | D17: m² | E17: 9569 | F17: 0.49 | G17: =TRUNC(F17*(1+$E$3),2) -> 0.62 | H17: =TRUNC((G17*E17),2) -> 5932.78
A18: 3.3 | B18: 74077/003 | C18: LOCACAO CONVENCIONAL DE OBRA, ATRAVÉS DE GABARITO DE TABUAS CORRIDAS PONTALETADAS, COM REAPROVEITAMENTO DE 3 VEZES. | D18: m² | E18: 7165.05 | F18: 4.25 | G18: =TRUNC(F18*(1+$E$3),2) -> 5.38 | H18: =TRUNC((G18*E18),2) -> 38547.96
A19: 3.4 | B19: 73847/001 | C19: ALUGUEL CONTAINER/ESCRIT INCL INST ELET LARG=2,20 COMP=6,20M ALT=2,50M CHAPA ACO C/NERV TRAPEZ FORRO C/ISOL TERMO/ACUSTICO CHASSIS REFORC PISO COMPENS NAVAL EXC TRANSP/CARGA/DESCARGA | D19: MES | E19: 10 | F19: 402.34 | G19: =TRUNC(F19*(1+$E$3),2) -> 509.88 | H19: =TRUNC((G19*E19),2) -> 5098.8
A20: 3.5 | B20: 93208 | C20: EXECUÇÃO DE ALMOXARIFADO EM CANTEIRO DE OBRA EM CHAPA DE MADEIRA COMPENSADA, INCLUSO PRATELEIRAS. AF_02/2016 | D20: m² | E20: 21.8 | F20: 387.97 | G20: =TRUNC(F20*(1+$E$3),2) -> 491.67 | H20: =TRUNC((G20*E20),2) -> 10718.4
A21: 3.6 | B21: 93210 | C21: EXECUÇÃO DE REFEITÓRIO EM CANTEIRO DE OBRA EM CHAPA DE MADEIRA COMPENSADA, NÃO INCLUSO MOBILIÁRIO E EQUIPAMENTOS. AF_02/2016 | D21: m² | E21: 14.5 | F21: 313.81 | G21: =TRUNC(F21*(1+$E$3),2) -> 397.69 | H21: =TRUNC((G21*E21),2) -> 5766.5
A22: 3.7 | B22: SDC05002 | C22: LOCAÇÃO DE CONTAINER 2,30 X 4,30 M, ALT. 2,50 M, PARA SANITARIO, COM 3 BACIAS, 4 CHUVEIROS, 1 LAVATORIO E 1 MICTORIO | D22: MÊS | E22: 10 | F22: 584.73 | G22: =TRUNC(F22*(1+$E$3),2) -> 741.02 | H22: =TRUNC((G22*E22),2) -> 7410.2
A23: 3.8 | B23: 74220/001 | C23: TAPUME DE CHAPA DE MADEIRA COMPENSADA, E= 6MM, COM PINTURA A CAL E REAPROVEITAMENTO DE 2X | D23: m² | E23: 947.87 | F23: 45.76 | G23: =TRUNC(F23*(1+$E$3),2) -> 57.99 | H23: =TRUNC((G23*E23),2) -> 54966.98
A24: 3.9 | B24: 72898 | C24: CARGA E DESCARGA MECANIZADAS DE ENTULHO EM CAMINHAO BASCULANTE 6 M3 | D24: m³ | E24: 24 | F24: 3.15 | G24: =TRUNC(F24*(1+$E$3),2) -> 3.99 | H24: =TRUNC((G24*E24),2) -> 95.76
A25: 3.10 | B25: 95302 | C25: TRANSPORTE COM CAMINHÃO BASCULANTE 6 M3 EM RODOVIA PAVIMENTADA ( PARA DISTÂNCIAS SUPERIORES A 4 KM) | D25: M3XKM | E25: 240 | F25: 1.28 | G25: =TRUNC(F25*(1+$E$3),2) -> 1.62 | H25: =TRUNC((G25*E25),2) -> 388.8
A26: 3.11 | B26: 9540 | C26: ENTRADA DE ENERGIA ELÉTRICA AÉREA MONOFÁSICA 50A COM POSTE DE CONCRETO, INCLUSIVE CABEAMENTO, CAIXA DE PROTEÇÃO PARA MEDIDOR E ATERRAMENTO. | D26: UN | E26: 1 | F26: 884.18 | G26: =TRUNC(F26*(1+$E$3),2) -> 1120.52 | H26: =TRUNC((G26*E26),2) -> 1120.52
A27: 3.12 | B27: SDC05004 | C27: LIGAÇÃO PROVISÓRIA DE ÁGUA E SANITÁRIO | D27: UN | E27: 1 | F27: 1421.85 | G27: =TRUNC(F27*(1+$E$3),2) -> 1801.91 | H27: =TRUNC((G27*E27),2) -> 1801.91
C28: TOTAL DO ITEM | H28: =SUM(H16:H27) -> 137175.6
C29: TOTAL PRELIMINARES | H29: =SUM(H28+H14+H11) -> 494413.95
A30: ARQUITETÔNICO
A31: 4.0 | C31: ARQUITETÔNICO
A32: 4.1 | C32: COBERTURA BLOCO DE SALAS
A33: 4.1.1 | B33: 94216 | C33: TELHAMENTO COM TELHA METÁLICA TERMOACÚSTICA E = 30 MM, COM ATÉ 2 ÁGUAS, INCLUSO IÇAMENTO. AF_06/2016 | D33: m² | E33: 34.5 | F33: 103.68 | G33: =TRUNC(F33*(1+$E$3),2) -> 131.39 | H33: =TRUNC((G33*E33),2) -> 4532.95
A34: 4.1.2 | B34: SDC01034 | C34: TELHAMENTO COM TELHA DE AÇO/ALUMÍNIO, ONDULADA, E = 0,5 MM, COM ATÉ 2 ÁGUAS, INCLUSO IÇAMENTO | D34: m² | E34: 2434.4 | F34: 38.56 | G34: =TRUNC(F34*(1+$E$3),2) -> 48.86 | H34: =TRUNC((G34*E34),2) -> 118944.78
A35: 4.1.3 | B35: 94228 | C35: CALHA EM CHAPA DE AÇO GALVANIZADO NÚMERO 24, DESENVOLVIMENTO DE 50 CM, INCLUSO TRANSPORTE VERTICAL. AF_06/2016 | D35: M | E35: 11.6 | F35: 56.42 | G35: =TRUNC(F35*(1+$E$3),2) -> 71.5 | H35: =TRUNC((G35*E35),2) -> 829.4
A36: 4.1.4 | B36: 94231 | C36: RUFO EM CHAPA DE AÇO GALVANIZADO NÚMERO 24, CORTE DE 25 CM, INCLUSO TRANSPORTE VERTICAL. AF_06/2016 | D36: M | E36: 41.93 | F36: 30.74 | G36: =TRUNC(F36*(1+$E$3),2) -> 38.95 | H36: =TRUNC((G36*E36),2) -> 1633.17
C37: TOTAL DO ITEM | H37: =SUM(H33:H36) -> 125940.3
A38: 4.2 | C38: ESQUADRIAS BLOCO DAS SALAS
A39: 4.2.1 | B39: 91341 | C39: PORTA EM ALUMÍNIO DE ABRIR TIPO VENEZIANA COM GUARNIÇÃO, FIXAÇÃO COM PARAFUSOS - FORNECIMENTO E INSTALAÇÃO. AF_08/2015 | D39: m² | E39: 10.88 | F39: 1027.14 | G39: =TRUNC(F39*(1+$E$3),2) -> 1301.69 | H39: =TRUNC((G39*E39),2) -> 14162.38
A40: 4.2.2 | B40: SDC01027 | C40: FORNECIMENTO E INSTALAÇÃO DE PORTA METÁLICA, 90X2,10M, CHAPA LISA Nº18, INCLUSIVE FECHADURA TIPO TRINCO ROLETE E GUARNIÇÕES - CONFORME ESPECIFICAÇÃO TÉCNICA SEDUC | D40: UN | E40: 4 | F40: 1198.92 | G40: =TRUNC(F40*(1+$E$3),2) -> 1519.39 | H40: =TRUNC((G40*E40),2) -> 6077.56
A41: 4.2.3 | B41: SDC01031 | C41: FORNECIMENTO E INSTALAÇÃO DE PORTA METÁLICA, 90X2,10M, COM VISOR, CHAPA LISA Nº18, INCLUSIVE FECHADURA TIPO TRINCO ROLETE E GUARNIÇÕES - CONFORME ESPECIFICAÇÃO TÉCNICA SEDUC | D41: UN | E41: 21 | F41: 1581.31 | G41: =TRUNC(F41*(1+$E$3),2) -> 2003.99 | H41: =TRUNC((G41*E41),2) -> 42083.79
A42: 4.2.4 | B42: SDC01027 | C42: FORNECIMENTO E INSTALAÇÃO DE PORTA METÁLICA, 90X2,10M, CHAPA LISA Nº18, INCLUSIVE FECHADURA TIPO TRINCO ROLETE E GUARNIÇÕES - CONFORME ESPECIFICAÇÃO TÉCNICA SEDUC | D42: UN | E42: 2 | F42: 1198.92 | G42: =TRUNC(F42*(1+$E$3),2) -> 1519.39 | H42: =TRUNC((G42*E42),2) -> 3038.78
A43: 4.2.5 | B43: SDC01029 | C43: PORTA DE VIDRO TEMPERADO, 1,00X2,10M, ESPESSURA 10MM, INCLUSIVE ACESSORIOS | D43: UN | E43: 1 | F43: 1746.02 | G43: =TRUNC(F43*(1+$E$3),2) -> 2212.73 | H43: =TRUNC((G43*E43),2) -> 2212.73
A44: 4.2.6 | B44: SDC01030 | C44: PORTA DE VIDRO TEMPERADO, 2,00X2,10M, DUAS FOLHAS, ESPESSURA 10MM, INCLUSIVE ACESSORIOS | D44: UN | E44: 1 | F44: 3492.06 | G44: =TRUNC(F44*(1+$E$3),2) -> 4425.48 | H44: =TRUNC((G44*E44),2) -> 4425.48
A45: 4.2.7 | B45: SDC01028 | C45: FORNECIMENTO E INSTALAÇÃO DE PORTA METÁLICA, 80X2,10M, CHAPA LISA Nº18, INCLUSIVE FECHADURA TIPO TRINCO ROLETE E GUARNIÇÕES - CONFORME ESPECIFICAÇÃO TÉCNICA SEDUC | D45: UN | E45: 6 | F45: 1125.63 | G45: =TRUNC(F45*(1+$E$3),2) -> 1426.51 | H45: =TRUNC((G45*E45),2) -> 8559.06
A46: 4.2.8 | B46: 94575 | C46: JANELA DE ALUMÍNIO MAXIM-AR, FIXAÇÃO COM PARAFUSO, VEDAÇÃO COM ESPUMA EXPANSIVA PU, COM VIDROS, PADRONIZADA. AF_07/2016 | D46: m² | E46: 185.12 | F46: 839.52 | G46: =TRUNC(F46*(1+$E$3),2) -> 1063.92 | H46: =TRUNC((G46*E46),2) -> 196952.87
A47: 4.2.9 | B47: SDC04024 | C47: FORNECIMENTO E INSTALAÇÃO DE PELE DE VIDRO | D47: m² | E47: 56.67 | F47: 816.1 | G47: =TRUNC(F47*(1+$E$3),2) -> 1034.24 | H47: =TRUNC((G47*E47),2) -> 58610.38
A48: 4.2.10 | B48: 74145/001 | C48: PINTURA ESMALTE FOSCO, DUAS DEMAOS, SOBRE SUPERFICIE METALICA, INCLUSO UMA DEMAO DE FUNDO ANTICORROSIVO. UTILIZACAO DE REVOLVER ( AR-COMPRIMIDO). | D48: m² | E48: 183.33 | F48: 14.07 | G48: =TRUNC(F48*(1+$E$3),2) -> 17.83 | H48: =TRUNC((G48*E48),2) -> 3268.77
C49: TOTAL DO ITEM | H49: =SUM(H39:H48) -> 339391.8
A50: 4.3 | C50: VERGA E CONTRA-VERGA BLOCO DE SALAS
A51: 4.3.1 | B51: 93184 | C51: VERGA PRÉ-MOLDADA PARA PORTAS COM ATÉ 1,5 M DE VÃO. AF_03/2016 | D51: M | E51: 42.3 | F51: 14.82 | G51: =TRUNC(F51*(1+$E$3),2) -> 18.78 | H51: =TRUNC((G51*E51),2) -> 794.39
A52: 4.3.2 | B52: 93182 | C52: VERGA PRÉ-MOLDADA PARA JANELAS COM ATÉ 1,5 M DE VÃO. AF_03/2016 | D52: M | E52: 3.2 | F52: 19.44 | G52: =TRUNC(F52*(1+$E$3),2) -> 24.63 | H52: =TRUNC((G52*E52),2) -> 78.81
A53: 4.3.3 | B53: 93183 | C53: VERGA PRÉ-MOLDADA PARA JANELAS COM MAIS DE 1,5 M DE VÃO. AF_03/2016 | D53: M | E53: 177 | F53: 25.06 | G53: =TRUNC(F53*(1+$E$3),2) -> 31.75 | H53: =TRUNC((G53*E53),2) -> 5619.75
A54: 4.3.4 | B54: 93195 | C54: CONTRAVERGA PRÉ-MOLDADA PARA VÃOS DE MAIS DE 1,5 M DE COMPRIMENTO. AF_03/2016 | D54: M | E54: 177 | F54: 22.33 | G54: =TRUNC(F54*(1+$E$3),2) -> 28.29 | H54: =TRUNC((G54*E54),2) -> 5007.33
A55: 4.3.5 | B55: 93194 | C55: CONTRAVERGA PRÉ-MOLDADA PARA VÃOS DE ATÉ 1,5 M DE COMPRIMENTO. AF_03/2016 | D55: M | E55: 3.2 | F55: 19.22 | G55: =TRUNC(F55*(1+$E$3),2) -> 24.35 | H55: =TRUNC((G55*E55),2) -> 77.92
C56: TOTAL DO ITEM | H56: =SUM(H51:H55) -> 11578.2
A57: 4.4 | C57: ELEMENTOS DE VEDAÇÃO BLOCO DE SALAS
A58: 4.4.1 | B58: 89168 | C58: (COMPOSIÇÃO REPRESENTATIVA) DO SERVIÇO DE ALVENARIA DE VEDAÇÃO DE BLOCOS VAZADOS DE CERÂMICA DE 9X19X19CM (ESPESSURA 9CM), PARA EDIFICAÇÃO HABITACIONAL UNIFAMILIAR (CASA) E EDIFICAÇÃO PÚBLICA PADRÃO. AF_11/2014 | D58: m² | E58: 2896.68 | F58: 58.35 | G58: =TRUNC(F58*(1+$E$3),2) -> 73.94 | H58: =TRUNC((G58*E58),2) -> 214180.51
C59: TOTAL DO ITEM | H59: =SUM(H58:H58) -> 214180.51
A60: 4.5 | C60: REVESTIMENTO BLOCO DE SALAS
A61: 4.5.1 | B61: 87900 | C61: CHAPISCO APLICADO EM ALVENARIA (COM PRESENÇA DE VÃOS) E ESTRUTURAS DE CONCRETO DE FACHADA, COM ROLO PARA TEXTURA ACRÍLICA. ARGAMASSA TRAÇO 1:4 E EMULSÃO POLIMÉRICA (ADESIVO) COM PREPARO EM BETONEIRA 400L. AF_06/2014 | D61: m² | E61: 4591.97 | F61: 5.32 | G61: =TRUNC(F61*(1+$E$3),2) -> 6.74 | H61: =TRUNC((G61*E61),2) -> 30949.87
A62: 4.5.2 | B62: 89173 | C62: (COMPOSIÇÃO REPRESENTATIVA) DO SERVIÇO DE EMBOÇO/MASSA ÚNICA, APLICADO MANUALMENTE, TRAÇO 1:2:8, EM BETONEIRA DE 400L, PAREDES INTERNAS, COM EXECUÇÃO DE TALISCAS, EDIFICAÇÃO HABITACIONAL UNIFAMILIAR (CASAS) E EDIFICAÇÃO PÚBLICA PADRÃO. AF_12/2014 | D62: m² | E62: 4591.97 | F62: 23.25 | G62: =TRUNC(F62*(1+$E$3),2) -> 29.46 | H62: =TRUNC((G62*E62),2) -> 135279.43
A63: 4.5.3 | B63: 87882 | C63: CHAPISCO APLICADO NO TETO, COM ROLO PARA TEXTURA ACRÍLICA. ARGAMASSA TRAÇO 1:4 E EMULSÃO POLIMÉRICA (ADESIVO) COM PREPARO EM BETONEIRA 400L. AF_06/2014 | D63: m² | E63: 1717 | F63: 3.42 | G63: =TRUNC(F63*(1+$E$3),2) -> 4.33 | H63: =TRUNC((G63*E63),2) -> 7434.61
A64: 4.5.4 | B64: 90408 | C64: MASSA ÚNICA, PARA RECEBIMENTO DE PINTURA, EM ARGAMASSA TRAÇO 1:2:8, PREPARO MECÂNICO COM BETONEIRA 400L, APLICADA MANUALMENTE EM TETO, ESPESSURA DE 10MM, COM EXECUÇÃO DE TALISCAS. AF_03/2015 | D64: m² | E64: 1717 | F64: 21.85 | G64: =TRUNC(F64*(1+$E$3),2) -> 27.69 | H64: =TRUNC((G64*E64),2) -> 47543.73
A65: 4.5.5 | B65: 89170 | C65: (COMPOSIÇÃO REPRESENTATIVA) DO SERVIÇO DE REVESTIMENTO CERÂMICO PARA PAREDES INTERNAS, MEIA PAREDE, OU PAREDE INTEIRA, PLACAS GRÊS OU SEMI-GRÊS DE 20X20 CM, PARA EDIFICAÇÕES HABITACIONAIS UNIFAMILIAR (CASAS) E EDIFICAÇÕES PÚBLICAS PADRÃO. AF_11/2014 | D65: m² | E65: 220.72 | F65: 49.41 | G65: =TRUNC(F65*(1+$E$3),2) -> 62.61 | H65: =TRUNC((G65*E65),2) -> 13819.27
A66: 4.5.6 | B66: SDC01025 | C66: REVESTIMENTO CERÂMICO PARA PAREDES INTERNAS EM PASTILHAS DE PORCELANA 5 X 5 CM (PLACAS DE 30 X 30 CM), ALINHADAS A PRUMO, APLICADO EM PANOS COM VÃOS | D66: m² | E66: 1134.34 | F66: 167.44 | G66: =TRUNC(F66*(1+$E$3),2) -> 212.19 | H66: =TRUNC((G66*E66),2) -> 240695.6
A67: 4.5.7 | B67: 87242 | C67: REVESTIMENTO CERÂMICO PARA PAREDES EXTERNAS EM PASTILHAS DE PORCELANA 5 X 5 CM (PLACAS DE 30 X 30 CM), ALINHADAS A PRUMO, APLICADO EM PANOS COM VÃOS. AF_06/2014 | D67: m² | E67: 353.24 | F67: 167.44 | G67: =TRUNC(F67*(1+$E$3),2) -> 212.19 | H67: =TRUNC((G67*E67),2) -> 74953.99
C68: TOTAL DO ITEM | H68: =SUM(H61:H67) -> 550676.5
A69: 4.6 | C69: PISOS BLOCO DE SALAS
A70: 4.6.1 | B70: 87263 | C70: REVESTIMENTO CERÂMICO PARA PISO COM PLACAS TIPO PORCELANATO DE DIMENSÕES 60X60 CM APLICADA EM AMBIENTES DE ÁREA MAIOR QUE 10 M². AF_06/2014 | D70: m² | E70: 1976.65 | F70: 81.58 | G70: =TRUNC(F70*(1+$E$3),2) -> 103.38 | H70: =TRUNC((G70*E70),2) -> 204346.07
A71: 4.6.2 | B71: SDC01096 | C71: SOLEIRA DE GRANITO BRANCO ITAÚNA, LARGURA 15CM, ESPESSURA 3CM, ASSENTADA SOBRE ARGAMASSA TRACO 1:4 (CIMENTO E AREIA) | D71: M | E71: 31.1 | F71: 78.9 | G71: =TRUNC(F71*(1+$E$3),2) -> 99.98 | H71: =TRUNC((G71*E71),2) -> 3109.37
A72: 4.6.3 | B72: 94995 | C72: EXECUÇÃO DE PASSEIO (CALÇADA) OU PISO DE CONCRETO COM CONCRETO MOLDADO IN LOCO, USINADO, ACABAMENTO CONVENCIONAL, ESPESSURA 8 CM, ARMADO. AF_07/2016 | D72: m² | E72: 585.01 | F72: 63.66 | G72: =TRUNC(F72*(1+$E$3),2) -> 80.67 | H72: =TRUNC((G72*E72),2) -> 47192.75
A73: 4.6.4 | B73: 94997 | C73: EXECUÇÃO DE PASSEIO (CALÇADA) OU PISO DE CONCRETO COM CONCRETO MOLDADO IN LOCO, USINADO, ACABAMENTO CONVENCIONAL, ESPESSURA 10 CM, ARMADO. AF_07/2016 | D73: m² | E73: 916.89 | F73: 73 | G73: =TRUNC(F73*(1+$E$3),2) -> 92.51 | H73: =TRUNC((G73*E73),2) -> 84821.49
A74: 4.6.5 | B74: 94263 | C74: GUIA (MEIO-FIO) CONCRETO, MOLDADA IN LOCO EM TRECHO RETO COM EXTRUSORA, 11,5 CM BASE X 22 CM ALTURA. AF_06/2016 | D74: M | E74: 795.95 | F74: 21.62 | G74: =TRUNC(F74*(1+$E$3),2) -> 27.39 | H74: =TRUNC((G74*E74),2) -> 21801.07
A75: 4.6.6 | B75: 94264 | C75: GUIA (MEIO-FIO) CONCRETO, MOLDADA IN LOCO EM TRECHO CURVO COM EXTRUSORA, 11,5 CM BASE X 22 CM ALTURA. AF_06/2016 | D75: M | E75: 47.04 | F75: 23.97 | G75: =TRUNC(F75*(1+$E$3),2) -> 30.37 | H75: =TRUNC((G75*E75),2) -> 1428.6
A76: 4.6.7 | B76: 92398 | C76: EXECUÇÃO DE PÁTIO/ESTACIONAMENTO EM PISO INTERTRAVADO, COM BLOCO RETANGULAR COR NATURAL DE 20 X 10 CM, ESPESSURA 8 CM. AF_12/2015 | D76: m² | E76: 1306.21 | F76: 54.2 | G76: =TRUNC(F76*(1+$E$3),2) -> 68.68 | H76: =TRUNC((G76*E76),2) -> 89710.5
C77: TOTAL DO ITEM | H77: =SUM(H70:H76) -> 452409.85
A78: 4.7 | C78: PINTURA BLOCO DE SALAS
A79: 4.7.1 | B79: 88497 | C79: APLICAÇÃO E LIXAMENTO DE MASSA LÁTEX EM PAREDES, DUAS DEMÃOS. AF_06/2014 | D79: m² | E79: 1916.87 | F79: 10.61 | G79: =TRUNC(F79*(1+$E$3),2) -> 13.44 | H79: =TRUNC((G79*E79),2) -> 25762.73
A80: 4.7.2 | B80: 88496 | C80: APLICAÇÃO E LIXAMENTO DE MASSA LÁTEX EM TETO, DUAS DEMÃOS. AF_06/2014 | D80: m² | E80: 1717 | F80: 18.59 | G80: =TRUNC(F80*(1+$E$3),2) -> 23.55 | H80: =TRUNC((G80*E80),2) -> 40435.35
A81: 4.7.3 | B81: 88483 | C81: APLICAÇÃO DE FUNDO SELADOR LÁTEX PVA EM PAREDES, UMA DEMÃO. AF_06/2014 | D81: m² | E81: 1916.87 | F81: 1.81 | G81: =TRUNC(F81*(1+$E$3),2) -> 2.29 | H81: =TRUNC((G81*E81),2) -> 4389.63
A82: 4.7.4 | B82: 88482 | C82: APLICAÇÃO DE FUNDO SELADOR LÁTEX PVA EM TETO, UMA DEMÃO. AF_06/2014 | D82: m² | E82: 1717 | F82: 2.02 | G82: =TRUNC(F82*(1+$E$3),2) -> 2.55 | H82: =TRUNC((G82*E82),2) -> 4378.35
A83: 4.7.5 | B83: 88487 | C83: APLICAÇÃO MANUAL DE PINTURA COM TINTA LÁTEX PVA EM PAREDES, DUAS DEMÃOS. AF_06/2014 | D83: m² | E83: 1916.87 | F83: 7.75 | G83: =TRUNC(F83*(1+$E$3),2) -> 9.82 | H83: =TRUNC((G83*E83),2) -> 18823.66
A84: 4.7.6 | B84: 88486 | C84: APLICAÇÃO MANUAL DE PINTURA COM TINTA LÁTEX PVA EM TETO, DUAS DEMÃOS. AF_06/2014 | D84: m² | E84: 1717 | F84: 8.63 | G84: =TRUNC(F84*(1+$E$3),2) -> 10.93 | H84: =TRUNC((G84*E84),2) -> 18766.81
A85: 4.7.7 | B85: SDC01045 | C85: APLICAÇÃO E LIXAMENTO DE MASSA ACRILICA EM PAREDES, UMA DEMÃO | D85: m² | E85: 1010.02 | F85: 12.88 | G85: =TRUNC(F85*(1+$E$3),2) -> 16.32 | H85: =TRUNC((G85*E85),2) -> 16483.52
A86: 4.7.8 | B86: 88485 | C86: APLICAÇÃO DE FUNDO SELADOR ACRÍLICO EM PAREDES, UMA DEMÃO. AF_06/2014 | D86: m² | E86: 987.14 | F86: 1.49 | G86: =TRUNC(F86*(1+$E$3),2) -> 1.88 | H86: =TRUNC((G86*E86),2) -> 1855.82
A87: 4.7.9 | B87: 88489 | C87: APLICAÇÃO MANUAL DE PINTURA COM TINTA LÁTEX ACRÍLICA EM PAREDES, DUAS DEMÃOS. AF_06/2014 | D87: m² | E87: 1213.54 | F87: 9.78 | G87: =TRUNC(F87*(1+$E$3),2) -> 12.39 | H87: =TRUNC((G87*E87),2) -> 15035.76
A88: 4.7.10 | B88: SDC01019 | C88: APLICAÇÃO DE LIQUIBRILHO SOBRE PINTURAS, DUAS DEMÃOS | D88: m² | E88: 140.72 | F88: 11.93 | G88: =TRUNC(F88*(1+$E$3),2) -> 15.11 | H88: =TRUNC((G88*E88),2) -> 2126.27
C89: TOTAL DO ITEM | H89: =SUM(H79:H88) -> 148057.9
A90: 4.8 | C90: FORROS E DIVISÓRIAS BLOCO DE SALAS
A91: 4.8.1 | B91: 96116 | C91: FORRO EM RÉGUAS DE PVC, FRISADO, PARA AMBIENTES COMERCIAIS, INCLUSIVE ESTRUTURA DE FIXAÇÃO. AF_05/2017_P | D91: m² | E91: 64.85 | F91: 36.6 | G91: =TRUNC(F91*(1+$E$3),2) -> 46.38 | H91: =TRUNC((G91*E91),2) -> 3007.74
A92: 4.8.2 | B92: SDC01089 | C92: DIVISORIA EM GRANITO BRANCO ITAUNAS, ESP = 2CM, ASSENTADO COM ARGAMASSA TRACO 1:4, ARREMATE EM CIMENTO BRANCO, EXCLUSIVE FERRAGENS | D92: m² | E92: 30.25 | F92: 568.3 | G92: =TRUNC(F92*(1+$E$3),2) -> 720.2 | H92: =TRUNC((G92*E92),2) -> 21786.05
C93: TOTAL DO ITEM | H93: =SUM(H91:H92) -> 24793.79
A94: 4.9 | C94: PAISAGISMO
A95: 4.9.1 | B95: 85180 | C95: PLANTIO DE GRAMA ESMERALDA EM ROLO | D95: m² | E95: 3080.89 | F95: 11.59 | G95: =TRUNC(F95*(1+$E$3),2) -> 14.68 | H95: =TRUNC((G95*E95),2) -> 45227.46
A96: 4.9.2 | B96: SDC01104 | C96: FORNECIMENTO E ESPALHAMENTO DE TERRA VEGETAL PREPARADA | D96: M³ | E96: 92.43 | F96: 108.25 | G96: =TRUNC(F96*(1+$E$3),2) -> 137.18 | H96: =TRUNC((G96*E96),2) -> 12679.54
A97: 4.9.3 | B97: SDC04061 | C97: FORNECIMENTO E PLANTIO DE PERIQUITÃO | D97: UN | E97: 780 | F97: 3.48 | G97: =TRUNC(F97*(1+$E$3),2) -> 4.41 | H97: =TRUNC((G97*E97),2) -> 3439.8
A98: 4.9.4 | B98: 73967/001 | C98: PLANTIO DE ARVORE, ALTURA DE 1,00M, EM CAVAS DE 80X80X80CM | D98: UN | E98: 29 | F98: 105.66 | G98: =TRUNC(F98*(1+$E$3),2) -> 133.9 | H98: =TRUNC((G98*E98),2) -> 3883.1
A99: 4.9.5 | B99: 73967/002 | C99: PLANTIO DE ARVORE REGIONAL, ALTURA MAIOR QUE 2,00M, EM CAVAS DE 80X80X80CM | D99: UN | E99: 26 | F99: 161.69 | G99: =TRUNC(F99*(1+$E$3),2) -> 204.9 | H99: =TRUNC((G99*E99),2) -> 5327.4
A100: 4.9.6 | B100: SDC04062 | C100: FORNECIMENTO E PLANTIO DE PRIMAVERA 1,00M DE ALTURA EM CAVA DE 60X60X60CM | D100: UN | E100: 7 | F100: 54.76 | G100: =TRUNC(F100*(1+$E$3),2) -> 69.39 | H100: =TRUNC((G100*E100),2) -> 485.73
C101: TOTAL DO ITEM | H101: =SUM(H95:H100) -> 71043.03
...

Sheet Composições do OrçaFascio
A1: COMPOSIÇÕES PRÓPRIAS
A2: 1 | B2: Código | C2: SDC02002 | D2: Referência
B3: Descrição | C3: BUCHA DE REDUCAO DE PVC, SOLDAVEL, LONGA, COM 50X25 MM | D3: ORSE 1083
B4: Tipo | C4: INHI - INSTALAÇÕES HIDROS SANITÁRIAS
B5: Unidade | C5: UN
A6: 2 | B6: Código | C6: SDC02003 | D6: Referência
B7: Descrição | C7: BUCHA DE REDUCAO DE PVC, SOLDAVEL, LONGA, COM 60X25 MM | D7: ORSE 1085
B8: Tipo | C8: INHI - INSTALAÇÕES HIDROS SANITÁRIAS
B9: Unidade | C9: UN
A10: 3 | B10: Código | C10: SDC02004 | D10: Referência
B11: Descrição | C11: CAIXA SIFONADA DE PVC COM GRELHA BRANCA, 150 X 150 X 50 MM | D11: SEINFRA C3586
B12: Tipo | C12: INHI - INSTALAÇÕES HIDROS SANITÁRIAS
B13: Unidade | C13: UN
A14: 4 | B14: Código | C14: SDC02005 | D14: Referência
B15: Descrição | C15: JUNÇÃO 45° DE PVC BRANCO COM REDUÇÃO, PONTA BOLSA E VIROLA, Ø 75 X 50 MM | D15: SAOP CO1004
B16: Tipo | C16: INHI - INSTALAÇÕES HIDROS SANITÁRIAS
B17: Unidade | C17: UN
A18: 5 | B18: Código | C18: SDC02006 | D18: Referência
B19: Descrição | C19: REDUÇÃO EXCÊNTRICA, PVC, ESGOTO, DN 100 X 50 MM | D19: ORSE 1583
B20: Tipo | C20: INHI - INSTALAÇÕES HIDROS SANITÁRIAS
B21: Unidade | C21: UN
A22: 6 | B22: Código | C22: SDC02007 | D22: Referência
B23: Descrição | C23: JUNÇÃO 45° DE PVC BRANCO COM REDUÇÃO, PONTA BOLSA E VIROLA, Ø 100 X 50 MM | D23: SAOP CO1005
B24: Tipo | C24: INHI - INSTALAÇÕES HIDROS SANITÁRIAS
B25: Unidade | C25: UN
A26: 7 | B26: Código | C26: SDC02008 | D26: Referência
B27: Descrição | C27: FORNECIMENTO E INSTALAÇÃO DE TERMINAL DE VENTILAÇÃO, SÉRIE NORMAL, DN 50MM | D27: ORSE 1666
B28: Tipo | C28: INHI - INSTALAÇÕES HIDROS SANITÁRIAS
B29: Unidade | C29: UN
A30: 8 | B30: Código | C30: SDC02011 | D30: Referência
B31: Descrição | C31: FOSSA SÉPTICA EM ALVENARIA - TIJOLO COMUM MACIÇO, DIMENSOES 350 X 180 X 150 CM (9,45M3) | D31: PROJETO
B32: Tipo | C32: INHI - INSTALAÇÕES HIDROS SANITÁRIAS
B33: Unidade | C33: UN
A34: 9 | B34: Código | C34: SDC02017 | D34: Referência
B35: Descrição | C35: BUCHA DE REDUCAO DE PVC, SOLDAVEL, CURTA COM 60 X 50 MM | D35: ORSE 1075
B36: Tipo | C36: INHI - INSTALAÇÕES HIDROS SANITÁRIAS
B37: Unidade | C37: UN
A38: 10 | B38: Código | C38: SDC02019 | D38: Referência
B39: Descrição | C39: BUCHA DE REDUCAO DE PVC, SOLDAVEL, CURTA COM 85 X 75 MM | D39: ORSE 1077
B40: Tipo | C40: INHI - INSTALAÇÕES HIDROS SANITÁRIAS
B41: Unidade | C41: UN
A42: 11 | B42: Código | C42: SDC02021 | D42: Referência
B43: Descrição | C43: CAIXA D'AGUA TIPO TAÇA COM CAPACIDADE DE 5.000 LITROS COM COLUNA SECA, INCLUSIVE INSTALAÇÃO | D43: PROJETO
B44: Tipo | C44: INHI - INSTALAÇÕES HIDROS SANITÁRIAS
B45: Unidade | C45: UN
A46: 12 | B46: Código | C46: SDC02026 | D46: Referência
B47: Descrição | C47: BUCHA DE REDUCAO DE PVC, SOLDAVEL, LONGA, COM 85 X 60 MM | D47: ORSE 1090
B48: Tipo | C48: INHI - INSTALAÇÕES HIDROS SANITÁRIAS
B49: Unidade | C49: UN
A50: 13 | B50: Código | C50: SDC01004 | D50: Referência
B51: Descrição | C51: ARMAÇÃO DE FUNDAÇÕES E ESTRUTURAS DE CONCRETO ARMADO, EXCETO VIGAS, PILARES E LAJES (DE EDIFÍCIOS DE MÚLTIPLOS PAVIMENTOS, EDIFICAÇÃO TÉRREA OU SOBRADO), UTILIZANDO AÇO CA-50 DE 10.0 MM - MONTAGEM | D51: SINAPI 92919
B52: Tipo | C52: FUES - FUNDAÇÕES E ESTRUTURAS
B53: Unidade | C53: KG
A54: 14 | B54: Código | C54: SDC01006 | D54: Referência
B55: Descrição | C55: ARMAÇÃO DE FUNDAÇÕES E ESTRUTURAS DE CONCRETO ARMADO, EXCETO VIGAS, PILARES E LAJES (DE EDIFÍCIOS DE MÚLTIPLOS PAVIMENTOS, EDIFICAÇÃO TÉRREA OU SOBRADO), UTILIZANDO AÇO CA-50 DE 12.5 MM - MONTAGEM | D55: SINAPI 92921
B56: Tipo | C56: FUES - FUNDAÇÕES E ESTRUTURAS
B57: Unidade | C57: KG
A58: 15 | B58: Código | C58: SDC01008 | D58: Referência
B59: Descrição | C59: ARMAÇÃO DE FUNDAÇÕES E ESTRUTURAS DE CONCRETO ARMADO, EXCETO VIGAS, PILARES E LAJES (DE EDIFÍCIOS DE MÚLTIPLOS PAVIMENTOS, EDIFICAÇÃO TÉRREA OU SOBRADO), UTILIZANDO AÇO CA-60 DE 5.0 MM - MONTAGEM | D59: SINAPI 92915
B60: Tipo | C60: FUES - FUNDAÇÕES E ESTRUTURAS
B61: Unidade | C61: KG
A62: 16 | B62: Código | C62: SDC01010 | D62: Referência
B63: Descrição | C63: ARMAÇÃO DE FUNDAÇÕES E ESTRUTURAS DE CONCRETO ARMADO, EXCETO VIGAS, PILARES E LAJES (DE EDIFÍCIOS DE MÚLTIPLOS PAVIMENTOS, EDIFICAÇÃO TÉRREA OU SOBRADO), UTILIZANDO AÇO CA-50 DE 6.3 MM - MONTAGEM | D63: SINAPI 92916
B64: Tipo | C64: FUES - FUNDAÇÕES E ESTRUTURAS
B65: Unidade | C65: KG
A66: 17 | B66: Código | C66: SDC01013 | D66: Referência
B67: Descrição | C67: ARMAÇÃO DE FUNDAÇÕES E ESTRUTURAS DE CONCRETO ARMADO, EXCETO VIGAS, PILARES E LAJES (DE EDIFÍCIOS DE MÚLTIPLOS PAVIMENTOS, EDIFICAÇÃO TÉRREA OU SOBRADO), UTILIZANDO AÇO CA-50 DE 8.0 MM - MONTAGEM | D67: SINAPI 92917
B68: Tipo | C68: FUES - FUNDAÇÕES E ESTRUTURAS
B69: Unidade | C69: KG
A70: 18 | B70: Código | C70: SDC01016 | D70: Referência
B71: Descrição | C71: LAJE PRÉ-MOLDADA TRELIÇADA, PARA COBERTURA, INCLUSIVE EPS, CAPEAMENTO 4,0CM E ALTURA FINAL 12,0CM, FCK=25MPA. INCLUSO ESCORAMENTO | D71: SINAPI 74141/002
B72: Tipo | C72: FUES - FUNDAÇÕES E ESTRUTURAS
B73: Unidade | C73: M2
A74: 19 | B74: Código | C74: SDC01017 | D74: Referência
B75: Descrição | C75: FORNECIMENTO DE ESTRUTURA METÁLICA PARA COBERTURA, COM UTILIZAÇÃO DE PERFIS EM AÇO ASTM A36 | D75: SIURB-SP 15505
B76: Tipo | C76: FUES - FUNDAÇÕES E ESTRUTURAS
B77: Unidade | C77: KG
A78: 20 | B78: Código | C78: SDC01018 | D78: Referência
B79: Descrição | C79: MONTAGEM DE ESTRUTURA METÁLICA | D79: SIURB-SP 15512
B80: Tipo | C80: FUES - FUNDAÇÕES E ESTRUTURAS
B81: Unidade | C81: KG
A82: 21 | B82: Código | C82: SDC01019 | D82: Referência
B83: Descrição | C83: APLICAÇÃO DE LIQUIBRILHO SOBRE PINTURAS, DUAS DEMÃOS | D83: SEINFRA C3487
B84: Tipo | C84: PINT - PINTURAS
B85: Unidade | C85: M2
A86: 22 | B86: Código | C86: SDC01021 | D86: Referência
B87: Descrição | C87: AQUISIÇÃO DE MATERIAL PARA ATERRO | D87: COTAÇÃO DE MERCADO
B88: Tipo | C88: MOVT - MOVIMENTO DE TERRA
B89: Unidade | C89: M3
A90: 23 | B90: Código | C90: SDC01022 | D90: Referência
B91: Descrição | C91: FORNECIMENTO E INSTALAÇÃO DE JANELA DE ALUMÍNIO TIPO GUILHOTINA (1,50X2,00)M, C/ PASSA PRATO EM GRANITO COMP. 2,00MXLARG. 40CM, INCLUSIVE ACESSÓRIOS DE FIXAÇÃO CONFORME DETALHE SEDUC | D91: SINAPI 94582
B92: Tipo | C92: ESQV - ESQUADRIAS/FERRAGENS/VIDROS
B93: Unidade | C93: UN
A94: 24 | B94: Código | C94: SDC01024 | D94: Referência
B95: Descrição | C95: LASTRO DE BRITA Nº 02 | D95: ORSE 2657
B96: Tipo | C96: SEDI - SERVIÇOS DIVERSOS
B97: Unidade | C97: M3
A98: 25 | B98: Código | C98: SDC01025 | D98: Referência
B99: Descrição | C99: REVESTIMENTO CERÂMICO PARA PAREDES INTERNAS EM PASTILHAS DE PORCELANA 5 X 5 CM (PLACAS DE 30 X 30 CM), ALINHADAS A PRUMO, APLICADO EM PANOS COM VÃOS | D99: SINAPI 87242
B100: Tipo | C100: REVE - REVESTIMENTO E TRATAMENTO DE SUPERFÍCIES
...

Sheet Orçamento Analítico
A1: Composições Analíticas com Preço Unitário
A2: Composições Principais
B3: Item | C3: Código | D3: Banco | E3: Descrição | F3: Tipo | G3: Und | H3: Quant. | I3: Valor Unit | J3: Total
A4: Composição | B4: 1.1 | C4: COMPOSIÇÃO 2 | D4: Próprio | E4: ADMINISTRAÇÃO LOCAL DE OBRA | F4: SERT - SERVIÇOS TÉCNICOS | G4: UND | H4: 1 | I4: 277.244,90 | J4: 277.244,90
A5: Composição Auxiliar | C5: 90777 | D5: SINAPI | E5: ENGENHEIRO CIVIL DE OBRA JUNIOR COM ENCARGOS COMPLEMENTARES | F5: SEDI - SERVIÇOS DIVERSOS | G5: H | H5: 1760,0 | I5: 70,03 | J5: 123252.8
A6: Composição Auxiliar | C6: 94295 | D6: SINAPI | E6: MESTRE DE OBRAS COM ENCARGOS COMPLEMENTARES | F6: SEDI - SERVIÇOS DIVERSOS | G6: MES | H6: 10,0 | I6: 4.968,93 | J6: 49689.3
A7: Composição Auxiliar | C7: 88326 | D7: SINAPI | E7: VIGIA NOTURNO COM ENCARGOS COMPLEMENTARES | F7: SEDI - SERVIÇOS DIVERSOS | G7: H | H7: 3600,0 | I7: 15,52 | J7: 55872
A8: Composição Auxiliar | C8: SDC06001 | D8: Próprio | E8: VIGIA DIURNO COM ENCARGOS COMPLEMENTARES | F8: SEDI - SERVIÇOS DIVERSOS | G8: H | H8: 1080,0 | I8: 12,12 | J8: 13089.6
A9: Composição Auxiliar | C9: 93572 | D9: SINAPI | E9: ENCARREGADO GERAL DE OBRAS COM ENCARGOS COMPLEMENTARES | F9: SEDI - SERVIÇOS DIVERSOS | G9: MES | H9: 10,0 | I9: 3.534,12 | J9: 35341.2
B11: Item | C11: Código | D11: Banco | E11: Descrição | F11: Tipo | G11: Und | H11: Quant. | I11: Valor Unit | J11: Total
A12: Composição | B12: 2.1 | C12: SDC04064 | D12: Próprio | E12: EXECUÇÃO DE PROJETO AS-BUILT | F12: SERT - SERVIÇOS TÉCNICOS | G12: m² | H12: 1 | I12: 1,06 | J12: 1,06
A13: Composição Auxiliar | C13: 90773 | D13: SINAPI | E13: DESENHISTA COPISTA COM ENCARGOS COMPLEMENTARES | F13: SEDI - SERVIÇOS DIVERSOS | G13: H | H13: 0,058 | I13: 18,41 | J13: 1.06
B15: Item | C15: Código | D15: Banco | E15: Descrição | F15: Tipo | G15: Und | H15: Quant. | I15: Valor Unit | J15: Total
A16: Composição | B16: 3.7 | C16: SDC05002 | D16: Próprio | E16: LOCAÇÃO DE CONTAINER 2,30 X 4,30 M, ALT. 2,50 M, PARA SANITARIO, COM 3 BACIAS, 4 CHUVEIROS, 1 LAVATORIO E 1 MICTORIO | F16: CANT - CANTEIRO DE OBRAS | G16: MÊS | H16: 1 | I16: 584,73 | J16: 584,73
A17: Insumo da Composição | C17: 00010777 | D17: SINAPI | E17: LOCACAO DE CONTAINER 2,30 X 4,30 M, ALT. 2,50 M, PARA SANITARIO, COM 3 BACIAS, 4 CHUVEIROS, 1 LAVATORIO E 1 MICTORIO | F17: Equipamento | G17: MES | H17: 1,0 | I17: 584,73 | J17: 584.73
B18: Item | C18: Código | D18: Banco | E18: Descrição | F18: Tipo | G18: Und | H18: Quant. | I18: Valor Unit | J18: Total
A19: Composição | B19: 3.12 | C19: SDC05004 | D19: Próprio | E19: LIGAÇÃO PROVISÓRIA DE ÁGUA E SANITÁRIO | F19: CANT - CANTEIRO DE OBRAS | G19: UN | H19: 1 | I19: 1.421,85 | J19: 1.421,85
A20: Composição Auxiliar | C20: 88248 | D20: SINAPI | E20: AUXILIAR DE ENCANADOR OU BOMBEIRO HIDRÁULICO COM ENCARGOS COMPLEMENTARES | F20: SEDI - SERVIÇOS DIVERSOS | G20: H | H20: 4,0 | I20: 14,26 | J20: 57.04
A21: Composição Auxiliar | C21: 88267 | D21: SINAPI | E21: ENCANADOR OU BOMBEIRO HIDRÁULICO COM ENCARGOS COMPLEMENTARES | F21: SEDI - SERVIÇOS DIVERSOS | G21: H | H21: 8,0 | I21: 17,49 | J21: 139.92
A22: Composição Auxiliar | C22: 88309 | D22: SINAPI | E22: PEDREIRO COM ENCARGOS COMPLEMENTARES | F22: SEDI - SERVIÇOS DIVERSOS | G22: H | H22: 8,0 | I22: 17,09 | J22: 136.72
A23: Composição Auxiliar | C23: 88316 | D23: SINAPI | E23: SERVENTE COM ENCARGOS COMPLEMENTARES | F23: SEDI - SERVIÇOS DIVERSOS | G23: H | H23: 8,12 | I23: 13,89 | J23: 112.78
A24: Composição Auxiliar | C24: 88262 | D24: SINAPI | E24: CARPINTEIRO DE FORMAS COM ENCARGOS COMPLEMENTARES | F24: SEDI - SERVIÇOS DIVERSOS | G24: H | H24: 8,0 | I24: 17,00 | J24: 136
A25: Insumo da Composição | C25: 00020247 | D25: SINAPI | E25: PREGO DE ACO POLIDO COM CABECA 15 X 15 (1 1/4 X 13) | F25: Material | G25: KG | H25: 1,0 | I25: 9,05 | J25: 9.05
A26: Insumo da Composição | C26: 00009836 | D26: SINAPI | E26: TUBO PVC SERIE NORMAL, DN 100 MM, PARA ESGOTO PREDIAL (NBR 5688) | F26: Material | G26: M | H26: 5,0 | I26: 8,30 | J26: 41.5
A27: Insumo da Composição | C27: 00000370 | D27: SINAPI | E27: AREIA MEDIA - POSTO JAZIDA/FORNECEDOR (RETIRADO NA JAZIDA, SEM TRANSPORTE) | F27: Material | G27: m³ | H27: 0,0189 | I27: 60,00 | J27: 1.13
A28: Insumo da Composição | C28: 00012774 | D28: SINAPI | E28: HIDROMETRO UNIJATO, VAZAO MAXIMA DE 5,0 M3/H, DE 3/4" | F28: Material | G28: UN | H28: 1,0 | I28: 113,95 | J28: 113.95
A29: Insumo da Composição | C29: 00006189 | D29: SINAPI | E29: TABUA MADEIRA 2A QUALIDADE 2,5 X 30,0CM (1 X 12") NAO APARELHADA | F29: Material | G29: M | H29: 8,0 | I29: 5,91 | J29: 47.28
A30: Insumo da Composição | C30: 00009868 | D30: SINAPI | E30: TUBO PVC, SOLDAVEL, DN 25 MM, AGUA FRIA (NBR-5648) | F30: Material | G30: M | H30: 30,0 | I30: 3,04 | J30: 91.2
A31: Insumo da Composição | C31: 00004425 | D31: SINAPI | E31: VIGA DE MADEIRA NAO APARELHADA 6 X 12 CM, MACARANDUBA, ANGELIM OU EQUIVALENTE DA REGIAO | F31: Material | G31: M | H31: 25,0 | I31: 9,70 | J31: 242.5
... A33: Insumo da Composição | C33: 00034636 | D33: SINAPI | E33: CAIXA D'AGUA EM POLIETILENO 1000 LITROS, COM TAMPA | F33: Material | G33: UN | H33: 1,0 | I33: 283,48 | J33: 283.48
B34: Item | C34: Código | D34: Banco | E34: Descrição | F34: Tipo | G34: Und | H34: Quant. | I34: Valor Unit | J34: Total
A35: Composição | B35: 4.1.2 | C35: SDC01034 | D35: Próprio | E35: TELHAMENTO COM TELHA DE AÇO/ALUMÍNIO, ONDULADA, E = 0,5 MM, COM ATÉ 2 ÁGUAS, INCLUSO IÇAMENTO | F35: COBE - COBERTURA | G35: m² | H35: 1 | I35: 38,56 | J35: 38,56
A36: Composição Auxiliar | C36: 88316 | D36: SINAPI | E36: SERVENTE COM ENCARGOS COMPLEMENTARES | F36: SEDI - SERVIÇOS DIVERSOS | G36: H | H36: 0,096 | I36: 13,89 | J36: 1.33
A37: Composição Auxiliar | C37: 88323 | D37: SINAPI | E37: TELHADISTA COM ENCARGOS COMPLEMENTARES | F37: SEDI - SERVIÇOS DIVERSOS | G37: H | H37: 0,091 | I37: 15,31 | J37: 1.39
A38: Composição Auxiliar | C38: 93287 | D38: SINAPI | E38: GUINDASTE HIDRÁULICO AUTOPROPELIDO, COM LANÇA TELESCÓPICA 40 M, CAPACIDADE MÁXIMA 60 T, POTÊNCIA 260 KW - CHP DIURNO. AF_03/2016 | F38: CHOR - CUSTOS HORÁRIOS DE MÁQUINAS E EQUIPAMENTOS | G38: CHP | H38: 0,0007 | I38: 274,78 | J38: 0.19
A39: Composição Auxiliar | C39: 93288 | D39: SINAPI | E39: GUINDASTE HIDRÁULICO AUTOPROPELIDO, COM LANÇA TELESCÓPICA 40 M, CAPACIDADE MÁXIMA 60 T, POTÊNCIA 260 KW - CHI DIURNO. AF_03/2016 | F39: CHOR - CUSTOS HORÁRIOS DE MÁQUINAS E EQUIPAMENTOS | G39: CHI | H39: 0,001 | I39: 75,35 | J39: 0.07
A40: Insumo da Composição | C40: 00025007 | D40: SINAPI | E40: TELHA DE ACO ZINCADO ONDULADA, A = *17* MM, E = 0,5 MM, SEM PINTURA | F40: Material | G40: m² | H40: 1,16 | I40: 26,96 | J40: 31.27
A41: Insumo da Composição | C41: 00011029 | D41: SINAPI | E41: HASTE RETA PARA GANCHO DE FERRO GALVANIZADO, COM ROSCA 1/4 " X 30 CM PARA FIXACAO DE TELHA METALICA, INCLUI PORCA E ARRUELAS DE VEDACAO | F41: Material | G41: CJ | H41: 4,15 | I41: 1,04 | J41: 4.31
B43: Item | C43: Código | D43: Banco | E43: Descrição | F43: Tipo | G43: Und | H43: Quant. | I43: Valor Unit | J43: Total
A44: Composição | B44: 4.2.2 | C44: SDC01027 | D44: Próprio | E44: FORNECIMENTO E INSTALAÇÃO DE PORTA METÁLICA, 90X2,10M, CHAPA LISA Nº18, INCLUSIVE FECHADURA TIPO TRINCO ROLETE E GUARNIÇÕES - CONFORME ESPECIFICAÇÃO TÉCNICA SEDUC | F44: ESQV - ESQUADRIAS/FERRAGENS/VIDROS | G44: UN | H44: 1 | I44: 1.198,92 | J44: 1.198,92
A45: Composição Auxiliar | C45: 88309 | D45: SINAPI | E45: PEDREIRO COM ENCARGOS COMPLEMENTARES | F45: SEDI - SERVIÇOS DIVERSOS | G45: H | H45: 3,46 | I45: 17,09 | J45: 59.13
A46: Composição Auxiliar | C46: 88316 | D46: SINAPI | E46: SERVENTE COM ENCARGOS COMPLEMENTARES | F46: SEDI - SERVIÇOS DIVERSOS | G46: H | H46: 1,73 | I46: 13,89 | J46: 24.02
A47: Composição Auxiliar | C47: 88629 | D47: SINAPI | E47: ARGAMASSA TRAÇO 1:3 (CIMENTO E AREIA MÉDIA), PREPARO MANUAL. AF_08/2014 | F47: SEDI - SERVIÇOS DIVERSOS | G47: m³ | H47: 0,04 | I47: 394,28 | J47: 15.77
A48: Insumo da Composição | C48: 00000195 | D48: Próprio | E48: PORTA DE AÇO CHAPA 18 0,90X2,10 SEM VISOR | F48: Material | G48: UN | H48: 1,0 | I48: 1.100,00 | J48: 1100
B50: Item | C50: Código | D50: Banco | E50: Descrição | F50: Tipo | G50: Und | H50: Quant. | I50: Valor Unit | J50: Total
A51: Composição | B51: 4.2.3 | C51: SDC01031 | D51: Próprio | E51: FORNECIMENTO E INSTALAÇÃO DE PORTA METÁLICA, 90X2,10M, COM VISOR, CHAPA LISA Nº18, INCLUSIVE FECHADURA TIPO TRINCO ROLETE E GUARNIÇÕES - CONFORME ESPECIFICAÇÃO TÉCNICA SEDUC | F51: ESQV - ESQUADRIAS/FERRAGENS/VIDROS | G51: UN | H51: 1 | I51: 1.581,31 | J51: 1.581,31
A52: Composição Auxiliar | C52: 88309 | D52: SINAPI | E52: PEDREIRO COM ENCARGOS COMPLEMENTARES | F52: SEDI - SERVIÇOS DIVERSOS | G52: H | H52: 3,78 | I52: 17,09 | J52: 64.6
A53: Composição Auxiliar | C53: 88316 | D53: SINAPI | E53: SERVENTE COM ENCARGOS COMPLEMENTARES | F53: SEDI - SERVIÇOS DIVERSOS | G53: H | H53: 3,78 | I53: 13,89 | J53: 52.5
A54: Composição Auxiliar | C54: 88629 | D54: SINAPI | E54: ARGAMASSA TRAÇO 1:3 (CIMENTO E AREIA MÉDIA), PREPARO MANUAL. AF_08/2014 | F54: SEDI - SERVIÇOS DIVERSOS | G54: m³ | H54: 0,09 | I54: 394,28 | J54: 35.48
A55: Composição Auxiliar | C55: 72118 | D55: SINAPI | E55: VIDRO TEMPERADO INCOLOR, ESPESSURA 6MM, FORNECIMENTO E INSTALACAO, INCLUSIVE MASSA PARA VEDACAO | F55: ESQV - ESQUADRIAS/FERRAGENS/VIDROS | G55: m² | H55: 0,56 | I55: 140,60 | J55: 78.73
A56: Insumo da Composição | C56: 00000194 | D56: Próprio | E56: PORTA DE AÇO CHAPA 18 0,90X2,10 COM VISOR | F56: Material | G56: UN | H56: 1,0 | I56: 1.350,00 | J56: 1350
B58: Item | C58: Código | D58: Banco | E58: Descrição | F58: Tipo | G58: Und | H58: Quant. | I58: Valor Unit | J58: Total
A59: Composição | B59: 4.2.4 | C59: SDC01027 | D59: Próprio | E59: FORNECIMENTO E INSTALAÇÃO DE PORTA METÁLICA, 90X2,10M, CHAPA LISA Nº18, INCLUSIVE FECHADURA TIPO TRINCO ROLETE E GUARNIÇÕES - CONFORME ESPECIFICAÇÃO TÉCNICA SEDUC | F59: ESQV - ESQUADRIAS/FERRAGENS/VIDROS | G59: UN | H59: 1 | I59: 1.198,92 | J59: 1.198,92
A60: Composição Auxiliar | C60: 88309 | D60: SINAPI | E60: PEDREIRO COM ENCARGOS COMPLEMENTARES | F60: SEDI - SERVIÇOS DIVERSOS | G60: H | H60: 3,46 | I60: 17,09 | J60: 59.13
A61: Composição Auxiliar | C61: 88316 | D61: SINAPI | E61: SERVENTE COM ENCARGOS COMPLEMENTARES | F61: SEDI - SERVIÇOS DIVERSOS | G61: H | H61: 1,73 | I61: 13,89 | J61: 24.02
A62: Composição Auxiliar | C62: 88629 | D62: SINAPI | E62: ARGAMASSA TRAÇO 1:3 (CIMENTO E AREIA MÉDIA), PREPARO MANUAL. AF_08/2014 | F62: SEDI - SERVIÇOS DIVERSOS | G62: m³ | H62: 0,04 | I62: 394,28 | J62: 15.77
A63: Insumo da Composição | C63: 00000195 | D63: Próprio | E63: PORTA DE AÇO CHAPA 18 0,90X2,10 SEM VISOR | F63: Material | G63: UN | H63: 1,0 | I63: 1.100,00 | J63: 1100
B65: Item | C65: Código | D65: Banco | E65: Descrição | F65: Tipo | G65: Und | H65: Quant. | I65: Valor Unit | J65: Total
A66: Composição | B66: 4.2.5 | C66: SDC01029 | D66: Próprio | E66: PORTA DE VIDRO TEMPERADO, 1,00X2,10M, ESPESSURA 10MM, INCLUSIVE ACESSORIOS | F66: ESQV - ESQUADRIAS/FERRAGENS/VIDROS | G66: UN | H66: 1 | I66: 1.746,02 | J66: 1.746,02
A67: Composição Auxiliar | C67: 88325 | D67: SINAPI | E67: VIDRACEIRO COM ENCARGOS COMPLEMENTARES | F67: SEDI - SERVIÇOS DIVERSOS | G67: H | H67: 0,3 | I67: 15,32 | J67: 4.59
A68: Insumo da Composição | C68: 00003104 | D68: SINAPI | E68: JOGO DE FERRAGENS CROMADAS P/ PORTA DE VIDRO TEMPERADO, UMA FOLHA COMPOSTA: DOBRADICA SUPERIOR (101) E INFERIOR (103),TRINCO (502), FECHADURA (520),CONTRA FECHADURA (531),COM CAPUCHINHO | F68: Material | G68: CJ | H68: 1,0 | I68: 331,68 | J68: 331.68
A69: Insumo da Composição | C69: 00010507 | D69: SINAPI | E69: VIDRO TEMPERADO INCOLOR E = 10 MM, SEM COLOCACAO | F69: Material | G69: m² | H69: 2,1 | I69: 194,15 | J69: 407.71
A70: Insumo da Composição | C70: 00011499 | D70: SINAPI | E70: MOLA HIDRAULICA DE PISO P/ VIDRO TEMPERADO 10MM | F70: Material | G70: UN | H70: 1,0 | I70: 989,78 | J70: 989.78
A71: Insumo da Composição | C71: 00011523 | D71: SINAPI | E71: PUXADOR CONCHA DE EMBUTIR, EM LATAO CROMADO, PARA PORTA / JANELA DE CORRER, LISO, SEM FURO PARA CHAVE, COM FUROS PARA FIXAR PARAFUSOS, *30 X 90* MM (LARGURA X ALTURA) | F71: Material | G71: UN | H71: 1,0 | I71: 12,26 | J71: 12.26
B73: Item | C73: Código | D73: Banco | E73: Descrição | F73: Tipo | G73: Und | H73: Quant. | I73: Valor Unit | J73: Total
A74: Composição | B74: 4.2.6 | C74: SDC01030 | D74: Próprio | E74: PORTA DE VIDRO TEMPERADO, 2,00X2,10M, DUAS FOLHAS, ESPESSURA 10MM, INCLUSIVE ACESSORIOS | F74: ESQV - ESQUADRIAS/FERRAGENS/VIDROS | G74: UN | H74: 1 | I74: 3.492,06 | J74: 3.492,06
A75: Composição Auxiliar | C75: 88325 | D75: SINAPI | E75: VIDRACEIRO COM ENCARGOS COMPLEMENTARES | F75: SEDI - SERVIÇOS DIVERSOS | G75: H | H75: 0,6 | I75: 15,32 | J75: 9.19
A76: Insumo da Composição | C76: 00003104 | D76: SINAPI | E76: JOGO DE FERRAGENS CROMADAS P/ PORTA DE VIDRO TEMPERADO, UMA FOLHA COMPOSTA: DOBRADICA SUPERIOR (101) E INFERIOR (103),TRINCO (502), FECHADURA (520),CONTRA FECHADURA (531),COM CAPUCHINHO | F76: Material | G76: CJ | H76: 2,0 | I76: 331,68 | J76: 663.36
A77: Insumo da Composição | C77: 00010507 | D77: SINAPI | E77: VIDRO TEMPERADO INCOLOR E = 10 MM, SEM COLOCACAO | F77: Material | G77: m² | H77: 4,2 | I77: 194,15 | J77: 815.43
A78: Insumo da Composição | C78: 00011523 | D78: SINAPI | E78: PUXADOR CONCHA DE EMBUTIR, EM LATAO CROMADO, PARA PORTA / JANELA DE CORRER, LISO, SEM FURO PARA CHAVE, COM FUROS PARA FIXAR PARAFUSOS, *30 X 90* MM (LARGURA X ALTURA) | F78: Material | G78: UN | H78: 2,0 | I78: 12,26 | J78: 24.52
A79: Insumo da Composição | C79: 00011499 | D79: SINAPI | E79: MOLA HIDRAULICA DE PISO P/ VIDRO TEMPERADO 10MM | F79: Material | G79: UN | H79: 2,0 | I79: 989,78 | J79: 1979.56
B81: Item | C81: Código | D81: Banco | E81: Descrição | F81: Tipo | G81: Und | H81: Quant. | I81: Valor Unit | J81: Total
A82: Composição | B82: 4.2.7 | C82: SDC01028 | D82: Próprio | E82: FORNECIMENTO E INSTALAÇÃO DE PORTA METÁLICA, 80X2,10M, CHAPA LISA Nº18, INCLUSIVE FECHADURA TIPO TRINCO ROLETE E GUARNIÇÕES - CONFORME ESPECIFICAÇÃO TÉCNICA SEDUC | F82: ESQV - ESQUADRIAS/FERRAGENS/VIDROS | G82: UN | H82: 1 | I82: 1.125,63 | J82: 1.125,63
A83: Composição Auxiliar | C83: 88309 | D83: SINAPI | E83: PEDREIRO COM ENCARGOS COMPLEMENTARES | F83: SEDI - SERVIÇOS DIVERSOS | G83: H | H83: 3,36 | I83: 17,09 | J83: 57.42
A84: Composição Auxiliar | C84: 88316 | D84: SINAPI | E84: SERVENTE COM ENCARGOS COMPLEMENTARES | F84: SEDI - SERVIÇOS DIVERSOS | G84: H | H84: 3,36 | I84: 13,89 | J84: 46.67
A85: Composição Auxiliar | C85: 88629 | D85: SINAPI | E85: ARGAMASSA TRAÇO 1:3 (CIMENTO E AREIA MÉDIA), PREPARO MANUAL. AF_08/2014 | F85: SEDI - SERVIÇOS DIVERSOS | G85: m³ | H85: 0,08 | I85: 394,28 | J85: 31.54
A86: Insumo da Composição | C86: 00000193 | D86: Próprio | E86: PORTA DE AÇO CHAPA 18 0,80X2,10 SEM VISOR | F86: Material | G86: UN | H86: 1,0 | I86: 990,00 | J86: 990
B88: Item | C88: Código | D88: Banco | E88: Descrição | F88: Tipo | G88: Und | H88: Quant. | I88: Valor Unit | J88: Total
A89: Composição | B89: 4.2.9 | C89: SDC04024 | D89: Próprio | E89: FORNECIMENTO E INSTALAÇÃO DE PELE DE VIDRO | F89: ESQV - ESQUADRIAS/FERRAGENS/VIDROS | G89: m² | H89: 1 | I89: 816,10 | J89: 816,10
A90: Composição Auxiliar | C90: 88309 | D90: SINAPI | E90: PEDREIRO COM ENCARGOS COMPLEMENTARES | F90: SEDI - SERVIÇOS DIVERSOS | G90: H | H90: 2,2 | I90: 17,09 | J90: 37.59
A91: Composição Auxiliar | C91: 88316 | D91: SINAPI | E91: SERVENTE COM ENCARGOS COMPLEMENTARES | F91: SEDI - SERVIÇOS DIVERSOS | G91: H | H91: 2,2 | I91: 13,89 | J91: 30.55
A92: Composição Auxiliar | C92: 88315 | D92: SINAPI | E92: SERRALHEIRO COM ENCARGOS COMPLEMENTARES | F92: SEDI - SERVIÇOS DIVERSOS | G92: H | H92: 4,5 | I92: 16,31 | J92: 73.39
A93: Composição Auxiliar | C93: 88251 | D93: SINAPI | E93: AUXILIAR DE SERRALHEIRO COM ENCARGOS COMPLEMENTARES | F93: SEDI - SERVIÇOS DIVERSOS | G93: H | H93: 4,5 | I93: 13,42 | J93: 60.39
A94: Insumo da Composição | C94: 00034360 | D94: SINAPI | E94: PERFIL DE ALUMINIO ANODIZADO | F94: Material | G94: KG | H94: 1,0 | I94: 39,80 | J94: 39.8
A95: Insumo da Composição | C95: 00034391 | D95: SINAPI | E95: VIDRO COMUM LAMINADO LISO INCOLOR DUPLO, ESPESSURA TOTAL 8 MM (CADA CAMADA DE 4 MM) - COLOCADO | F95: Material | G95: m² | H95: 1,0 | I95: 574,38 | J95: 574.38
B97: Item | C97: Código | D97: Banco | E97: Descrição | F97: Tipo | G97: Und | H97: Quant. | I97: Valor Unit | J97: Total
A98: Composição | B98: 4.5.6 | C98: SDC01025 | D98: Próprio | E98: REVESTIMENTO CERÂMICO PARA PAREDES INTERNAS EM PASTILHAS DE PORCELANA 5 X 5 CM (PLACAS DE 30 X 30 CM), ALINHADAS A PRUMO, APLICADO EM PANOS COM VÃOS | F98: REVE - REVESTIMENTO E TRATAMENTO DE SUPERFÍCIES | G98: m² | H98: 1 | I98: 167,44 | J98: 167,44
A99: Composição Auxiliar | C99: 88256 | D99: SINAPI | E99: AZULEJISTA OU LADRILHISTA COM ENCARGOS COMPLEMENTARES | F99: SEDI - SERVIÇOS DIVERSOS | G99: H | H99: 1,29 | I99: 15,90 | J99: 20.51
A100: Composição Auxiliar | C100: 88316 | D100: SINAPI | E100: SERVENTE COM ENCARGOS COMPLEMENTARES | F100: SEDI - SERVIÇOS DIVERSOS | G100: H | H100: 0,65 | I100: 13,89 | J100: 9.02
A101: Insumo da Composição | C101: 00036881 | D101: SINAPI | E101: PASTILHA CERAMICA/PORCELANA, REVEST INT/EXT E PISCINA, CORES FRIAS *5 X 5* CM | F101: Material | G101: m² | H101: 1,16 | I101: 96,09 | J101: 111.46
A102: Insumo da Composição | C102: 00037596 | D102: SINAPI | E102: ARGAMASSA COLANTE TIPO ACIII E | F102: Material | G102: KG | H102: 7,69 | I102: 3,44 | J102: 26.45
B104: Item | C104: Código | D104: Banco | E104: Descrição | F104: Tipo | G104: Und | H104: Quant. | I104: Valor Unit | J104: Total
A105: Composição | B105: 4.6.2 | C105: SDC01096 | D105: Próprio | E105: SOLEIRA DE GRANITO BRANCO ITAÚNA, LARGURA 15CM, ESPESSURA 3CM, ASSENTADA SOBRE ARGAMASSA TRACO 1:4 (CIMENTO E AREIA) | F105: PISO - PISOS | G105: M | H105: 1 | I105: 78,90 | J105: 78,90
A106: Composição Auxiliar | C106: 88274 | D106: SINAPI | E106: MARMORISTA/GRANITEIRO COM ENCARGOS COMPLEMENTARES | F106: SEDI - SERVIÇOS DIVERSOS | G106: H | H106: 0,4 | I106: 16,30 | J106: 6.52
A107: Composição Auxiliar | C107: 88316 | D107: SINAPI | E107: SERVENTE COM ENCARGOS COMPLEMENTARES | F107: SEDI - SERVIÇOS DIVERSOS | G107: H | H107: 0,2 | I107: 13,89 | J107: 2.77
A108: Composição Auxiliar | C108: 87373 | D108: SINAPI | E108: ARGAMASSA TRAÇO 1:4 (CIMENTO E AREIA MÉDIA) PARA CONTRAPISO, PREPARO MANUAL. AF_06/2014 | F108: SEDI - SERVIÇOS DIVERSOS | G108: m³ | H108: 0,003 | I108: 454,65 | J108: 1.36
A109: Insumo da Composição | C109: 00000208 | D109: Próprio | E109: SOLEIRA DE GRANITO BRANCO ITAÚNAS | F109: Material | G109: m² | H109: 0,15 | I109: 455,00 | J109: 68.25
B111: Item | C111: Código | D111: Banco | E111: Descrição | F111: Tipo | G111: Und | H111: Quant. | I111: Valor Unit | J111: Total
A112: Composição | B112: 4.7.7 | C112: SDC01045 | D112: Próprio | E112: APLICAÇÃO E LIXAMENTO DE MASSA ACRILICA EM PAREDES, UMA DEMÃO | F112: PINT - PINTURAS | G112: m² | H112: 1 | I112: 12,88 | J112: 12,88
A113: Composição Auxiliar | C113: 88310 | D113: SINAPI | E113: PINTOR COM ENCARGOS COMPLEMENTARES | F113: SEDI - SERVIÇOS DIVERSOS | G113: H | H113: 0,35 | I113: 17,03 | J113: 5.96
...

Sheet MAPA DE COTAÇÃO
A1: MAPA DE COTAÇÃO
A2: 179 | B2: PERFIL AÇO DOBRADO, LAMINADO E CHAPARIA ASTM A 36 | C2: AÇOFER INDÚSTRIA E COMÉRCIO LTDA | D2: 03.989.217/0002-45 | E2: 36644374 | F2: HELTON | G2: 42795 | H2: 1KG | I2: 8.04 | J2: 4.88
C3: FERMAT | D3: 03.658.692/0004-09 | E3: 36344700 | F3: MARIELE | G3: 42795 | H3: 1KG | I3: 4.42
C4: PERFILADOS MULTIAÇO | D4: 02.019.067/0001-01 | E4: 36461605 | F4: DALVA | G4: 42795 | H4: 1KG | I4: 4.88
A5: 232 | B5: TINTA ACRILICO FOSCO PANTONE 308U | C5: Todimo | D5: 15.375.991/0003-26 | E5: 3617-5000 | F5: Sergio | G5: 42856 | H5: L | I5: 45.194375 | J5: 28.0625
C6: Bigolim | D6: 00.364.896/0001-98 | E6: 3615-9000 | F6: Nelson | G6: 42856 | H6: L | I6: 23.54875
C7: Centro de Pinturas | D7: 24.287.723/0001-81 | E7: 3057-2550 | F7: Nedo | G7: 42856 | H7: L | I7: 28.0625
A8: 157 | B8: JANELA ALUMINIO TIPO GUILHOTINA 1,5X2,0M | C8: Proloja Vidros | E8: 3624-9925 | F8: Diego | G8: 42826 | H8: Und | I8: 2310 | J8: 2310
C9: Alumat | D9: 10.572.049/0001-72 | E9: 3364-7998 | F9: Jamil | G9: 42826 | H9: Und | I9: 2650
C10: CNN Inox | D10: 16.868.802/0001-58 | E10: 3682-6920 | G10: 42826 | H10: Und | I10: 2268
A11: 195 | B11: PORTA DE AÇO CHAPA 18 0,90X2,10 SEM VISOR | C11: Serralheria Pinheiro | E11: 99227-5424 | F11: Geniva | G11: 42754 | H11: Und | I11: 1100 | J11: 1100
C12: Serralheria Jesus | E12: 99278-6775 | F12: Fernando | G12: 42736 | H12: Und | I12: 1050
C13: Centro Aço Metalúrgica | D13: 26.250.326/0001-60 | E13: 36532049 | F13: Valdeci | G13: 42736 | H13: Und | I13: 1100
A14: 193 | B14: PORTA DE AÇO CHAPA 18 0,80X2,10 SEM VISOR | C14: Serralheria Pinheiro | E14: 99227-5424 | F14: Geniva | G14: 42754 | H14: Und | I14: 990 | J14: 990
C15: Serralheria Jesus | E15: 99278-6775 | F15: Fernando | G15: 42736 | H15: Und | I15: 990
C16: Centro Aço Metalúrgica | D16: 26.250.326/0001-60 | E16: 36532049 | F16: Valdeci | G16: 42736 | H16: Und | I16: 1400
A17: 194 | B17: PORTA DE AÇO CHAPA 18 0,90X2,10 COM VISOR | C17: Serralheria Pinheiro | E17: 99227-5424 | F17: Geniva | G17: 42754 | H17: Und | I17: 1250 | J17: 1350
C18: Serralheria Jesus | E18: 99278-6775 | F18: Fernando | G18: 42736 | H18: Und | I18: 1350
C19: Centro Aço Metalúrgica | D19: 26.250.326/0001-60 | E19: 36532049 | F19: Valdeci | G19: 42736 | H19: Und | I19: 1400
A20: 218 | B20: TINTA ESMALTE SINTÉTICO, COR REF. PANTONE 3125U, GL 3,2L | C20: TODIMO CONSTRUÇÃO E ACABAMENTO | D20: 15.375.991/0001-64 | E20: 3617-5000 | F20: WILLIAM | G20: 42736 | H20: L | I20: 68.025 | J20: 45.3125
C21: CASA DAS TINTAS | D21: 26.538.876/0001-80 | E21: 36273030 | F21: DEJAMIL | G21: 42736 | H21: L | I21: 45.3125
C22: BIGOLIN ACABAMENTOS E ACESSORIOS | D22: 00.364.896/0001-98 | E22: 36159000 | F22: NELSON | G22: 42736 | H22: L | I22: 27.803125
A23: 216 | B23: TINTA ESMALTE SINTÉTICO, COR REF. PANTONE 2758U, GL 3,2L | C23: TODIMO CONSTRUÇÃO E ACABAMENTO | D23: 15.375.991/0001-64 | E23: 3617-5000 | F23: WILLIAM | G23: 42736 | H23: L | I23: 100.34063 | J23: 39.528125
C24: CASA DAS TINTAS | D24: 26.538.876/0001-80 | E24: 36273030 | F24: DEJAMIL | G24: 42736 | H24: L | I24: 30.759375
C25: BIGOLIN ACABAMENTOS E ACESSORIOS | D25: 00.364.896/0001-98 | E25: 36159000 | F25: NELSON | G25: 42736 | H25: L | I25: 39.528125
A26: 217 | B26: TINTA ESMALTE SINTÉTICO, COR REF. PANTONE 308U, GL 3,2L | C26: TODIMO CONSTRUÇÃO E ACABAMENTO | D26: 15.375.991/0001-64 | E26: 3617-5000 | F26: WILLIAM | G26: 42736 | H26: L | I26: 43.4125 | J26: 37.13125
C27: CASA DAS TINTAS | D27: 26.538.876/0001-80 | E27: 36273030 | F27: DEJAMIL | G27: 42736 | H27: L | I27: 37.13125
C28: BIGOLIN ACABAMENTOS E ACESSORIOS | D28: 00.364.896/0001-98 | E28: 36159000 | F28: NELSON | G28: 42736 | H28: L | I28: 34.690625
A29: 215 | B29: TINTA ACRILICA FOSCO, COR REF. PANTONE 3125u | C29: TODIMO CONSTRUÇÃO E ACABAMENTO | D29: 15.375.991/0001-64 | E29: 3617-5000 | F29: WILLIAM | G29: 42856 | H29: L | I29: 53.763125 | J29: 24.6875
C30: CENTRO DE PINTURA | D30: 24,287.723/0001-81 | E30: 36273030 | F30: GILBERTO | G30: 42856 | H30: L | I30: 24.6875
C31: BIGOLIN ACABAMENTOS E ACESSORIOS | D31: 00.364.896/0001-98 | E31: 36159000 | F31: NELSON | G31: 42856 | H31: L | I31: 23.54875
A32: 237 | B32: FORNECIMENTO E INSTALAÇÃO DE COBERTURA EM POLICARBONATO COMPACTO, 3MM, COR CINZA | C32: AMERICA PAINEIS - COMUNICAÇÃO VISUAL | E32: 33650588 | F32: ISRAEL | G32: 42795 | H32: M2 | I32: 450 | J32: 322.5
C33: SÓ TOLDOS | E33: 36861507 | F33: ERLEI | G33: 42795 | H33: M2 | I33: 195
G34: 42795
A35: 126 | B35: DIVISORIA EM GRANITO BRANCO ITAUNAS | C35: VILLA REAL MARMORES E GRANITO | D35: 17.134.646/0001-64 | E35: 3025-3116 | F35: FABIANE | G35: 42767 | H35: m2 | I35: 420 | J35: 455
C36: JBA DISTRIB. DE MARMORES E GRANITO LTDA. | D36: 05.739.751/0001-48 | E36: 3317-3300 | F36: MARCOS | G36: 42767 | H36: m2 | I36: 455
C37: REVESTIR ARTE EM PEDRAS | D37: 05.943.596/0001-87 | E37: 3359-3519 | G37: 42767 | H37: m2 | I37: 480
A38: 208 | B38: SOLEIRA DE GRANITO | C38: VILLA REAL MARMORES E GRANITO | D38: 17.134.646/0001-64 | E38: 3025-3116 | F38: FABIANE | G38: 42767 | H38: m2 | I38: 420 | J38: 455
C39: JBA DISTRIB. DE MARMORES E GRANITO LTDA. | D39: 05.739.751/0001-48 | E39: 3317-3300 | F39: MARCOS | G39: 42767 | H39: m2 | I39: 455
C40: REVESTIR ARTE EM PEDRAS | D40: 05.943.596/0001-87 | E40: 3359-3519 | G40: 42767 | H40: m2 | I40: 480
A41: 281 | B41: BRISE METÁLICO, COM PINTURA ESMALTE SINTÉTICO, DIMENSÃO DO METALON 40X30CM E CHAPA 18 | C41: SERRALHERIA PINHEIRO | E41: 9'9607-7626 | F41: GENIVALDO | G41: 42826 | H41: M2 | I41: 280 | J41: 280
C42: CENTRO AÇO | D42: 26.250.326/0001-60 | E42: 99986-5352 | G42: 42826 | H42: M2 | I42: 280
C43: CNN INOX | D43: 16.868.802/0001-58 | E43: 3682-6920 | G43: 42826 | H43: M2 | I43: 390
A44: 231 | B44: LAJE PRÉ-MOLDADA DE COBERTURA TRELIÇADA, C/ H=12CM, APOIO SIMPLES, INCLUSIVE EPS | C44: LAJE TRELIÇADA | E44: 3637-1329 | G44: 42795 | H44: M2 | I44: 40.68 | J44: 41.95
C45: SCM ENGENHARIA | D45: 08.580.820/0001-01 | E45: 3358-7742 | G45: 42826 | H45: M2 | I45: 42
C46: PREMOLDAR | E46: 3667-0990 | F46: CLENEO | G46: 42856 | H46: M2 | I46: 41.95
A47: 202 | B47: RESERVATÓRIO METÁLICO TIPO TAÇA 5.000 LT, COM COLUNA SECA | C47: AÇOBETT | D47: 02.465.581/0001-62 | E47: 3661-1135 | F47: CINTHIA | G47: 42767 | H47: Und | I47: 11700 | J47: 11300
C48: METALÚRGICA BRASFFER | E48: 98458-9142 | F48: ROSANA | G48: 42767 | H48: Und | I48: 5450
C49: SVG METALÚRGICA | D49: 10.357.293/0001-12 | E49: 3682-6168 | F49: IURI | G49: 42767 | H49: Und | I49: 11300
A50: 219 | B50: TORNEIRA DE PRESSÃO, MESA, PARA LAVATORIO PCD, COM ALAVANCA | C50: VERDÃO MATERIAIS PARA CONSTRUÇÃO | D50: 37.432.150/0001-84 | E50: 33141000 | F50: ODAIR | G50: 42802 | H50: Und | I50: 454.61 | J50: 496.02
C51: TODIMO MATERIAIS PARA CONSTRUÇÃO | D51: 03.507.415/0008-10 | E51: 36175000 | F51: MILCA | G51: 42802 | H51: Und | I51: 496.02
C52: MOINHO | D52: 07.790.953/0002-20 | E52: 3317-5000 | F52: IZABELA | G52: 42802 | H52: Und | I52: 498.85
A53: 235 | B53: RESERVATÓRIO METÁLICO TIPO TAÇA 10.000 LT, COM COLUNA SECA | C53: AÇOBETT | D53: 02.465.581/0001-62 | E53: 3661-1135 | F53: CINTHIA | G53: 42767 | H53: Und | I53: 16900 | J53: 16900
C54: METALÚRGICA BRASFFER | E54: 98458-9142 | F54: ROSANA | G54: 42767 | H54: Und | I54: 9450
C55: SVG METALÚRGICA | D55: 10.357.293/0001-12 | E55: 3682-6168 | F55: IURI | G55: 42767 | H55: Und | I55: 17250
A56: 229 | B56: VÁLVULA DE DESCARGA, BASE, 1 1/2" | C56: BEIRA RIO ACABAMENTOS | D56: 20.939.127/0001-88 | E56: 30283000 | F56: REGINALDO | G56: 42795 | H56: Und | I56: 69.9 | J56: 83.1
C57: VERDÃO MATERIAIS PARA CONSTRUÇÃO | D57: 37.432.150/0001-84 | E57: 33141000 | F57: ODAIR | G57: 42795 | H57: Und | I57: 93.94
C58: TODIMO MATERIAIS PARA CONSTRUÇÃO | D58: 03.507.415/0008-10 | E58: 36175000 | F58: ROBERTO | G58: 42795 | H58: Und | I58: 83.1
A59: 55 | B59: ACABAMENTO METAL CROMADO, PARA VALVULA DESCARGA, COM ALAVANCA PARA PCD | C59: MOINHO MATERIAIS PARA CONSTRUÇÃO | D59: 07.790.953/0002-20 | E59: 33175000 | F59: IZABELA | G59: 42795 | H59: Und | I59: 395.17 | J59: 455.89
C60: VERDÃO MATERIAIS PARA CONSTRUÇÃO | D60: 37.432.150/0001-84 | E60: 33141000 | F60: ODAIR | G60: 42795 | H60: Und | I60: 455.89
C61: TODIMO MATERIAIS PARA CONSTRUÇÃO | D61: 03.507.415/0008-10 | E61: 36175000 | F61: ROBERTO | G61: 42795 | H61: Und | I61: 488.74
A62: 242 | B62: BOMBA TRIFÁSICA 5CV - 220/380v | C62: AGROFERRAGENS LUIZÃO | D62: 24.774.390/0001-15 | E62: 34392016 | F62: SAMIRO | G62: 42736 | H62: Und | I62: 2195 | J62: 2430.82
C63: CASA DAS BOMBAS | D63: 30.089.924/0001-77 | E63: 36824971 | F63: JOSÉ | G63: 42767 | H63: Und | I63: 2493.76
C64: SUPERTEC PEÇAS E SERVIÇOS | D64: 01.184.625/0002-02 | E64: 36342266 | F64: RENAN | G64: 42767 | H64: Und | I64: 2430.82
A65: 70 | B65: BANCADA EM AÇO INOX 2,91X0,60M COM 02 CUBAS | C65: Altinox | D65: 25.232.385/0001-43 | E65: 3685-2027 | F65: Thaylon | G65: 42767 | H65: Und | I65: 4100 | J65: 4100
C66: Metal Calhas | D66: 04.812.606/0001-82 | E66: 3621-1109 | G66: 42767 | H66: Und | I66: 5370
C67: MAQ-INOXMET | D67: 05.273304/0001-46 | E67: 3682-6920 | G67: 42767 | H67: Und | I67: 3386
A68: 282 | B68: Bancada para cozinha em aço inox nas dimensões 3,20 x0,80m | C68: MAQ-INOXMET. IND. COM. | D68: 05.273.304/0001-46 | E68: 36824971 | F68: GILMAR | G68: 42767 | H68: Und | I68: 3700 | J68: 3900
C69: MULTIBAR INOX E REFRIGERAÇÃO | D69: 04.816.663/0001-30 | E69: 36824971 | F69: SIDNEY | G69: 42767 | H69: Und | I69: 4520
C70: ALTINOX MOVEIS E EQUIPAMENTOS | D70: 25.232.385/0001-43 | E70: 36852027 | F70: HAILTON | G70: 42767 | H70: Und | I70: 3900
A71: 283 | B71: Bancada para cozinha em aço inox nas dimensões 1,60 x0,60m | C71: MAQ-INOXMET. IND. COM. | D71: 05.273.304/0001-46 | E71: 36824971 | F71: GILMAR | G71: 42767 | H71: Und | I71: 2360 | J71: 2400
C72: MULTIBAR INOX E REFRIGERAÇÃO | D72: 04.816.663/0001-30 | E72: 36824971 | F72: SIDNEY | G72: 42767 | H72: Und | I72: 2650
C73: ALTINOX MOVEIS E EQUIPAMENTOS | D73: 25.232.385/0001-43 | E73: 36852027 | F73: HAILTON | G73: 42767 | H73: Und | I73: 2400
A74: 230 | B74: VENTILADOR DE TETO | C74: Pizzatto | D74: 04.181.115/0001-80 | E74: 3052-4200 | F74: Leandro | G74: 42829 | H74: Und | I74: 158.36 | J74: 158.36
C75: Prhimel | D75: 04.770.552/0001-30 | E75: 3388-3800 | F75: Jullian | G75: 42829 | H75: Und | I75: 165.76
C76: Castelli Mat Construção Ltda | D76: 11.000.062/0001-10 | E76: 36143509 | F76: Wesley | G76: 42829 | H76: Und | I76: 125.84
A77: 138 | B77: EXAUSTOR AXIAL DE PAREDE DIAMETRO 30CM | C77: Pizzatto | D77: 04.181.115/0001-80 | E77: 3052-4200 | F77: Leandro | G77: 42829 | H77: Und | I77: 188.24 | J77: 188.24
C78: Prhimel | D78: 04.770.552/0001-30 | E78: 3388-3800 | F78: Jullian | G78: 42829 | H78: Und | I78: 252.87
C79: Castelli Mat Construção Ltda | D79: 11.000.062/0001-10 | E79: 36143509 | F79: Wesley | G79: 42829 | H79: Und | I79: 178
A80: 77 | B80: BARRA NEUTRO 12 FUROS AZUL | C80: SELCO COMERCIO DE MATERIAIS ELÉTRICOS LTDA | D80: 04.181.115/0001-80 | E80: 3027-9000 | F80: CELSO | G80: 42856 | H80: Und | I80: 42.33 | J80: 36.33
C81: TO LIGADO MATERIAIS ELETRICOS | D81: 07.237.858/0001-13 | E81: 3025-4300 | F81: BEZERRA | G81: 42856 | H81: Und | I81: 11.54
C82: ELÉTRICA UNIÃO | D82: 25.211.602/0001-19 | E82: 3632-9300 | F82: WENDER | G82: 42887 | H82: Und | I82: 36.33
A83: 78 | B83: BARRA NEUTRO 12 FUROS VERDE | C83: SELCO COMERCIO DE MATERIAIS ELÉTRICOS LTDA | D83: 04.181.115/0001-80 | E83: 3027-9000 | F83: CELSO | G83: 42856 | H83: Und | I83: 42.33 | J83: 36.4
C84: TO LIGADO MATERIAIS ELETRICOS | D84: 07.237.858/0001-13 | E84: 3025-4300 | F84: BEZERRA | G84: 42856 | H84: Und | I84: 11.54
C85: ELÉTRICA UNIÃO | D85: 25.211.602/0001-19 | E85: 3632-9300 | F85: WENDER | G85: 42887 | H85: Und | I85: 36.4
A86: 462 | B86: QUADRO DE COMANDO, EM CAHAPA DE AÇO, 1200X800X250MM | C86: SELCO COMERCIO DE MATERIAIS ELÉTRICOS LTDA | D86: 04.181.115/0001-80 | E86: 3027-9000 | F86: CELSO | G86: 42856 | H86: Und | I86: 662.67 | J86: =MEDIAN(I86:I88) -> 662.67
A87: 462 | B87: QUADRO DE COMANDO, EM CAHAPA DE AÇO, 1200X800X250MM | C87: SELCO COMERCIO DE MATERIAIS ELÉTRICOS LTDA | D87: 04.181.115/0001-80 | E87: 3027-9000 | F87: CELSO | G87: 42856 | H87: Und | I87: 662.67 | J87: =MEDIAN(I87:I89) -> 662.67
A88: 462 | B88: QUADRO DE COMANDO, EM CAHAPA DE AÇO, 1200X800X250MM | C88: SELCO COMERCIO DE MATERIAIS ELÉTRICOS LTDA | D88: 04.181.115/0001-80 | E88: 3027-9000 | F88: CELSO | G88: 42856 | H88: Und | I88: 662.67 | J88: =MEDIAN(I88:I90) -> 13.29
A89: 102 | B89: CAIXA DE INSPEÇÃO TIPO SOLO EM PVC COM DIAMETRO 300MM | C89: Hidro eletrica Moura | D89: 08.954.892/0001-71 | E89: 3321-0009 | F89: Fernando | G89: 42758 | H89: Und | I89: 13.29 | J89: 13.29
C90: Petel | D90: 22.760.075/0001-30 | E90: 3634-1717 | F90: Paulo | G90: 42758 | H90: Und | I90: 11.36
C91: Pizzatto | D91: 04.181.115/0001-80 | E91: 3052-4200 | F91: Leandro | G91: 42758 | H91: Und | I91: 19.06
A92: 264 | B92: TAMPA CAIXA DE INSPEÇÃO COM DIAMETRO 300MM | C92: Hidro eletrica Moura | D92: 08.954.892/0001-71 | E92: 3321-0009 | F92: Fernando | G92: 42758 | H92: Und | I92: 27.33 | J92: 27.33
C93: Petel | D93: 22.760.075/0001-30 | E93: 3634-1717 | F93: Paulo | G93: 42758 | H93: Und | I93: 21.03
C94: Pizzatto | D94: 04.181.115/0001-80 | E94: 3052-4200 | F94: Leandro | G94: 42758 | H94: Und | I94: 31.55
A95: 101 | B95: CAIXA DE INSPEÇÃO SUSPENSA | C95: Hidro eletrica Moura | D95: 08.954.892/0001-71 | E95: 3321-0009 | F95: Fernando | G95: 42758 | H95: Und | I95: 17.99 | J95: 14.43
C96: Petel | D96: 22.760.075/0001-30 | E96: 3634-1717 | F96: Paulo | G96: 42758 | H96: Und | I96: 13.03
C97: Pizzatto | D97: 04.181.115/0001-80 | E97: 3052-4200 | F97: Leandro | G97: 42758 | H97: Und | I97: 14.43
A98: 112 | B98: CARTUCHO PARA SOLDA 150MM | C98: Hidro eletrica Moura | D98: 08.954.892/0001-71 | E98: 3321-0009 | F98: Fernando | G98: 42758 | H98: Und | I98: 11.01 | J98: 8.15
C99: Petel | D99: 22.760.075/0001-30 | E99: 3634-1717 | F99: Paulo | G99: 42758 | H99: Und | I99: 6.68
C100: Pizzatto | D100: 04.181.115/0001-80 | E100: 3052-4200 | F100: Leandro | G100: 42758 | H100: Und | I100: 8.15
...

Sheet ENCARGOS SOCIAIS
A1: ESCALA SALARIAL DE MÃO-DE-OBRA
A2: CÓDIGO | B2: DESCRIÇÃO | C2: COM DESONERAÇÃO
C3: HORISTA (%) | D3: MENSALISTA (%)
A4: GRUPO A
A5: A1 | B5: INSS | C5: 0 | D5: 0
A6: A2 | B6: SESI | C6: 0.015 | D6: 0.015
A7: A3 | B7: SENAI | C7: 0.01 | D7: 0.01
A8: A4 | B8: INCRA | C8: 0.002 | D8: 0.002
A9: A5 | B9: SEBRAE | C9: 0.006 | D9: 0.006
A10: A6 | B10: Salario Educação | C10: 0.025 | D10: 0.025
A11: A7 | B11: Seguro Contra Acidentes de Trabalho | C11: 0.03 | D11: 0.03
A12: A8 | B12: FGTS | C12: 0.08 | D12: 0.08
A13: A9 | B13: SECONCI | C13: 0 | D13: 0
A14: A | B14: Total | C14: 0.168 | D14: 0.168
A15: GRUPO B
A16: B1 | B16: Repouso Semanal Remunerado | C16: 0.1778 | D16: Não incide
A17: B2 | B17: Feriados | C17: 0.0367 | D17: Não incide
A18: B3 | B18: Auxilio - Enfermidade | C18: 0.0092 | D18: 0.0069
A19: B4 | B19: 13º Salario | C19: 0.1107 | D19: 0.0833
A20: B5 | B20: Licença Paternidade | C20: 0.0008 | D20: 0.0006
A21: B6 | B21: Faltas Justificadas | C21: 0.0074 | D21: 0.0056
A22: B7 | B22: Dias de chuvas | C22: 0.011 | D22: Não incide
A23: B8 | B23: Auxílio Acidente de Trabalho | C23: 0.0013 | D23: 0.0009
A24: B9 | B24: Férias Gozadas | C24: 0.1376 | D24: 0.1036
A25: B10 | B25: Salário Maternidade | C25: 0.0003 | D25: 0.0002
A26: B | B26: Total | C26: 0.4928 | D26: 0.2011
A27: GRUPO C
A28: C1 | B28: Aviso Prévio Indenizado | C28: 0.0828 | D28: 0.0623
A29: C2 | B29: Aviso Prévio Trabalhado | C29: 0.002 | D29: 0.0015
A30: C3 | B30: Férias Indenizadas | C30: 0.0093 | D30: 0.007
A31: C4 | B31: Depósito Rescisão Sem Justa Causa | C31: 0.0484 | D31: 0.0365
A32: C5 | B32: Indenização Adicional | C32: 0.007 | D32: 0.0052
A33: C | B33: Total | C33: 0.1495 | D33: 0.1125
A34: GRUPO D
A35: D1 | B35: Reincidência de Grupo A Sobre Grupo B | C35: 0.0828 | D35: 0.0338
A36: D2 | B36: Reincidência de Grupo A Sobre Aviso Prévio Trabalhado e Reincidência do FGTS Sobre Aviso Prévio Indenizado | C36: 0.007 | D36: 0.0052
A37: D | B37: Total | C37: 0.0898 | D37: 0.039
A38: TOTAL (A+B+C+D) | C38: 0.9001 | D38: 0.5206

Sheet BDI - Aliquota ISSQN - 5,0%
A1: COMPOSIÇÃO DA PARCELA DE BDI (BONIFICAÇÕES E DESPESA INDIRETAS)
A2: ITENS RELATIVOS À ADMINISTRAÇÃO CENTRAL | C2: % SOBRE PV
A3: AC - Administração Central | B3: 4,00% de PV | C3: 0.03
A4: DF - Custos Financeiros | B4: CF do (PV-Lucro Operacional) | C4: 0.01
A5: C - Riscos | B5: 1,25% de PV | C5: 0.0097
A6: S - Seguros e Garantias Contratuais | B6: 2,50% a.a. sobre 5,00% do PV | C6: 0.008
A7: G - Garantias | C7: 0.002
B8: Sub-total | C8: =SUM(C3:C7) -> 0.0597
A10: LUCRO | C10: % SOBRE PV
A11: E - Lucro Operacional | B11: 7,50% de PV | C11: 0.074
B12: Sub-total | C12: =SUM(C11) -> 0.074
A14: BDI SEM IMPOSTOS | C14: 0.1413
A15: TAXAS E IMPOSTOS | C15: % SOBRE PV
A16: F - PIS | B16: 0,65% de PV | C16: 0.0065
A17: G - COFINS | B17: 3,00% de PV | C17: 0.03
A18: H - ISSQN | B18: 0,80% de PV | C18: 0.02
A19: Contribuição Previdenciária - Lei N° 13.161/15 | C19: 0.045
B20: Sub-total | C20: =SUM(C16:C19) -> 0.1015
A22: BDI COM IMPOSTOS | C22: =ROUND((((1+C3+C6+C5+C7)*(1+C4)*(1+C11)/((1-C20)))-1),4) -> 0.2673
A23: Custo Direto - CD | C23: 0.8022
A24: BDI Final com impostos | C24: 1
A25: Preço de Venda - PV | C25: =C22 -> 0.2673
A28: Legenda:
A29: PV = Preço de Venda | B29: IA = Inflação Acumulada (período de 12 meses - IPCA) = 4,84%
A30: CD = Custo Direto | B30: CF = ((1 + Selic)¹/¹² x ((1+IA)¹/¹² -1)
A31: Selic Fev/2014 = 10,52% | B31: Seguros e Garantias (2,5% a.a. sobre 5% do PV) - Prazo médio de 1 ano
B32: Lucro Operacional conforme Portaria SINFRA n°. 343/05 de 07 de junho de 2005.
A34: Localidade / alíquota ISSQN | B34: Para Mão de Obra
A35: Alíquota de VARZEA GRANDE = 5,0% | B35: 40% sobre alíquota

Sheet CRONOGRAMA
A1: OBRA | B1: ='PLANILHA ORÇAMENTARIA'!B1:H1 -> Construção de Escola Padrão SEDUC/MT, constituída de: 16 salas de aula, sala de articulação, biblioteca e laboratórios de física, informática e química; Espaços Administrativos – diretoria, secretaria, coordenadoria, sala de professores, arquivo, copa, e sanitários; Refeitório – Cozinha com área de higienização, cocção, depósito de alimentos, depósito de utensílios, sanitários e serviços; Quadra Poliesportiva com vestiários feminino e masculino incluindo PCD F/M; instalações elétricas de baixa tensão, posto de transformação, SPDA , instalações hidrossanitárias e instalações combate a incêndio e pânico, observando as normas vigentes de acessibilidade e segurança, na EE SÃO SIMÃO – Localizada no município de Várzea Grande/MT.
A2: Município | B2: ='PLANILHA ORÇAMENTARIA'!B3 -> Várzea Grande/MT | Q2: BDI: | R2: ='PLANILHA ORÇAMENTARIA'!E3 -> 0.2673 | T2: Referência | U2: ='PLANILHA ORÇAMENTARIA'!H3 -> 07/2017 SINAPI 07/2017 SEDUC
A3: Endereço | B3: ='PLANILHA ORÇAMENTARIA'!B4 -> Rua Dep. Oscar Soares, Quadra 68, S/ nº, Loteamento São Simão - Varzea Grande/ MT | Q3: PERÍODO: | R3: 300 Dias
A5: CRONOGRAMA FÍSICO FINANCEIRO
A6: ITEM | B6: DESCRIÇÃO | C6: VALOR | D6: % | E6: MÊS 01 | G6: MÊS 02 | I6: MÊS 03 | K6: MÊS 04 | M6: MÊS 05 | O6: MÊS 06 | Q6: MÊS 07 | S6: MÊS 08 | U6: MÊS 09 | W6: MÊS 10
E7: VALOR (R$) | F7: % | G7: VALOR (R$) | H7: % | I7: VALOR (R$) | J7: % | K7: VALOR (R$) | L7: % | M7: VALOR (R$) | N7: % | O7: VALOR (R$) | P7: % | Q7: VALOR (R$) | R7: % | S7: VALOR (R$) | T7: % | U7: VALOR (R$) | V7: % | W7: VALOR (R$) | X7: %
A8: =RESUMO!A12 -> 1.0 | B8: =RESUMO!B12 -> ADMINISTRAÇÃO DE OBRA | C8: =RESUMO!D12 -> 351352.46 | D8: =C8/$C$17 -> 0.041133909 | E8: =$C$8*10% -> 35135.246 | F8: =E8/$C$8 -> 0.1 | G8: =$C$8*10% -> 35135.246 | H8: =G8/$C$8 -> 0.1 | I8: =$C$8*10% -> 35135.246 | J8: =I8/$C$8 -> 0.1 | K8: =$C$8*10% -> 35135.246 | L8: =K8/$C$8 -> 0.1 | M8: =$C$8*10% -> 35135.246 | N8: =M8/$C$8 -> 0.1 | O8: =$C$8*10% -> 35135.246 | P8: =O8/$C$8 -> 0.1 | Q8: =$C$8*10% -> 35135.246 | R8: =Q8/$C$8 -> 0.1 | S8: =$C$8*10% -> 35135.246 | T8: =S8/$C$8 -> 0.1 | U8: =$C$8*10% -> 35135.246 | V8: =U8/$C$8 -> 0.1 | W8: =$C$8*10% -> 35135.246 | X8: =W8/$C$8 -> 0.1
A9: =RESUMO!A13 -> 2.0 | B9: =RESUMO!B13 -> SERVIÇOS TÉCNICOS | C9: =RESUMO!D13 -> 5885.89 | D9: =C9/$C$17 -> 0.00068907917 | W9: =C9/1 -> 5885.89 | X9: =W9/$C$9 -> 1
A10: ='PLANILHA ORÇAMENTARIA'!A15 -> 3.0 | B10: =RESUMO!B14 -> SERVIÇOS PRELIMINARES | C10: ='PLANILHA ORÇAMENTARIA'!H28 -> 137175.6 | D10: =C10/$C$17 -> 0.016059568 | E10: =$C$10*0.5 -> 68587.8 | F10: =E10/$C$10 -> 0.5 | G10: =$C$10*0.3 -> 41152.68 | H10: =G10/$C$10 -> 0.3 | I10: =$C$10*0.2 -> 27435.12 | J10: =I10/$C$10 -> 0.2
A11: =RESUMO!A15 -> 4.0 | B11: =RESUMO!B15 -> ARQUITETÔNICO | C11: =RESUMO!D15 -> 3764310.4 | D11: =C11/$C$17 -> 0.44069935 | G11: =$C$11*0.1 -> 376431.04 | H11: =G11/$C$11 -> 0.1 | I11: =$C$11*0.1 -> 376431.04 | J11: =I11/$C$11 -> 0.1 | K11: =$C$11*0.2 -> 752862.07 | L11: =K11/$C$11 -> 0.2 | M11: =$C$11*0.2 -> 752862.07 | N11: =M11/$C$11 -> 0.2 | O11: =$C$11*0.15 -> 564646.56 | P11: =O11/$C$11 -> 0.15 | Q11: =$C$11*0.1 -> 376431.04 | R11: =Q11/$C$11 -> 0.1 | S11: =$C$11*0.08 -> 301144.83 | T11: =S11/$C$11 -> 0.08 | U11: =$C$11*0.04 -> 150572.41 | V11: =U11/$C$11 -> 0.04 | W11: =$C$11*0.03 -> 112929.31 | X11: =W11/$C$11 -> 0.03
A12: =RESUMO!A16 -> 5.0 | B12: =RESUMO!B16 -> ESTRUTURAL BLOCOS ESCOLA | C12: =RESUMO!D16 -> 3337416.4 | D12: =C12/$C$17 -> 0.39072156 | E12: =$C$12*5% -> 166870.82 | F12: =E12/$C$12 -> 0.05 | G12: =$C$12*10% -> 333741.64 | H12: =G12/$C$12 -> 0.1 | I12: =$C$12*15% -> 500612.46 | J12: =I12/$C$12 -> 0.15 | K12: =$C$12*20% -> 667483.28 | L12: =K12/$C$12 -> 0.2 | M12: =$C$12*15% -> 500612.46 | N12: =M12/$C$12 -> 0.15 | O12: =$C$12*15% -> 500612.46 | P12: =O12/$C$12 -> 0.15 | Q12: =$C$12*8% -> 266993.31 | R12: =Q12/$C$12 -> 0.08 | S12: =$C$12*7% -> 233619.15 | T12: =S12/$C$12 -> 0.07 | U12: =$C$12*5% -> 166870.82 | V12: =U12/$C$12 -> 0.05
A13: =RESUMO!A17 -> 6.0 | B13: =RESUMO!B17 -> INSTALAÇÕES HIDROSSANITÁRIAS | C13: =RESUMO!D17 -> 318589.51 | D13: =C13/$C$17 -> 0.03729825 | I13: =$C$13*15% -> 47788.427 | J13: =I13/$C$13 -> 0.15 | K13: =$C$13*10% -> 31858.951 | L13: =K13/$C$13 -> 0.1 | M13: =$C$13*20% -> 63717.902 | N13: =M13/$C$13 -> 0.2 | O13: =$C$13*15% -> 47788.427 | P13: =O13/$C$13 -> 0.15 | Q13: =$C$13*15% -> 47788.427 | R13: =Q13/$C$13 -> 0.15 | S13: =$C$13*10% -> 31858.951 | T13: =S13/$C$13 -> 0.1 | U13: =$C$13*8% -> 25487.161 | V13: =U13/$C$13 -> 0.08 | W13: =$C$13*7% -> 22301.266 | X13: =W13/$C$13 -> 0.07
A14: =RESUMO!A18 -> 7.0 | B14: =RESUMO!B18 -> INSTALAÇÃO ELÉTRICA | C14: =RESUMO!D18 -> 428812.52 | D14: =C14/$C$17 -> 0.050202395 | K14: =$C$14*15% -> 64321.878 | L14: =K14/$C$14 -> 0.15 | M14: =$C$14*10% -> 42881.252 | N14: =M14/$C$14 -> 0.1 | O14: =$C$14*15% -> 64321.878 | P14: =O14/$C$14 -> 0.15 | Q14: =$C$14*20% -> 85762.504 | R14: =Q14/$C$14 -> 0.2 | S14: =$C$14*20% -> 85762.504 | T14: =S14/$C$14 -> 0.2 | U14: =$C$14*10% -> 42881.252 | V14: =U14/$C$14 -> 0.1 | W14: =$C$14*10% -> 42881.252 | X14: =W14/$C$14 -> 0.1
A15: =RESUMO!A19 -> 8.0 | B15: =RESUMO!B19 -> SISTEMAS DE PROTEÇÃO CONTRA DESCARGAS ATMOSFÉRICAS | C15: =RESUMO!D19 -> 96862.13 | D15: =C15/$C$17 -> 0.011339946 | Q15: =$C$15*50% -> 48431.065 | R15: =Q15/$C$15 -> 0.5 | S15: =$C$15*50% -> 48431.065 | T15: =S15/$C$15 -> 0.5
A16: =RESUMO!A20 -> 9.0 | B16: =RESUMO!B20 -> INSTALAÇÕES DE SEGURANÇA E PREVENÇÃO A COMBATE A INCÊNDIO E PÂNICO | C16: =RESUMO!D20 -> 101269.64 | D16: =C16/$C$17 -> 0.011855947 | O16: =$C$16*20% -> 20253.928 | P16: =O16/$C$16 -> 0.2 | Q16: =$C$16*30% -> 30380.892 | R16: =Q16/$C$16 -> 0.3 | S16: =$C$16*30% -> 30380.892 | T16: =S16/$C$16 -> 0.3 | U16: =$C$16*20% -> 20253.928 | V16: =U16/$C$16 -> 0.2
B17: TOTAL | C17: =SUM(C8:C16) -> 8541674.5 | D17: =SUM(D8:D16) -> 1 | E17: =SUM(E8:E16) -> 270593.87 | F17: =E17/$C$17 -> 0.031679253 | G17: =SUM(G8:G16) -> 786460.6 | H17: =G17/$C$17 -> 0.092073352 | I17: =SUM(I8:I16) -> 987402.29 | J17: =I17/$C$17 -> 0.11559821 | K17: =SUM(K8:K16) -> 1551661.4 | L17: =K17/$C$17 -> 0.18165776 | M17: =SUM(M8:M16) -> 1395208.9 | N17: =M17/$C$17 -> 0.16334138 | O17: =SUM(O8:O16) -> 1232758.5 | P17: =O17/$C$17 -> 0.14432281 | Q17: =SUM(Q8:Q16) -> 890922.48 | R17: =Q17/$C$17 -> 0.10430302 | S17: =SUM(S8:S16) -> 766332.64 | T17: =S17/$C$17 -> 0.089716909 | U17: =SUM(U8:U16) -> 441200.82 | V17: =U17/$C$17 -> 0.051652732 | W17: =SUM(W8:W16) -> 219132.96 | X17: =W17/$C$17 -> 0.025654567

Sheet Quant Bloco Salas + Urbanização
A1: SERVIÇOS TÉCNICOS - PROJETOS | F1: Plan. Orçamentária
A2: SERVIÇOS PRELIMINARES
A3: Item | B3: Serviços | C3: Memória Cálculo | D3: Un | E3: Quant.
A4: 1.1 | B4: Administração de Obra | D4: mês | E4: 10 | F4: =ROUND(E4,2) -> 10 | G4: ok
A5: Item | B5: Serviços | C5: Memória Cálculo | D5: Un | E5: Quant.
A6: 2.1 | B6: Fornecimento e instalação de placa de obra, padrão Governo de Mato Grosso, tamanho 5,00x2,50m | C6: Placa padrão SEDUC | D6: Und | E6: 1 | F6: =ROUND(E6,2) -> 1 | G6: ok
A7: 2.2 | B7: Placa de nome dos profissionais | C7: Placa padrão SEDUC | D7: Und | E7: 1 | F7: =ROUND(E7,2) -> 1 | G7: ok
A8: 2.3 | B8: Limpeza mecanizada de terreno com remoção de camada vegetal, utilizando motoniveladora | C8: Área interna do terreno | D8: m2 | E8: 9569 | F8: =ROUND(E8,2) -> 9569 | G8: ok
A9: 2.4 | B9: Locação de obra, execução de gabarito | C9: Área construida do bloco educacional = 2073,02m² Calçadas em volta do bloco educacional = 276,12m² Abrigo de GLP laboratórios = 1,52m² Áreas pavimentadas (lastro 8cm, 10cm) = 323,69m² Área da Calçada Externa = 873,76m² Escada de acesso ao estacionamento = 55,55m² Área piso em bloco intertravado = 1.306,21m² | D9: m2 | E9: =2073.02+276.26+1.52+323.69+873.76+55.55+1306.21 -> 4910.01 | F9: =ROUND(E9,2) -> 4910.01 | G9: =E9+'[4]Quant Const. Refeitorio'!E4+'[4]Quant Vestiários + Quadra'!E4 -> 7165.05
A10: 2.5 | B10: Execução de escritório em canteiro de obra em chapa de madeira compensada, não incluso mobiliário e equipamentos. af_02/2016 | C10: Barracão modelo Seduc | D10: m2 | E10: 20.3 | F10: =ROUND(E10,2) -> 20.3 | G10: ok
A11: 2.6 | B11: Execução de almoxarifado em canteiro de obra em chapa de madeira compensada, incluso prateleiras. af_02/2016 | C11: Barracão modelo Seduc | D11: m2 | E11: 21.8 | F11: =ROUND(E11,2) -> 21.8 | G11: ok
A12: 2.7 | B12: Execução de refeitório em canteiro de obra em chapa de madeira compensada, não incluso mobiliário e equipamentos. af_02/2016 | C12: Barracão modelo Seduc | D12: m2 | E12: 14.5 | F12: =ROUND(E12,2) -> 14.5 | G12: ok
A13: 2.8 | B13: Execução de sanitário e vestiário em canteiro de obra em chapa de madeira compensada, não incluso mobiliário. af_02/2016 | C13: Barracão modelo Seduc | D13: m2 | E13: 11.6 | F13: =ROUND(E13,2) -> 11.6 | G13: ok
A14: 2.9 | B14: Tapume em chapa metálica, trapezoidal esp. 0,43mm com estrutura em madeira | C14: Perimetro*2,2 altura tapume (4 lados do terreno) 430,85 X 2,2m altura tapume | D14: m2 | E14: =430.85*2.2 -> 947.87 | F14: =ROUND(E14,2) -> 947.87 | G14: ok
A15: 2.10 | B15: Carga e transporte em caçamba bota-fora com capacidade de 6m³. inclusive taxa de destinação final | C15: Estimado 4 caçamba para retirada de camada vegetal e lixos existentes no terreno | D15: m3 | E15: 24 | F15: =ROUND(E15,2) -> 24 | G15: ok
A16: 2.11 | B16: Ligação de Água | D16: Und | E16: 1 | F16: =ROUND(E16,2) -> 1 | G16: ok
A17: 2.12 | B17: Ligação Elétrica | D17: Und | E17: 1 | F17: =ROUND(E17,2) -> 1 | G17: ok
A18: COBERTURA
A19: Item | B19: Serviços | C19: Memória Cálculo | D19: Un | E19: Quant.
A20: 3.1 | B20: Telha Isotérmica | C20: Área de cobertura secretária = 34,50m² | D20: m2 | E20: 34.5 | F20: =ROUND(E20,2) -> 34.5 | G20: ok
A21: 3.2 | B21: Telha de aço | C21: Área de cobertura dos blocos de sala de aula bloco 01 - 24,74x46,20= 1. 142,98 bloco 02- 24,74*52,20=1.291,42m² | D21: m2 | E21: =1142.98+1291.42 -> 2434.4 | F21: =ROUND(E21,2) -> 2434.4 | G21: ok
A22: 3.3 | B22: Calha | C22: Comprimento de calha da área de cobertura da secretária | D22: m | E22: 11.6 | F22: =ROUND(E22,2) -> 11.6 | G22: ok
A23: 3.4 | B23: Pingadeira metálica | C23: Comprimento do rufo da área de cobertura da secretária | D23: m | E23: =25+16.93 -> 41.93 | F23: =ROUND(E23,2) -> 41.93 | G23: ok
A24: ESQUADRIAS
A25: Item | B25: Serviços | C25: Memória Cálculo | D25: Un | E25: Quant.
A26: 4.1 | B26: P1 - Porta de Alumínio - 1 Folha - 0,80 x 1,70 | C26: Banheiros 8un | D26: m² | E26: =8*0.8*1.7 -> 10.88 | F26: =ROUND(E26,2) -> 10.88 | G26: ok
A27: 4.2 | B27: P2 - Porta Metálica - 1 Folha - 0,90 x 2,10 | C27: Sala dos Professores+ Sala de Reunião+ Coordenadoria+ Diretoria 4un | D27: m² | E27: =4*0.9*2.1 -> 7.56 | F27: =ROUND(E27,2) -> 7.56 | G27: ok
A28: 4.3 | B28: P3 - Porta Metálica - 1 Folha c/ visor - 0,90 x 2,10 | C28: Biblioteca + Sala de Aula + Lab. De Física + Lab. De Química + Sala de Informática + Sala Articulada 21un | D28: m² | E28: =21*0.9*2.1 -> 39.69 | F28: =ROUND(E28,2) -> 39.69 | G28: ok
A29: 4.4 | B29: P4 - Porta Metálica c/ barra PCD - 1 Folha - 0,90 x 2,10 | C29: Banheiros PCD | D29: m² | E29: =2*0.9*2.1 -> 3.78 | F29: =ROUND(E29,2) -> 3.78 | G29: ok
A30: 4.5 | B30: P5 - Porta de Vidro - 2 Folhas - 1,0 x 2,10 | C30: Secretaria | D30: m² | E30: =1*2.1 -> 2.1 | F30: =ROUND(E30,2) -> 2.1 | G30: ok
A31: 4.6 | B31: P6 - Porta de Vidro - 1 Folha - 1,0 x 2,10 | C31: Biblioteca | D31: m² | E31: =1*2.1 -> 2.1 | F31: =ROUND(E31,2) -> 2.1 | G31: ok
A32: 4.7 | B32: P7 - Porta metálica 1 Folha - 0,80 x 2,10 | C32: Arquivo, copa, lav. Profs, banheiro de alunos | D32: m² | E32: =6*0.8*2.1 -> 10.08 | F32: =ROUND(E32,2) -> 10.08 | G32: ok
A33: 4.8 | B33: J1 - Janela MAXIM-AR - 3 folhas - 3,0 x 0,60 x 1,95 | C33: Bilioteca + Sala de Aula + Lab. De Física + Lab. De Química + Sala de Reunião + Cordenadoria + Sala de Informática + Sala Articulada | D33: m² | E33: =26*3*0.6 -> 46.8 | F33: =ROUND(E33,2) -> 46.8 | G33: ok
A34: 4.9 | B34: J2 - Janela MAXIM-AR - 3 folhas - 3,0 x 0,80 x 1,95 | C34: Banheiros | D34: m² | E34: =2*3*0.6 -> 3.6 | F34: =ROUND(E34,2) -> 3.6 | G34: ok
A35: 4.10 | B35: J3 - MAXM- AR 1 folha ( 1,20x2,40x0,15) | C35: Sala de Aula + Lab. De Física + Lab. De Química + Sala dos Professores + Sala de Reunião + Diretoria + Sala de Informática + Sala Articulada | D35: m² | E35: =46*1.2*2.4 -> 132.48 | F35: =ROUND(E35,2) -> 132.48 | G35: ok
A36: 4.11 | B36: J5 - MAXIM-AR 1 folhas 0,4x0,4 peitoril 1,95 | C36: Banheiros PCD | D36: m² | E36: =4*0.4*0.4 -> 0.64 | F36: =ROUND(E36,2) -> 0.64 | G36: ok
A37: 4.12 | B37: J8 - MAXIM-AR 3 folhas 2,0x0,8 peitoril 1,95 | C37: Sala dos Professores | D37: m² | E37: =2*0.8*1 -> 1.6 | F37: =ROUND(E37,2) -> 1.6 | G37: ok
A38: 4.13 | B38: Pele de vidro secretaria | C38: Pele de vidro da secretaria com a P5 | D38: m² | E38: 37.42 | F38: =ROUND(E38,2) -> 37.42 | G38: ok
A39: 4.14 | B39: Pele de vidro Biblioteca | C39: Pele de vidro na biblioteca com a P6 | D39: m² | E39: 19.25 | F39: =ROUND(E39,2) -> 19.25 | G39: ok
A40: 4.15 | B40: Pintura em esquadrias metálicas | C40: Área de pintura = área da porta*qtd de portas*3 P2 = (1,89*4) P3 = (1,89*21) P4 = (1,89*2) P7=(1,68*6) | D40: m2 | E40: =((1.89*4)+(1.89*21)+(1.89*2)+(1.68*6))*3 -> 183.33 | F40: =ROUND(E40,2) -> 183.33 | G40: ok
A41: VERGA E CONTRA VERGA | G41: ok
A42: Item | B42: Serviços | C42: Memória Cálculo | D42: Un | E42: Quant. | G42: ok
A43: 5.1 | B43: VERGA BLOCOS EDUCACIONAIS PORTAS | C43: 5,20+27,30+2,60+7,20 | D43: m | E43: =5.2+27.3+2.6+7.2 -> 42.3 | F43: =ROUND(E43,2) -> 42.3 | G43: ok
A44: 5.2 | B44: VERGA JANELAS ( VÃOS > 1,5 m) | C44: 93,60+7,20+73,60+2,60 | D44: m | E44: =93.6+7.2+73.6+2.6 -> 177 | F44: =ROUND(E44,2) -> 177 | G44: ok
A45: 5.3 | B45: VERGA JANELAS ( VÃOS < 1,5 m) | C45: 0,40+0,40= 0,80*4= 3,20 | D45: m | E45: =0.8*4 -> 3.2 | F45: =ROUND(E45,2) -> 3.2 | G45: ok
A46: 5.4 | B46: CONTRA VERGA JANELAS ( VÃOS > 1,5 m) | C46: 90,30+109,20+2,90 | D46: M | E46: =E44 -> 177 | F46: =ROUND(E46,2) -> 177 | G46: ok
A47: 5.5 | B47: CONTRA VERGA JANELAS ( VÃOS < 1,5 m) | C47: 2.8 | D47: M | E47: =E45 -> 3.2 | F47: =ROUND(E47,2) -> 3.2 | G47: ok
A48: ELEMENTOS DE VEDAÇÃO
A49: Item | B49: Serviços | C49: Memória Cálculo | D49: Un | E49: Quant.
A50: 6.1 | B50: Alvenaria de Vedação | C50: Fechamento em alvenaria do bloco educacional + parte do muro com o hidrante = 2887,88+8,80 | D50: m² | E50: =2887.88+(2.2*4) -> 2896.68 | F50: =ROUND(E50,2) -> 2896.68 | G50: ok
A51: REVESTIMENTOS
A52: Item | B52: Serviços | C52: Memória Cálculo | D52: Un | E52: Quant.
A53: 7.1 | B53: Chapisco | C53: Área de todo o bloco educacional, descontando o oitão na parte interna aonde não pode ser visto pois a laje vai tampar= 4.574,37 + muro do hidrante (4,00x2,20= 8,80*2=17,60m²) | D53: m² | E53: =4574.37+17.6 -> 4591.97 | F53: =ROUND(E53,2) -> 4591.97 | G53: ok
A54: 7.2 | B54: Reboco e emboço | C54: Área bloco educacional + muro do hidrante | D54: m² | E54: =E53 -> 4591.97 | F54: =ROUND(E54,2) -> 4591.97 | G54: ok
A55: 7.3 | B55: Chapisco da laje | C55: laje do bloco educacional | D55: m² | E55: 1717 | G55: ok
A56: 7.4 | B56: Reboco da laje | C56: laje do bloco educacional | D56: m² | E56: 1717 | G56: ok
A57: 7.5 | B57: azulejo tipo gres 20x20 | C57: azulejo 20x20cm, cor branco - banheiros e copa | D57: m² | E57: ='[5]PASTILHA AZUL BLOCO EDUC.'!$M$12 -> 220.72 | F57: =ROUND(E57,2) -> 220.72 | G57: ok
A58: 7.6 | B58: Pastilha 5x5 cor branco e faixa azul (salas) | C58: Pastilha 5x5 cor branco h=1,40m e 10cm de pastilha cor azul- totalizando h=1,50m- usado dentro das salas de aula, laboratorios, biblioteca, diretoria, coordenadoria, sala de reuniao, secretaria. | D58: m² | E58: 991.42 | G58: ok
A59: 7.7 | B59: Pastilha 5x5 cor azul ( circulação) | C59: pastilha na circulação das salas de aula, nas cores azul claro, azul médio e azul escuro, na altura de 1,10m | D59: m² | E59: 142.92 | G59: ok
A60: 7.8 | B60: Pastilha 5x5 na fachada | C60: pastilha azul claro, médio e escuro na fachada e no patío coberto e secretaria | D60: m² | E60: 353.24 | G60: ok
A61: 7.9 | B61: impermeabilizante | C61: Impermeabilizante áreas molhadas- banheiros e copa h= 1,10m e área externa com patio coberto 1,10m. + muro de divisa do terreno (100,51*1,10)= 110,56 e muro com hidrante(1,20*1,10=1,32*2 = 2,64) | D61: m² | E61: =230.54+110.56+2.64 -> 343.74 | F61: =ROUND(E61,2) -> 343.74 | G61: ok
A63: Item | B63: Serviços | C63: Memória Cálculo | D63: Un | E63: Quant.
A64: 8.1 | B64: Porcelanato | C64: Área dos blocos de sala(salas, banheiros, adm, corredores) = 1976,65 | D64: m² | E64: 1976.65 | F64: =ROUND(E64,2) -> 1976.65 | G64: ok
A65: 8.2 | B65: Soleira | C65: Soleira em todas as portas do bloco educaional - ver projeto | D65: m | E65: 31.1 | F65: =ROUND(E65,2) -> 31.1 | G65: ok
A66: 8.3 | B66: Calçada (Passeio) | C66: *Calçada em volta de todo bloco escolar + ciurlações externas: -Calçada Bloco Educacional = 276,12m² -Área rampa de Acesso do Bloco Ensino a Quadra = 121,07m² -Área acesso principal = 52,94m² -Área de acesso Estacionamento a Quadra (curva) = 36,27m² -Área de acesso Estacionamento a Quadra = 43,06m² Área Escada de acesso ao estaciomaneto/quadra + hall = 55,55m² | D66: M² | E66: =276.12+121.07+52.94+36.27+43.06+55.55 -> 585.01 | F66: =ROUND(E66,2) -> 585.01 | G66: ok
A67: 8.4 | B67: Calçada (Lastro de concreto 10cm) | C67: Carga e descarga (acesso abrigos) = 43,13m² Área da Calçada Externa = 873,76m² | D67: m² | E67: =43.13+873.76 -> 916.89 | F67: =ROUND(E67,2) -> 916.89 | G67: ok
A68: 8.5 | B68: meio fio reto | C68: Meio fio calçadas interna: Patio descoberto: 257,26ml Estacionamento e Bicicletario: 80,91ml Canteiros : 56,00ml Meio fio calçadas externa = 401,78ml | D68: m | E68: =257.26+80.91+56+401.78 -> 795.95 | F68: =ROUND(E68,2) -> 795.95 | G68: ok
A69: 8.6 | B69: meio fio curvo | C69: Meio fio calçadas externa = 7,85 x 4 lados Canterios: 15,64ml | D69: m | E69: =(7.85*4)+15.64 -> 47.04 | F69: =ROUND(E69,2) -> 47.04 | G69: ok
A70: 8.7 | B70: Piso paver (Bloco Intertravado) | C70: Estacionamento = 543,31m² Patio descoberto = 666,22m² Bicicletario com área de lazer = 96,68m² | D70: m² | E70: =543.31+666.22+96.68 -> 1306.21 | F70: =ROUND(E70,2) -> 1306.21 | G70: ok
A71: PINTURA
A72: Item | B72: Serviços | C72: Memória Cálculo | D72: Un | E72: Quant.
A73: 9.1 | B73: Aplicação de massa latex em paredes internas | C73: paredes internas do bloco educacional, pintura acima dos barrados das salas e da circulação | D73: m2 | E73: 1916.87 | F73: =ROUND(E73,2) -> 1916.87 | G73: ok
A74: 9.2 | B74: Tinta latéx pva em paredes internas | C74: paredes internas do bloco educacional, pintura acima dos barrados das salas e da circulação | D74: m2 | E74: 1916.87 | F74: =ROUND(E74,2) -> 1916.87 | G74: ok
A75: 9.3 | B75: Aplicação de massa latex no forro (laje) | C75: laje do bloco educacional | D75: m² | E75: =E55 -> 1717 | F75: =ROUND(E75,2) -> 1717 | G75: ok
A76: 9.4 | B76: Tinta latéx pva em paredes internas no forro ( laje) | C76: laje do bloco educacional | D76: m² | E76: =E56 -> 1717 | F76: =ROUND(E76,2) -> 1717 | G76: ok
A77: 9.5 | B77: Aplicação de massa acrilica em paredes externas | C77: área externa do bloco educacional e as paredes do patio coberto , descontando as faixas de pastilha da fachada e o barrado do patio coberto + muro do hidrante | D77: m² | E77: =987.14+5.28+(8.8*2) -> 1010.02 | F77: =ROUND(E77,2) -> 1010.02 | G77: ok
A78: 9.6 | B78: Fundo selador acrílico em paredes externas | C78: área externa do bloco educacional e as paredes do patio coberto , descontando as faixas de pastilha da fachada e o barrado do patio coberto. | D78: m2 | E78: 987.14 | F78: =ROUND(E78,2) -> 987.14 | G78: ok
A79: 9.7 | B79: Pintura acrilica em paredes externas | C79: área externa do bloco educacional e as paredes do patio coberto , descontando as faixas de pastilha da fachada e o barrado do patio coberto= 987,14 + muro divisa do terreno lado interno da escola = 221,12+ muro do hidrante = 5,28 | D79: m2 | E79: =987.14+221.12+5.28 -> 1213.54 | F79: =ROUND(E79,2) -> 1213.54 | G79: ok
A80: 9.8 | B80: Liquibrilho- transparente | C80: Área externa do bloco educacional h= 1,10m. | D80: m2 | E80: 140.72 | F80: =ROUND(E80,2) -> 140.72 | G80: ok
A81: FORROS / LAJES E DIVISÓRIAS
A82: Item | B82: Serviços | C82: Memória Cálculo | D82: Un | E82: Quant.
A83: 10.1 | B83: Estrutura para forro pvc | C83: Área dos banheiros e copa | D83: m² | E83: ='[5]FORRO PVC E PINT. LAJE E COBE'!$F$11 -> 64.85 | F83: =ROUND(E83,2) -> 64.85 | G83: ok
A84: 10.2 | B84: Divisorias de granito itaunas nos banheiros | C84: BWC Fem + BWC Masc = 16,69m² + 13,56m² = 30,25m² | D84: m2 | E84: =16.69+13.56 -> 30.25 | F84: =ROUND(E84,2) -> 30.25
A85: PAISAGISMO
A86: Item | B86: Serviços | C86: Memória Cálculo | D86: Un | E86: Quant.
A87: 11.1 | B87: Grama tipo esmeralda | C87: Área de grama/arborea = 1.870,82m² + Área de grama/talude = 1.210,07m² | D87: m2 | E87: =1870.82+1210.07 -> 3080.89 | F87: =ROUND(E87,2) -> 3080.89 | G87: ok
A88: 11.2 | B88: Periquito | C88: canteiros plantio a cada 0,20cm | D88: Und | E88: 780 | F88: 14 | G88: ok
A89: 11.3 | B89: Palmeira Areca | C89: canteiros | D89: Und | E89: 22 | F89: =ROUND(E89,2) -> 22 | G89: ok | H89: 157.23 | I89: =H89/0.2 -> 786.15
A90: 11.4 | B90: Jerivá | C90: canteiros e frente da escola | D90: Und | E90: 7 | F90: =ROUND(E90,2) -> 7 | G90: ok
A91: 11.5 | B91: Oiti | C91: canteiro | D91: Und | E91: 19 | F91: =ROUND(E91,2) -> 19 | G91: ok
A92: 11.6 | B92: Manacá da Serra | C92: canteiros e frente da escola | D92: Und | E92: 7 | F92: =ROUND(E92,2) -> 7 | G92: ok
A93: 11.7 | B93: Primavera | C93: playground | D93: und | E93: 7 | F93: =ROUND(E93,2) -> 7 | G93: ok
A94: SERVIÇOS COMPLEMENTARES
A95: Item | B95: Serviços | C95: Memória Cálculo | D95: Un | E95: Quant.
A96: 12.1 | B96: Mastro para bandeira | C96: 1 mastro pra bandeira | D96: UN | E96: 1 | F96: =ROUND(E96,2) -> 1 | G96: ok
A97: 12.2 | B97: Quadro de Vidro Temperado | C97: 16 salas de aula + 1 laboratório de fisica + 1 laboratório de quimica + 1 sala de informatica + sala de reunião+ sala professores e biblioteca = 22 | D97: UN | E97: 22 | F97: =ROUND(E97,2) -> 22 | G97: ok
A98: 12.3 | B98: Espelho Cristal | C98: 10 espelhos banheiro + 2 PCD + 2 professores: 0,45*0,55*14 | D98: m2 | E98: =16*0.45*0.55 -> 3.96 | F98: =ROUND(E98,2) -> 3.96 | G98: ok
A99: 12.4 | B99: Bancada de Granito | C99: bancada laboratorios, bancada banheiros , copa- 10,61+17,57+2,68+2,68+1,50= 35,04m² | D99: m2 | E99: 35.04 | F99: =ROUND(E99,2) -> 35.04 | G99: ok
A100: 12.5 | B100: Totem em concreto | C100: 1 unidade | D100: Und | E100: 1 | F100: =ROUND(E100,2) -> 1 | G100: ok
A101: 12.6 | B101: Bicicletario | C101: 2 unidade | D101: Und | E101: 2 | F101: =ROUND(E101,2) -> 2 | G101: ok
...

Sheet Quant Const. Refeitorio
A1: SERVIÇOS TÉCNICOS - PROJETOS - CONSTRUÇÃO DE REFEITORIO
A2: SERVIÇOS PRELIMINARES
A3: Item | B3: Serviços | C3: Memória Cálculo | D3: Un | E3: Quant.
A4: 1.1 | B4: Locação de Obra | C4: Área Do Refeitório = 378,45 Abrigo de GLP cozinha = 1,52m² Abrigo de Lixo = 1,89m² Calçada entorno= 98,40m² | D4: M² | E4: =378.45+1.52+98.4+1.89 -> 480.26 | F4: =ROUND(E4,2) -> 480.26 | G4: ok
A5: ELEMENTOS DE VEDAÇÃO
A6: Item | B6: Serviços | C6: Memória Cálculo | D6: Un | E6: Quant.
A7: 2.1 | B7: Alvenaria 1/2vez vão >6m² | C7: Alvenarias: *H = 3,80ml (2,65+4,05+6,05+5,45+2,65+4,15+1,40+3,25+2,5+4,75+9,10+9,10) =55,10ml x 3,80 = 209,38m² (-) 27,76m² = 181,62m² *Parede Fundo da Cozinha: 59,86m² *Parede Frente da Cozinha: 61,17m² *H = 1,50m Mureta Cozinha 2,50 x 1,50 = 3,75m² *Fechamento Lateral área aberta (Refeitório) com desconto de vigas e Cobogó: 21,40m² x 2 lados = 53,40m² X 2 *Fechamento parede frente Refeitorio = 23,55m² | D7: M² | E7: =181.62+59.86+61.17+3.75+53.4+53.4+23.55 -> 436.75 | F7: =ROUND(E7,2) -> 436.75 | G7: ok
A8: VERGA E CONTRA-VERGA
A9: Item | B9: Serviços | C9: Memória Cálculo | D9: Un | E9: Quant.
A10: 3.2 | B10: Verga vão até 1,50m Portas | C10: Portas Novas: P2 08un (0,90cm) P7 02un (0,80cm) | D10: M | E10: =(1.3*8)+(1.2*2) -> 12.8 | F10: =ROUND(E10,2) -> 12.8 | G10: ok
A11: 3.3 | B11: Verga vão até 1,50m Janelas | C11: J6 05un (0,80cm) | D11: M | E11: =5*1.2 -> 6 | F11: =ROUND(E11,2) -> 6 | G11: ok
A12: 3.4 | B12: Verga vão acima de 1,50m Janelas | C12: J4 06un (2,00) J7 02un (2,00) | D12: M | E12: =2.4*8 -> 19.2 | F12: =ROUND(E12,2) -> 19.2 | G12: ok
A13: 3.5 | B13: Contra Verga vão até 1,50m | C13: J6 05un (0,80cm) | D13: M | E13: =5*1.2 -> 6 | F13: =ROUND(E13,2) -> 6 | G13: ok
A14: 3.6 | B14: Contra Verga vão acima de 1,50m | C14: J4 06un (2,00) J7 02un (2,00) | D14: M | E14: =2.4*8 -> 19.2 | F14: =ROUND(E14,2) -> 19.2 | G14: ok
A15: COBERTURA
A16: Item | B16: Serviços | C16: Memória Cálculo | D16: Un | E16: Quant.
A17: 4.1 | B17: Telha Ondulada | C17: Área da Cobertura comprimento x arco = 28,10x16,50 | D17: M² | E17: =28.1*16.5 -> 463.65 | F17: =ROUND(E17,2) -> 463.65 | G17: ok
A18: ESQUADRIAS
A19: Item | B19: Serviços | C19: Memória Cálculo | D19: Un | E19: Quant.
A20: 5.1 | B20: Portas 90 (P2) | C20: 08 portas: (0,90*2,10) | D20: M² | E20: =(0.9*2.1)*8 -> 15.12 | F20: =ROUND(E20,2) -> 15.12 | G20: ok
A21: 5.2 | B21: Porta 80 (P7) | C21: 02 portas: (0,80*2,10) | D21: M² | E21: =(0.8*2.1)*2 -> 3.36 | F21: =ROUND(E21,2) -> 3.36 | G21: ok
A22: 5.3 | B22: Janela Maxim-ar 2,00 x 0,80 (J4) | C22: 06 janelas : 2,00X0,80 | D22: M² | E22: =6*2*0.8 -> 9.6 | F22: =ROUND(E22,2) -> 9.6 | G22: ok
A23: 5.4 | B23: Janela Maxim-ar 0,80 x 0,40 (J6) | C23: 05 janelas : 0,80X0,40 | D23: M² | E23: =0.8*0.4*5 -> 1.6 | F23: =ROUND(E23,2) -> 1.6 | G23: ok
A24: 5.5 | B24: Guilhotina 2,00 x 1,50 (J7) | C24: 02 janelas : 2,00x1,50 | D24: M² | E24: =2*1.5*2 -> 6 | F24: =ROUND(E24,2) -> 6 | G24: ok
A25: REVESTIMENTOS
A26: Item | B26: Serviços | C26: Memória Cálculo | D26: Un | E26: Quant.
A27: 6.1 | B27: Chapisco de Paredes | C27: *Área da Alvenaria x 2 lados (-) Chapisco interno Cozinha acima da laje 21,90m² x 2 lados *Pilares do Refeitorio (15x30): 11un x 3,90ml pé direito | D27: M² | E27: =((E7*2)+(0.9*11*3.9))-(21.9*2) -> 868.31 | F27: =ROUND(E27,2) -> 868.31 | G27: ok
A28: 6.2 | B28: Chapisco de Teto (Laje) | C28: Triagem: 14,87m² WC funcionarios fem: 3,75m² WC funcionario masc: 3,75m² Cozinha: 48,90m² Circulação: 26,06m² DML: 3,87m² Desp. Alimentos: 9,54m² Desp. Utensilios: 9,54m² | D28: M² | E28: =14.87+3.75+3.75+48.9+26.06+3.87+9.54+9.54 -> 120.28 | F28: =ROUND(E28,2) -> 120.28 | G28: ok
A29: 6.3 | B29: Reboco de Parede | C29: Area de Chapisco (-) Área de Emboço | D29: M² | E29: =E27-E31 -> 450.381 | F29: =ROUND(E29,2) -> 450.38 | G29: ok
A30: 6.4 | B30: Reboco de Teto (Laje) | C30: Triagem: 14,87m² WC funcionarios fem: 3,75m² WC funcionario masc: 3,75m² Cozinha: 48,90m² Circulação: 26,06m² DML: 3,87m² Desp. Alimentos: 9,54m² Desp. Utensilios: 9,54m² | D30: M² | E30: =14.87+3.75+3.75+48.9+26.06+3.87+9.54+9.54 -> 120.28 | F30: =ROUND(E30,2) -> 120.28 | G30: ok
A31: 6.5 | B31: Emboço para revestimento Cerâmico | C31: H=3,80ml (Pé direito) DML - 8,70ml (-) 1P2, 1J6 Triagem - 16,90ml (-) 2P2, 2J4 Desp. Alimentos - 12,90ml (-) 1P2, 1J4 Desp. Utensil. - 12,90ml (-) 1P2, 1J4 Wc Fem/Masc. - 8,00ml x 2un (-) 2J6, 2P7 Cozinha - 30,38ml (-) 6P2, 2J6, 2J4, 2J7 Circulação/A. Serviço - 16,40ml (-) 4P2, 1J4, 2J6, 2P7 H=1,50ml Mureta div. Cozinha - 5,15ml 11un de Pilar (0,30x0,15) = 14,85m² H=1,20ml Parede externa da cozinha de frente para o Refeitório - 14,50ml (-) 1P2, 2J7 | D31: M² | E31: =(((8.7+16.9+12.9+12.9+8+8+30.38+16.4)*3.8)-54.45)+(5.15*1.5)+((14.5*1.2)-1.48)+14.85 -> 417.929 | F31: =ROUND(E31,2) -> 417.93 | G31: ok
A32: 6.6 | B32: Azulejo 20x20cm | C32: H=3,80ml (Pé direito) DML - 8,70ml (-) 1P2, 1J6 Triagem - 16,90ml (-) 2P2, 2J4 Desp. Alimentos - 12,90ml (-) 1P2, 1J4 Desp. Utensil. - 12,90ml (-) 1P2, 1J4 Wc Fem/Masc. - 8,00ml x 2un (-) 2J6, 2P7 Cozinha - 30,38ml (-) 6P2, 2J6, 2J4, 2J7 Circulação/A. Serviço - 16,40ml (-) 4P2, 1J4, 2J6, 2P7 H=1,50ml Mureta div. Cozinha - 5,15m 11un de Pilar (0,30x0,15) = 14,85m² H=1,20ml Parede externa da cozinha de frente para o Refeitório - 14,50ml (-) 1P2, 2J7 | D32: M² | E32: =(((8.7+16.9+12.9+12.9+8+8+30.38+16.4)*3.8)-54.45)+(5.15*1.5)+((14.5*1.2)-1.48)+14.85 -> 417.929 | F32: =ROUND(E32,2) -> 417.93 | G32: ok
A33: 6.7 | B33: Revestimento cerâmico 5x5 H= 1,10ml *COR PANTONE 308U *COR PANTONE 2758C *COR PANTONE 3125U | C33: Revestimento 5x5cm h= 1,10cm (Parade frente ao Refeitório 14,50ml) + 11 Pilares de 15x30 x 1,50altura *COR PANTONE 308U - 4,37m² + Pilares 14,85m² *COR PANTONE 2758C - 4,51m² *COR PANTONE 3125U - 3,59m² | D33: M² | E33: =4.37+4.51+3.59+14.85 -> 27.32 | F33: =ROUND(E33,2) -> 27.32 | G33: ok
A34: 6.8 | B34: Impermeabilização | C34: Paredes H=1,10cm Interno: Triagem de Alimentos: 16,90ml x 1,10 (-) 1,98m² Área do Tanque:/ 3,35mlx1,10ml WC funcionarios fem: 8,00ml x 1,10 (-) 0,88m² WC funcionario masc: / 8,00ml x 1,10 (-) 0,88m² Cozinha: 30,80ml x 1,10 (-) 5,94m² Externo: Áreas acima externa: 55,30ml x 1,10ml (-) 4P2,2P7 = 60,83m² (-) 5,72m² = 55,11m² | D34: M² | E34: =(((16.9+3.35+16+30.8)*1.1)-(1.98+0.88+0.88+5.94))+55.11 -> 119.185
A35: PISOS
A36: Item | B36: Serviços | C36: Memória Cálculo | D36: Un | E36: Quant.
A37: 7.1 | B37: Piso Porcelanato | C37: Triagem: 14,87m² WC funcionarios fem: 3,75m² WC funcionario masc: 3,75m² Cozinha: 48,90m² Circulação: 24,80m² DML: 3,87m² Desp. Alimentos: 9,54m² Desp. Utensilios: 9,54m² Refeitório: 239,16m² | D37: M² | E37: =14.87+3.75+3.75+48.9+24.8+3.87+9.54+9.54+239.16 -> 358.18 | F37: =ROUND(E37,2) -> 358.18 | G37: ok
A38: 7.2 | B38: Soleira | C38: 08un P2 (0,90) 02un P7 (0,80 Contorno refeitório : 3,84+3,95+3,95+4,01+4,51+4,48+4,51+4,01+3,95+3,95+3,84: 45,00ml Circulação fundos: 2,55 + 5,45 | D38: M | E38: =(0.9*8)+(0.8*2)+45+2.55+5.45 -> 61.8 | F38: =ROUND(E38,2) -> 61.8 | G38: ok
A39: PINTURA
A40: Item | B40: Serviços | C40: Memória Cálculo | D40: Un | E40: Quant.
A41: 8.1 | B41: Fundo selador em parede externa | C41: *Laterais Cozinha: 9,10ml x 3,90ml altura = 35,49m² x 2 lados = 70,98m² (-) 4J4, 2J6 = 63,94m² *Parede Fundo da Cozinha: 59,86m² *Parede Frente da Cozinha (acima das pastilhas): 55,90m² *Fechamento Lateral área aberta (Refeitório) com desconto de vigas e Cobogó: 21,40m² x 2 lados = 53,40m² X 2 *Fechamento parede frente Refeitorio = 35,85m² *11 Pilares de 15x30 x 2,40altura | D41: M² | E41: =63.94+59.86+55.9+53.4+53.4+35.85+(0.9*11*2.4) -> 346.11 | F41: =ROUND(E41,2) -> 346.11 | G41: ok
A42: 8.2 | B42: Emassamento Externo | C42: Paredes *Laterais Cozinha: 9,10ml x 3,90ml altura = 35,49m² x 2 lados = 70,98m² (-) 4J4, 2J6 = 63,94m² *Parede Fundo da Cozinha: 59,86m² *Parede Frente da Cozinha (acima das pastilhas): 55,90m² *Fechamento Lateral área aberta (Refeitório) com desconto de vigas e Cobogó: 21,40m² x 2 lados = 53,40m² X 2 *Fechamento parede frente Refeitorio = 35,85m² *11 Pilares de 15x30 x 2,40altura | D42: M² | E42: =(63.94+59.86+55.9+53.4+53.4+35.85)+(0.9*11*2.4) -> 346.11 | F42: =ROUND(E42,2) -> 346.11 | G42: ok
A43: 8.2 | B43: Emassamento Laje | C43: Laje Triagem: 14,87m² WC funcionarios fem: 3,75m² WC funcionario masc: 3,75m² Cozinha: 48,90m² Circulação: 26,06m² DML: 3,87m² Desp. Alimentos: 9,54m² Desp. Utensilios: 9,54m² | D43: M² | E43: 120.28 | F43: =ROUND(E43,2) -> 120.28 | G43: ok
A44: 8.3 | B44: Pintura Latéx Acrílica Branco Gelo | C44: Pintura Látex acrílica com desconto de áreas de revestimento 5x5cm *Laterais Cozinha: 9,10ml x3,90ml altura = 35,49m² x 2 lados = 70,98m² (-) 4J4, 2J6 = 63,94m² *Parede Fundo da Cozinha: 59,86m² *Parede Frente da Cozinha (acima das pastilhas): 55,90m² *Fechamento Lateral área aberta (Refeitório) com desconto de vigas e Cobogó: 21,40m² x 2 lados = 53,40m² X 2 *Fechamento parede frente Refeitorio = 35,85m² *11 Pilares de 15x30 x 2,40altura | D44: M² | E44: =63.94+59.86+55.9+53.4+53.4+35.85 +(0.9*11*2.4) -> 346.11 | F44: =ROUND(E44,2) -> 346.11 | G44: ok
A45: 8.4 | B45: Pintura para de Teto (Laje) Cor: Branco Gelo | C45: Triagem: 14,87m² WC funcionarios fem: 3,75m² WC funcionario masc: 3,75m² Cozinha: 48,90m² Circulação: 26,06m² DML: 3,87m² Desp. Alimentos: 9,54m² Desp. Utensilios: 9,54m² | D45: M² | E45: =14.87+3.75+3.75+48.9+26.06+3.87+9.54+9.54 -> 120.28 | F45: =ROUND(E45,2) -> 120.28 | G45: ok
A46: 8.5 | B46: Liquibrilho H=1,20cm | C46: Liquibrilho para barrado externo H=1,20cm *Laterais Cozinha: 9,10cm x 1,20ml *Parede Fundo da Cozinha: 6,25cm x 1,20ml | D46: M² | E46: =15.35*1.2 -> 18.42 | F46: =ROUND(E46,2) -> 18.42 | G46: ok
A47: 8.6 | B47: Esmalte Sint. Metálica (Branco Gelo) | C47: Pintura em esmalte sintetico para esquadrias P2 0,90 x2,10 (08un) x 2 lados P7 0,80 x2,10 (02un) x 2 lados | D47: M² | E47: =((0.9*2.1*8)+(0.8*2.1*2))*3 -> 55.44 | F47: =ROUND(E47,2) -> 55.44 | G47: ok
A48: SERVIÇOS CONSTRUTIVOS COMPLEMENTARES
A49: Item | B49: Serviços | C49: Memória Cálculo | D49: Un | E49: Quant.
A50: 9.1 | B50: Cobogó | C50: Cobogó na parede de fechamento lateral Refeitório: 22,00m² Cobogó na parede de fechamento frontal Refeitório: 9,45m² | D50: M² | E50: =((2.68+2.76+2.76+2.8)*2)+((4.51+4.51+4.48)*0.7) -> 31.45 | F50: =ROUND(E50,2) -> 31.45 | G50: ok | XFD50: =SUM(E50:XFC50) -> 62.9
A51: 9.2 | B51: Bebedouro | C51: 1 unidade Localizado na Parede de Frente ao Refeitório | D51: UN | E51: 1 | F51: =ROUND(E51,2) -> 1 | G51: ok | XFD51: =SUM(E51:XFC51) -> 2
A52: 9.3 | B52: Abrigo Resíduos Sólidos | C52: 1 unidade | D52: UN | E52: 1 | F52: =ROUND(E52,2) -> 1 | G52: ok
A53: 9.4 | B53: Exaustor | C53: 2 unidades localizados na cozinha | D53: UN | E53: 2 | F53: =ROUND(E53,2) -> 2 | G53: ok
A54: 9.5 | B54: Espelho | C54: 1 unidade de espelho em cada banheiros de funcionários 45x55 | D54: M² | E54: =2*0.45*0.55 -> 0.495 | F54: =ROUND(E54,2) -> 0.5 | G54: ok
A55: 9.6 | B55: Cantoneira de Aluminio | C55: Cantoneira em alumio em pilares: 11 pilares x 4 cantos x 3,90ml altura do pilar | D55: M | E55: =11*4*3.9 -> 171.6 | F55: =ROUND(E55,2) -> 171.6 | G55: ok
A56: 9.7 | B56: Mão Francesa | C56: Mão francesa para as bancadas dos Depósitos: Desp. Alimentos: 5 um x 3 prateleiras Desp. Utensilios: 3un x 3 prateleiras | D56: UN | E56: =15+9 -> 24 | F56: =ROUND(E56,2) -> 24 | G56: ok | XFD56: =SUM(E56:XFC56) -> 48
A57: URBANIZAÇÃO E PAISAGISMO
A58: Item | B58: Serviços | C58: Memória Cálculo | D58: Un | E58: Quant.
A59: 10.1 | B59: Calçada (Passeio) | C59: Calçada = 98,40m² | D59: M² | E59: =98.4 -> 98.4 | F59: =E59 -> 98.4 | G59: ok
A60: LIMPEZA DA OBRA
A61: Item | B61: Serviços | C61: Memória Cálculo | D61: Un | E61: Quant.
A62: 11.1 | B62: Limpeza vidro | C62: Igual area de esquadrias | D62: M² | E62: =E22+E23 -> 11.2 | F62: =ROUND(E62,2) -> 11.2 | G62: ok
A63: 11.2 | B63: Limpeza azulejos | C63: Igual area de revestimentos 20x20 e 5x5 | D63: M² | E63: =E32+E33 -> 445.249 | F63: =ROUND(E63,2) -> 445.25 | G63: ok
A64: 11.3 | B64: Limpeza Geral | C64: Área construída | D64: M² | E64: 378.45 | F64: =ROUND(E64,2) -> 378.45 | G64: ok

Sheet Quant Vestiários + Quadra
A1: SERVIÇOS TÉCNICOS - PROJETOS - VESTIARIOS E QUADRA POLIESPORTIVA
A2: SERVIÇOS PRELIMINARES
A3: Item | B3: Serviços | C3: Memória Cálculo | D3: Un | E3: Quant.
A4: 1.1 | B4: Locação | C4: Quadra Poliesportiva = 1.566,94m² Calçada = 207,84 | D4: M² | E4: =1566.94+207.84 -> 1774.78 | F4: =ROUND(E4,2) -> 1774.78 | G4: ok
A5: IMPERMEABILIZAÇÃO
A6: Item | B6: Serviços | C6: Memória Cálculo | D6: Un | E6: Quant.
A7: 2.1 | B7: Impermeabilização | C7: Paredes H=1,10cm Interno: Vestiário Fem: 17,00ml x 1,10ml altura (-) 1P2 = 17,71m² Vestiário Fem PCD: 9,60 x 1,10ml (-) 1P4 = 9,57m² Vestiário Masc: 17,00ml x 1,10ml altura (-) 1P2 = 17,71m² Vestiário Masc PCD: 9,60 x 1,10ml (-) 1P4 = 9,57m² Externo: Perede contorno áreas acima e quadra = 217,84 x 1,10 = 239,62m² | D7: M² | E7: =17.71+9.57+17.51+9.57+239.62 -> 293.98 | F7: =ROUND(E7,2) -> 293.98 | G7: ok
A8: ELEMENTOS DE VEDAÇÃO
A9: Item | B9: Serviços | C9: Memória Cálculo | D9: Un | E9: Quant.
A10: 3.1 | B10: Alvenaria 1/2vez > ou = 6m² sem vão | C10: Vestiário: 37,65ml x 3,35 altura (-)2P2, 2P4, 2J2, 2J9 Quadra: H=13,30ml *Parede em frente ao vestiário - 30,00ml x 13,30ml (-)abertura de acesso 3,00x2,50, Cobogó 5unx5,55compx2,20alturax2lados= 399m²(-) 7,5m²+60,50m² *Parede Lateral Esq. (arquibancada) - 50,25ml x 13,30ml (-) Cobogó 105,60m² * Fachada - 399,00m² (-) Cobogó 60,50m² *Parede Lateral Direita (Acesso) - 503,00m² (-) Cobogó 105,60m² | D10: M² | E10: =(((37.65*3.35)-13)+331+562.72+338.5+397.4) -> 1742.7475 | F10: =ROUND(E10,2) -> 1742.75 | G10: ok
A11: 3.2 | B11: Cobogó | C11: *Parede em frente ao vestiario: 60,50m² *Fachada Frontal: 60,50m² *Parede lateral (arquibancada): 105,60m² *Parede lateral acesso: 6,00ml x 2,20ml x 08un | D11: M² | E11: =60.5+60.5+105.6+105.6 -> 332.2 | F11: =ROUND(E11,2) -> 332.2 | G11: ok
A12: 3.3 | B12: Verga vão até 1,50m Portas | C12: Portas Novas: P2 - Vestiário F/M (0,90) 02un P4 - Vestiário PCD F/M (0,90) 02un | D12: M | E12: =1.3*4 -> 5.2 | F12: =ROUND(E12,2) -> 5.2 | G12: ok
A13: 3.4 | B13: Verga vão até 1,50m Janelas | C13: Acima das Janelas J9 - Vestiário PCD F/M (0,80) 02un | D13: M | E13: =(1.2*2) -> 2.4 | F13: =ROUND(E13,2) -> 2.4 | G13: ok
A14: 3.5 | B14: Verga vão acima de 1,50m Janelas | C14: Acima das Janelas J2 - Vestiário F/M (3,00) 02un | D14: M | E14: =(3.4*2) -> 6.8 | F14: =ROUND(E14,2) -> 6.8 | G14: ok
A15: 3.6 | B15: Contra Verga vão até de 1,50m | C15: Abaixo das Janelas J9 - Vestiário PCD F/M (0,80) 02un | D15: M | E15: =(1.2*2) -> 2.4 | F15: =ROUND(E15,2) -> 2.4 | G15: ok
A16: 3.7 | B16: Contra Verga acima de 1,50m | C16: Abaixo das Janelas J2 - Vestiário F/M (3,00) 02un | D16: M | E16: =(3.4*2) -> 6.8 | F16: =ROUND(E16,2) -> 6.8 | G16: ok
A17: COBERTURA
A18: Item | B18: Serviços | C18: Memória Cálculo | D18: Un | E18: Quant.
A19: 4.1 | B19: Telha Isotermica | C19: Área de Cobertura do Vestiário: 73,93m² Área de Cobertura da Quadra: 1.461,18m² | D19: M² | E19: =73.93+1461.18 -> 1535.11 | F19: =ROUND(E19,2) -> 1535.11 | G19: ok
A20: 4.2 | B20: Rufo Metálico | C20: Cobertura da Quadra: 49,70ml x 2 lados Cobertura do Vestiário: 16,25ml | D20: M | E20: =49.7+49.7+16.26 -> 115.66 | F20: =ROUND(E20,2) -> 115.66 | G20: ok
A21: 4.3 | B21: ContraRufo Metálico | C21: Cobertura da Quadra: 49,70ml x 2 lados Cobertura do Vestiário: 16,25ml | D21: M | E21: =49.7+49.7+16.26 -> 115.66 | F21: =ROUND(E21,2) -> 115.66 | G21: ok
A22: 4.4 | B22: Calha Metálica | C22: Cobertura da Quadra: 49,70ml x 2 lados | D22: M | E22: =49.7+49.7 -> 99.4 | F22: =ROUND(E22,2) -> 99.4 | G22: ok
A23: ESQUADRIAS
A24: Item | B24: Serviços | C24: Memória Cálculo | D24: Un | E24: Quant.
A25: 5.1 | B25: Porta 0,90 sem visor (P2) (P4) | C25: Vestiário F/M - (P2) - 0,90cm Vestiário PCD F/M - (P4) - 0,90cm | D25: UN | E25: 4 | F25: =E25 -> 4 | G25: ok
A26: 5.2 | B26: Porta Alumínio WC (P1) | C26: Vestiários F/M TOTAL: 10 UNIDADES = 0,60x1,70= 1,02m² x 10 = 10,20m² | D26: M² | E26: 10.2 | F26: =E26 -> 10.2 | G26: ok
A27: 5.3 | B27: Maxim-ar 3,00x0,80 (J2) | C27: Vestiário F/M - 02un Vestiário PCD F/M - 02un | D27: M² | E27: =3*0.8*2 -> 4.8 | F27: =E27 -> 4.8 | G27: ok
A28: 5.4 | B28: Maxim-ar 0,80x0,40 (J9) | C28: Vestiário F/M - 02un Vestiário PCD F/M - 02un | D28: M² | E28: =0.8*0.4*2 -> 0.64 | F28: =E28 -> 0.64 | G28: ok
A29: REVESTIMENTOS
A30: Item | B30: Serviços | C30: Memória Cálculo | D30: Un | E30: Quant.
A31: 6.1 | B31: Chapisco | C31: Fechamento: *Área de alvenaria do Vestiário + Quadra x 2 lados *Arquibancada: 279,09m² *Pilares de acesso 9unx 1,70x3,20 | D31: M² | E31: =(E10*2)+279.09+(9*1.7*3.2) -> 3813.545 | F31: =ROUND(E31,2) -> 3813.55 | G31: ok
A32: 6.2 | B32: Reboco | C32: Fechamento: *Área de alvenaria do Vestiário + Quadra x 2 lados *Arquibancada: 279,09m² *Pilares de acesso 9unx 1,70x1,70 (-) Emboço | D32: M² | E32: =E31-E33 -> 3607.595 | F32: =ROUND(E32,2) -> 3607.6 | G32: ok
A33: 6.3 | B33: Emboço | C33: Áreas de azulejo: altura de 3,00m: Vestiario F/M = 17,00ml x 2un = 34,00ml x 3,00ml altura (-) 1J2,1P2 Vestiarios F/M PCD = 9,60ml x 2un = 19,20 x 3,00ml altura (-) J19, 1P4 Circulação = 12,70ml x 3,00ml altura (-) 2P2, 2P4, 2J9, abertura de acesso 3,00x2,50 *Pilares de acesso 9unx 1,70x1,50 | D33: M² | E33: =97.71+55.39+29.9+(9*1.7*1.5) -> 205.95 | F33: =ROUND(E33,2) -> 205.95 | G33: ok
A34: 6.4 | B34: Azulejo 20x20cm | C34: Áreas de azulejo: altura de 3,00m: Vestiario F/M = 17,00ml x 2un = 34,00ml x 3,00ml altura (-) 1J2,1P2 Vestiarios F/M PCD = 9,60ml x 2un = 19,20 x 3,00ml altura (-) J19, 1P4 Circulação = 12,70ml x 3,00ml altura (-) 2P2, 2P4, 2J9, abertura de acesso 3,00x2,50 *Pilares de acesso 9unx 1,70x1,50 | D34: M² | E34: =97.71+55.39+29.9+(9*1.7*1.5) -> 205.95 | F34: =ROUND(E34,2) -> 205.95 | G34: ok
A35: 6.5 | B35: Revestimento cerâmico 5x5 H= 1,10ml | C35: Detalhe Fachada Frontal e Lateral Direita - Faixa de 1,40ml de largura x 13,30ml (-) Cobogó *COR PANTONE 308U - 15,58m² *COR PANTONE 2758C - 17,78m² *COR PANTONE 3125U - 15,58m² FAIXA LATERAL (ACESSO): *COR PANTONE 308U - 11,10m² + Pilares de acesso 7unx 1,70x1,50+ Pilar de acesso 1un x 1,20*1,50 *COR PANTONE 2758C - 14,34m² *COR PANTONE 3125U - 11,10m² | D35: M² | E35: =15.58+17.58+15.58+11.1+14.34+11.1+(7*1.7*1.5)+(1*1.2*1.5) -> 104.93 | F35: =ROUND(E35,2) -> 104.93 | G35: ok
A36: PISOS
A37: Item | B37: Serviços | D37: Un | E37: Quant.
A38: 7.1 | B38: Piso Porcelanato | C38: Vestiarios F/M: 147,86m² x 2 Vestiarios M/F PCD: 5,49m² x 2 Circulação: 6,56m² | D38: M² | E38: =(17.86*2)+(5.49*2)+6.56 -> 53.26 | F38: =ROUND(E38,2) -> 53.26 | G38: ok
A39: 7.2 | B39: Soleira | C39: 02un P2 (0,90) 02un P4 (0,90) Vão de acesso vestiario/quadra 3,00ml | D39: M | E39: =(0.9*4)+3 -> 6.6 | F39: =ROUND(E39,2) -> 6.6 | G39: ok
A40: DIVISÓRIAS
A41: Item | B41: Serviços | C41: Memória Cálculo | D41: Un | E41: Quant.
A42: 8.1 | B42: Forro de PVC | C42: Vestiarios F/M: 147,86m² x 2 Vestiarios M/F PCD: 5,49m² x 2 Circulação: 6,56m² | D42: M² | E42: =(17.86*2)+(5.49*2)+6.56 -> 53.26 | F42: =ROUND(E42,2) -> 53.26 | G42: ok
A43: 8.2 | B43: Divisória Granito | C43: Banheiro Feminino + Masculino Div. Frente sanitários: 0,69ml x1,80altura Div. Lateral (1,57 x 2) +( 1,97x3) x 1,80altura | D43: M² | E43: =(0.69*1.8)+(1.57*2*1.8)+(1.97*3*1.8) -> 17.532 | F43: =ROUND(E43,2) -> 17.53 | G43: ok
A44: PINTURA
A45: Item | B45: Serviços | C45: Memória Cálculo | D45: Un | E45: Quant.
A46: 9.1 | B46: Fundo Selador Paredes Externas | C46: Vestiário: Parede Laterais+ Fundo: 22,95ml x 3,35 altura (-) 2J2 Quadra: Fechamento 4 lados com desconto de brises e cobogó x 1 lado (externo) *Parede em frente ao vestiário - 30,00ml x 13,30ml (-) Cobogó 60,50m² + 18,42m²x2un (-) parede vestiario 69,83m² *Parede Lateral Esq. (arquibancada) - 50,25ml x 13,30ml (-) Cobogó 105,60m² * Fachada - 399,00m² (-) Cobogó 60,50m² *Parede Lateral Direita (Acesso) - 503,00m² (-) Cobogó 105,60m² *Pilares de acesso 9unx 1,70x1,70 | D46: M² | E46: =((22.95*3.35)-4.8)+268.67+562.72+338.5+397.4+(9*1.7*1.7) -> 1665.3825 | F46: =ROUND(E46,2) -> 1665.38 | G46: ok
A47: 9.2 | B47: Emassamento Interno | C47: Quadra: H=13,30ml Fechamento 4 lados com desconto de brises e cobogó *Parede em frente ao vestiário - 30,00ml x 13,30ml (- )abertura de acesso 3,00x2,50 e Cobogó 60,50m² *Parede Lateral Esq. (arquibancada) - 50,25ml x 13,30ml (-) Cobogó 105,60 e arquibancada 56,70m² * Fachada - 399,00m² (-) Cobogó 60,50m² *Parede Lateral Direita (Acesso) - 503,00m² (-) Cobogó 105,60m² Laje: Vestiarios F/M: 17,86m² x 2 Vestiarios M/F PCD: 5,49m² x 2 Circulação: 6,56m² | D47: M² | E47: =331+506.02+338.5+397.4+(17.86*2)+(5.49*2)+6.56 -> 1626.18 | F47: =ROUND(E47,2) -> 1626.18 | G47: ok
A48: 9.3 | B48: Emassamento Externo | C48: Vestiário: Parede Laterais+ Fundo: 22,95ml x 3,35 altura (-) 2J2 Quadra: Fechamento 4 lados com desconto de brises e cobogó x 1 lado (externo) *Parede em frente ao vestiário - 30,00ml x 13,30ml (-) Cobogó 60,50m² + 18,42m²x2un (-) parede vestiario 69,83m² *Parede Lateral Esq. (arquibancada) - 50,25ml x 13,30ml (-) Cobogó 105,60m² * Fachada - 399,00m² (-) Cobogó 60,50m² *Parede Lateral Direita (Acesso) - 503,00m² (-) Cobogó 105,60m² *Pilares de acesso 9unx 1,70x1,70 | D48: M² | E48: =((22.95*3.35)-4.8)+268.67+562.72+338.5+397.4+(9*1.7*1.7) -> 1665.3825 | F48: =ROUND(E48,2) -> 1665.38 | G48: ok
A49: 9.4 | B49: Pintura Latéx Acrílica Branco Gelo Interno/ Externo | C49: Igual as áreas emassadas (-) pintura pantone | D49: M² | E49: =((E47+E48)-(E52+E53)) -> 2963.9475 | F49: =ROUND(E49,2) -> 2963.95 | G49: ok
A50: 9.5 | B50: Pintura para de Teto (Laje) Cor: Branco Gelo | C50: Vestiarios F/M: 147,86m² x 2 Vestiarios M/F PCD: 5,49m² x 2 Circulação: 6,56m² | D50: M² | E50: =(17.86*2)+(5.49*2)+6.56 -> 53.26 | F50: =ROUND(E50,2) -> 53.26 | G50: ok
A51: 9.6 | B51: Liquibrilho H=1,20cm | C51: Liquibrilho para barrado externo H=1,20cm *Paredes externas vestiario e Quadra: 118,15ml x 1,20ml altura | D51: M² | E51: =118.15*1.2 -> 141.78 | F51: =ROUND(E51,2) -> 141.78 | G51: ok
A52: 9.7 | B52: Pintura com tinta Óleo COR PANTONE 308U | C52: *Faixa na parede lateral esquerda (arquibancada): 18,22m² + Arquibancada204,02m² *Faixa na parede em frente ao vestiario: (10,35ml + 12,90ml) x 1,50 altura *Faixa na parede área posterior fachada frontal: 29,85ml x 1,50 altura | D52: M² | E52: =18.22+204.02+((10.35+12.9)*1.5)+(29.85*1.5) -> 301.89 | F52: =ROUND(E52,2) -> 301.89 | G52: ok
A53: 9.8 | B53: Pintura com tinta Óleo PANTONE 3125U | C53: Faixa na parede lateral esquerda (arquibancada): 49,70ml x 0,25 altura Faixa na parede em frente ao vestiario: (10,35ml + 12,90ml) x 0,25 altura Faixa na parede área posterior fachada frontal: 29,85ml x 0,25 altura | D53: M² | E53: =(49.7*0.25)+(23.35*0.25)+(29.85*0.25) -> 25.725 | F53: =ROUND(E53,2) -> 25.73 | G53: ok
A54: 9.9 | B54: Esmalte Sint. Metálica (Branco Gelo) Pintura de Esquadrias | C54: Porta 0,90 sem visor (P2) (P4) | D54: M² | E54: =(0.9*2.1*4)*3 -> 22.68 | F54: =ROUND(E54,2) -> 22.68 | G54: ok
A55: SERVIÇOS COMPLEMENTARES
A56: Item | B56: Serviços | C56: Memória Cálculo | D56: Un | E56: Quant.
A57: 10.1 | B57: Tampo de granito para lavatorio | C57: Vestiário Fem.= 1,94ml Vestiário Masc.= 1,94ml | D57: M² | E57: =1.94*2*0.6 -> 2.328 | F57: =ROUND(E57,2) -> 2.33 | G57: ok
A58: 10.2 | B58: Espelho cristal | C58: 0,55 X 0,45 = 0,247M² x 6 UNIDADES | D58: M² | E58: =0.55*0.45*6 -> 1.485 | F58: =ROUND(E58,2) -> 1.49 | G58: ok
A59: 10.3 | B59: Barra de apoio banheiros PCD 0,80cm | C59: Barras de 80cm para chuveiros e vasos sanitarios de banheiros PCD - 09un em cada banheiro | D59: UN | E59: 18 | F59: =ROUND(E59,2) -> 18 | G59: ok
A60: 10.4 | B60: Barra de apoio banheiros PCD 0,40cm | C60: Barras de 40cm para portas de Banheiros PCD | D60: UN | E60: 6 | F60: =ROUND(E60,2) -> 6 | G60: ok
A61: 10.5 | B61: Barra de apoio Articulada para banheiros PCD 0,40cm | C61: Barras de 40cm para pias Banheiros PCD e para as Portas PCD - Uma em cada lado da pia | D61: UN | E61: 2 | F61: =ROUND(E61,2) -> 2 | G61: ok
A62: 10.6 | B62: Logo Caixa | C62: 02 Fachadas | D62: UN | E62: 2 | F62: =ROUND(E62,2) -> 2 | G62: ok
A63: 10.7 | B63: Letra Caixa | C63: Letra caixa h=0,70cm Escrita em 2 fachadas: ESCOLA ESTADUAL SÃO SIMÃO | D63: UN | E63: =24*2 -> 48 | F63: =ROUND(E63,2) -> 48 | G63: ok
A64: 10.8 | B64: Pintura piso da Quadra (passeio/circulação) | C64: Pintura de todo o piso da Quadra (-) área de jogo | D64: M² | E64: =1356.63-E65 -> 936.65 | F64: =ROUND(E64,2) -> 936.65 | G64: ok
A65: 10.9 | B65: Pintura Piso da Quadra área de jogo | C65: Área de jogo | D65: M² | E65: 419.98 | F65: =ROUND(E65,2) -> 419.98 | G65: ok
A66: 10.9 | B66: Pintura Piso da Quadra (faixas de Demarcação) | C66: Faixas de demarcação | D66: M | E66: 402.3 | F66: =ROUND(E66,2) -> 402.3 | G66: ok
A67: 10.10 | B67: Basquete | C67: 01 conjunto para quadra | D67: CJ | E67: 1 | F67: =ROUND(E67,2) -> 1 | G67: ok
A68: 10.11 | B68: Trave Futebol | C68: 01 conjunto para quadra | D68: CJ | E68: 1 | F68: =ROUND(E68,2) -> 1 | G68: ok
A69: 10.12 | B69: Volei | C69: 01 conjunto para quadra | D69: CJ | E69: 1 | F69: =ROUND(E69,2) -> 1 | G69: ok
A70: 10.13 | B70: Banco Articulado | C70: 01 banco em cada banheiros F/M | D70: UN | E70: 2 | F70: =ROUND(E70,2) -> 2 | G70: ok
A71: URBANIZAÇÃO E PAISAGISMO
A72: Item | B72: Serviços | C72: Memória Cálculo | D72: Un | E72: Quant.
A73: 10.1 | B73: Calçada (Passeio) | C73: *Calçada em volta de toda quadra m² (largura 1,20m²) | D73: M³ | E73: =207.84*0.06 -> 12.4704 | F73: =E73 -> 12.4704 | G73: ok
A74: LIMPEZA DA OBRA
A75: Item | B75: Serviços | C75: Memória Cálculo | D75: Un | E75: Quant.
A76: 12.1 | B76: Limpeza vidro | C76: Igual area de esquadrias | D76: M² | E76: =E27+E28 -> 5.44 | F76: =ROUND(E76,2) -> 5.44 | G76: ok
A77: 12.2 | B77: Limpeza azulejo | C77: Igual area de revestimentos 20x20 e 5x5 | D77: M² | E77: =E34+E35 -> 310.88 | F77: =ROUND(E77,2) -> 310.88 | G77: ok
A78: 12.3 | B78: Limpeza Final da Obra | C78: Área dos Vestiários + Quadra + Calçada | D78: M² | E78: 1566.94 | F78: =ROUND(E78,2) -> 1566.94 | G78: ok

Sheet Muro de arrimo
A1: LEVANTAMENTO QUANTITATIVOS EE SÃO SIMÃO - MURO DE ARRIMO_R01
A3: INFRA-ESTRUTURA
A4: ITENS GERAIS | K4: =K5/I5 -> 0.68808233 | N4: =M5/I5 -> 0.31191767
A5: ESCAVAÇÃO MECANIZADA PARA EXECUÇÃO DO MURO DE ARRIMO | I5: 1211.73 | J5: m3 | K5: 833.77 | L5: acima de 2m | M5: =I5-K5 -> 377.96 | N5: abaixo de 2m
A6: APILOAMENTO DO FUNDO DAS LAJES DE EQUILIBRIO DO MURO DE ARRIMO | I6: 528.45 | J6: m2
A7: LASTRO DE CONCRETO DE 5CM (FUNDO DA LAJE DE EQUILIBRIO DO MURO DE ARRIMO) | I7: =I6 -> 528.45 | J7: m2
A8: FÔRMAS DO MURO DE ARRIMO | I8: 1095.12 | J8: m2
A9: AÇO CA50 - 8mm (kg) | I9: 1153.7 | J9: kg
A10: AÇO CA50 - 10mm (kg) | I10: 9471.76 | J10: kg
A11: AÇO CA50 - 12,5mm (kg) | I11: 3671.64 | J11: kg
A12: VOLUME DE CONCRETO - FCK 25MPa | I12: 272.89 | J12: m3 | L12: =(I11+I10+I9)/I12 -> 52.39144
A13: LANÇAMENTO DE CONCRETO (m3) | I13: =I12 -> 272.89 | J13: m3
A14: REATERRO E COMPACTAÇÃO | I14: =I5-I12 -> 938.84 | J14: m3 | K14: 646 | L14: acima de 2m | M14: =TRUNC(I14*N4,2) -> 292.84 | N14: abaixo de 2m
A15: BOTA FORA | I15: =I13*1.3 -> 354.757 | J15: m3

Sheet EST. BLOCO 1
A1: LEVANTAMENTO QUANTITATIVOS ESTRUTURAL - BLOCO 1
A3: CRIAÇÃO DE PLATÔ PARA INÍCIO DA EXECUÇÃO DOS ELEMENTOS DE CONCRETO
A4: FORNECIMENTO DE ATERRO (ESTIMADO VOLUME REFERENTE A CAMADA DE 0,60m EM TODA ÁREA DO BLOCO - COM SAIA DE PLATÔ DE 45°) - m3 | I4: =0.6*I24 -> 578.082
A5: ESPALHAMENTO DO MATERIAL (ÁREA DO BLOCO 1) - VER SE HÁ NECESSIDADE DE SER CONTADO DUAS VEZES, POIS É NECESSÁRIO FAZER O ESPALHAMENTO EM DUAS CAMADAS DE 0,20m - m2 | I5: =I24 -> 963.47
A6: COMPACTAÇÃO DO MATERIAL (SUGIRO UTILIZAR ROLO COMPACTADOR) - m3 | I6: =I4 -> 578.082
A8: INFRA-ESTRUTURA
A9: ITENS GERAIS
A10: Execuão de estaca hélice contínua monitorada, diam. 30cm, 12 m de comprimento. Não incluso armação | I10: =80*12 -> 960
A11: AÇO DAS ESTACAS - CA60 - 5mm (kg) | I11: 616
A12: AÇO DAS ESTACAS - CA50 - 8mm (kg) | I12: 1517
A13: ESCAVAÇÃO DOS BLOCOS DE COROAMENTO (CONSIDERADO ÁREA DOS BLOCOS E FOLGA DE 20cm PARA CADA LADO) - m3 | I13: =16*1*1*0.65+31*1.9*1*0.65+2*1.1*0.65 -> 50.115
A14: ESCAVAÇÃO DAS VIGAS BALDRAMES (CONSIDERADO VOLUME DE CONCRETO DAS BALDRAMES, DIVIDIDO PELA LARGURA DAS VIGAS (14cm) E MULTIPLICADO PELA LARGURA DA VALA (54cm) - 20cm PARA CADA LADO - m3 | I14: =I41/0.14*0.54 -> 105.95571
A15: APILOAMENTO DE FUNDO DOS BLOCOS - CONSIDERADO ÁREA ESCAVADA - m2 | I15: =16*1*1+31*1.9*1+2*1.1 -> 77.1
A16: APILOAMENTO DE FUNDO DAS VIGAS BALDRAMES - CONSIDERADO ÁREA ESCAVADA - (VOLUME DE ESCAVAÇÃO DIVIDIDO PELA ALTURA DAS VIGAS) - m2 | I16: =I14/0.6 -> 176.59286
A17: LASTRO DE CONCRETO - BLOCOS DE COROAMENTO (ÁREA DE APILOAMENTO * 5cm) - m2 | I17: =I15 -> 77.1
A18: LASTRO DE CONCRETO - VIGAS BALDRAMES (ÁREA DE APILOAMENTO * 5cm) - m2 | I18: =I16 -> 176.59286
A19: REATERRO DOS BLOCOS DE COROAMENTO - ESCAVAÇÃO MENOS VOLUME DE CONCRETO (m3) | I19: =I13-I33 -> 29.245
A20: REATERRO DAS VIGAS BALDRAMES - ESCAVAÇÃO MENOS VOLUME DE CONCRETO (m3) | I20: =I14-I41 -> 78.485714
A21: BOTA FORA DAS SAPATAS - VOLUME DE CONCRETO DAS SAPATAS X EMPOLAMENTO (m3) | I21: =I33*1.4 -> 29.218
A22: BOTA FORA DAS VIGAS BALDRAMES - VOLUME DE CONCRETO DAS SAPATAS X EMPOLAMENTO (m3) | I22: =I41*1.4 -> 38.458
A23: IMPERMEABILIZAÇÃO - FACE LATERAL E TOPO DAS VIGAS BALDRAMES - IGUAL ÁREA DE FORMAS - m2 | I23: =I40 -> 442.43
A24: ÁREA PARCIAL PARA VERIFICAÇÃO DE QTDADE DE FUROS DE SONDAGEM (m2) | I24: 963.47
A25: CONTRAPISO ARMADO
A26: LASTRO COM PREPARO DE FUNDO COM CAMADA DE BRITA - PARA IMPERMEABILIZAÇÃO DE CONTRAPISO ARMADO - (ÁREA INTERNA * 5cm) - m3 | I26: =I27*0.05 -> 48.1735
A27: LONA PLÁSTICA PRETA PARA IMPERMEABILIZAÇÃO DE CONTRAPISO (m2) | I27: =I24 -> 963.47
A28: VOLUME DE CONCRETO - CONSIDERADO 7cm DE ESPESSURA (m3) | I28: =I24*0.07 -> 67.4429
A29: LANÇAMENTO DE CONCRETO (m3) | I29: =I28 -> 67.4429
A30: TELA - Q92 - m2 - consid. 20% perda trespasse | I30: =I24*1.2 -> 1156.164
A31: BLOCOS DE COROAMENTO
A32: FORMA PARA FUNDAÇÃO (m2) | I32: 103.92
A33: VOLUME DE CONCRETO (m3) | I33: 20.87
A34: LANÇAMENTO DE CONCRETO (m3) | I34: =I33 -> 20.87
A35: AÇO DOS BLOCOS DE COROAMENTO - CA50 - 6,3mm (kg) | I35: 351
A36: AÇO DOS BLOCOS DE COROAMENTO - CA50 - 8mm (kg) | I36: 81
A37: AÇO DOS BLOCOS DE COROAMENTO - CA50 - 10mm (kg) | I37: 326
A39: VIGAS BALDRAMES
A40: FORMA PARA FUNDAÇÃO (m2) | I40: 442.43
A41: VOLUME DE CONCRETO (m3) | I41: 27.47
A42: LANÇAMENTO DE CONCRETO (m3) | I42: =I41 -> 27.47
A43: AÇO CA60 - 5mm (kg) | I43: =151+138+61 -> 350
A44: AÇO CA50 - 6,3mm (kg) | I44: =228+155+42 -> 425
A45: AÇO CA50 - 8mm (kg) | I45: =61+54 -> 115
A46: AÇO CA50 - 10mm (kg) | I46: =328+258+109 -> 695
A54: SUPER-ESTRUTURA
A55: PILARES
A56: FORMA (m2) | I56: =34+178.48+43.45 -> 255.93
A57: VOLUME DE CONCRETO (m3) | I57: =2.21+11.58+2.82 -> 16.61
A58: LANÇAMENTO DE CONCRETO (m3) | I58: =I57 -> 16.61
A59: AÇO CA60 - 5mm (kg) | I59: 430
A60: AÇO CA50 - 8mm (kg) | I60: 50
A61: AÇO CA50 - 10mm (kg) | I61: 858
A62: AÇO CA50 - 12,5mm (kg) | I62: 167
A63: VIGAS
A64: FORMA (m2) | I64: =458.14+98.84 -> 556.98
A65: VOLUME DE CONCRETO (m3) | I65: =36.44+6.8 -> 43.24
A66: LANÇAMENTO DE CONCRETO (m3) | I66: =I65 -> 43.24
A67: AÇO CA60 - 5mm (kg) | I67: =206+226+84 -> 516
A68: AÇO CA50 - 6,3mm (kg) | I68: =192+145+127 -> 464
A69: AÇO CA50 - 8mm (kg) | I69: =126+108 -> 234
A70: AÇO CA50 - 10mm (kg) | I70: =405+565+190 -> 1160
A71: AÇO CA50 - 12,5mm (kg) | I71: =88+64+15 -> 167
A72: AÇO CA50 - 16mm (kg) | I72: =13 -> 13
A73: LAJES
A74: LAJE PRÉ-MOLDADA TRELIÇADA, PARA COBERTURA, INCLUSIVE EPS, CAPEAMENTO 4,0cm E ALTURA FINAL 12,0cm, fck=25MPa. INCLUSO ESCORAMENTO | I74: 963.47
A75: TELA - Q92 - m2 - consid. 20% perda trespasse | I75: =I74*1.2 -> 1156.164
A76: ESTRUTURA DE COBERTURA (Ver proj. est. Metálicas)
A77: COBERTURA METÁLICA
A78: ESTRUTURA METÁLICA (ESTRUTURA METÁLICA + PLACA BASE) | I78: =13509.37 -> 13509.37
A79: PINTURA P/ EST. METÁLICA (PINTURA COM ESMALTE SINTÉTICO) | I79: 841.44
A80: AÇO CA50 - 16mm (CHUMBADORES DA PLACA BASE) | I80: 156.46

Sheet EST. BLOCO 2
A1: LEVANTAMENTO QUANTITATIVOS ESTRUTURAL - BLOCO 02
A3: CRIAÇÃO DE PLATÔ PARA INÍCIO DA EXECUÇÃO DOS ELEMENTOS DE CONCRETO | J3: UND
A4: FORNECIMENTO DE ATERRO (ESTIMADO VOLUME REFERENTE A CAMADA DE 0,40m EM TODA ÁREA DO BLOCO 02 - COM SAIA DE PLATÔ DE 45°) | I4: =I5*0.4 -> 372.968 | J4: M3 | K4: LEVANTAR DE ACORDO COM A TOPOGRAFIA
A5: ESPALHAMENTO DO MATERIAL (ÁREA DA QUADRA) - VER SE HÁ NECESSIDADE DE SER CONTADO DUAS VEZES, POIS É NECESSÁRIO FAZER O ESPALHAMENTO EM DUAS CAMADAS DE 0,20m | I5: =I19 -> 932.42 | J5: M2
A6: COMPACTAÇÃO DO MATERIAL (SUGIRO UTILIZAR ROLO COMPACTADOR) | I6: =I5*0.4 -> 372.968 | J6: M3
A8: INFRA-ESTRUTURA
A9: ITENS GERAIS | J9: UND
A10: ESCAVAÇÃO DOS BLOCOS (CONSIDERADO ÁREA DOS BLOCOS E FOLGA DE 20cm PARA CADA LADO - ALTURA DO BLOCO + 5cm DE LASTRO + ALTURA DO BALDRAME) | I10: =26*(0.6+0.4)*(0.6+0.4)*(0.6+0.6+0.05)+31*(1.5+0.4)*(0.6+0.4)*(0.6+0.6+0.05) -> 106.125 | J10: M3
A11: ESCAVAÇÃO DAS VIGAS BALDRAMES (CONSIDERADO VOLUME DE CONCRETO DAS BALDRAMES, DIVIDIDO PELA LARGURA DAS VIGAS (14cm) E MULTIPLICADO PELA LARGURA DA VALA (54cm) - 20cm PARA CADA LADO | I11: =I45/14*54 -> 98.357143 | J11: M3
A12: REATERRO DOS BLOCOS + BALDRAMES (ESCAVAÇÃO DOS BLOCOS + ESCAVAÇÃO DAS BALDRAMES - VOLUME DE CONCRETO DOS BLOCOS - VOL. CONCRETO DOS TOCOS DE PILARES - VOL. DE CONCRETO DAS BALDRAMES) | I12: =I10+I11-I34-I45-I53 -> 154.22614 | J12: M3
A13: BOTAFORA MATERIAL DAS SAPATAS + BALDRAMES (CONSIDERADO 30% DE EMPOLAMENTO) | I13: =(I34+I45+I53)*1.3 -> 65.3328 | J13: M3
A14: APILOAMENTO DE FUNDO DAS SAPATAS - CONSIDERADO ÁREA ESCAVADA | I14: =I10/(0.05+0.6+0.6) -> 84.9 | J14: M2
A15: APILOAMENTO DE FUNDO DAS VIGAS BALDRAMES - CONSIDERADO ÁREA ESCAVADA - (VOLUME DE ESCAVAÇÃO DIVIDIDO PELA ALTURA DAS VIGAS) | I15: =I11/0.6 -> 163.92857 | J15: M2
A16: LASTRO DE CONCRETO DE 5cm - SAPATAS | I16: =I14 -> 84.9 | J16: M2
A17: LASTRO DE CONCRETO DE 5cm - VIGAS BALDRAMES | I17: =I15 -> 163.92857 | J17: M2
A18: IMPERMEABILIZAÇÃO - FACE LATERAL E TOPO DAS VIGAS BALDRAMES - IGUAL ÁREA DE FORMAS | I18: =I44 -> 416.5 | J18: M2
A19: AREA PARCIAL P/ VERIFICAÇÃO DE QUANTIDADE DE FUROS DE SONDAGEM | I19: 932.42 | J19: M2
A20: CONTRAPISO ARMADO | J20: UND
A21: LASTRO COM PREPARO DE FUNDO COM CAMADA DE BRITA PARA IMPERMEABILIZAÇÃO DO CONTRAPISO ARMADO e=5CM | I21: =I19 -> 932.42 | J21: M2
A22: LONA PLASTICA PRETA PARA IMPERMEABILIZAÇÃO DE PISO | I22: =I19 -> 932.42 | J22: M2
A23: VOLUME DE CONCRETO FCK=25MPA (AREA INTERNA * 7cm) | I23: =I19*0.07 -> 65.2694 | J23: M3
A24: LANÇAMENTO DE CONCRETO | I24: =I23 -> 65.2694 | J24: M3
A25: TELA - Q92 (COM PERDA DE 20% DO TRASPASSE) | I25: =I19*1.2 -> 1118.904 | J25: M2
A27: ESTACAS | J27: UND
A28: ESTACAS HELICE CONTINUA MONITORADA Diâmetro 30 cm - Comprimento 12m | I28: =88*12 -> 1056 | J28: m
A29: AÇO DAS ESTACAS - CA60 - 5,0mm | I29: 677.6 | J29: KG
A30: AÇO DAS ESTACAS - CA50 - 8,0mm | I30: 1668.48 | J30: KG
A32: BLOCOS DE FUNDAÇÃO | J32: UND
A33: FORMA PARA FUNDAÇÃO | I33: =31*(1.5+1.5+0.6+0.6)*0.6+26*(0.6+0.6+0.6+0.6)*0.6 -> 115.56 | J33: M2
A34: VOLUME DE CONCRETO FCK=25MPA | I34: =31*1.5*0.6*0.6+26*0.6*0.6*0.6 -> 22.356 | J34: M3
A35: LANÇAMENTO DE CONCRETO | I35: =I34 -> 22.356 | J35: M3
A36: AÇO CA60 - 5mm | I36: 0 | J36: KG
A37: AÇO CA50 - 6,3mm | I37: 328 | J37: KG
A38: AÇO CA50 - 8mm | I38: 0 | J38: KG
A39: AÇO CA50 - 10mm | I39: 386 | J39: KG
A40: AÇO CA50 - 12.5mm | I40: 249 | J40: KG
A41: AÇO CA50 - 16mm | I41: 0 | J41: KG
J42: M
A43: VIGAS BALDRAMES | J43: UND
A44: FORMA | I44: 416.5 | J44: M2
A45: VOLUME DE CONCRETO FCK=25MPA | I45: 25.5 | J45: M3
A46: LANÇAMENTO DE CONCRETO | I46: =I45 -> 25.5 | J46: M3
A47: AÇO CA60 - 5mm | I47: 349 | J47: KG
A48: AÇO CA60 - 6,3mm | I48: 280 | J48: KG
A49: AÇO CA50 - 8mm | I49: 207 | J49: KG
A50: AÇO CA50 - 10mm | I50: 634 | J50: KG
A51: TOCO DE PILAR (ENTRE TOPO DO BLOCO E TOPO DA VIGA BALDRAME) | J51: UND
A52: FORMA | I52: 37.9 | J52: M2
A53: VOLUME DE CONCRETO FCK=25MPA | I53: 2.4 | J53: M3
A54: LANÇAMENTO DE CONCRETO | I54: =I53 -> 2.4 | J54: M3
A55: AÇO CA50 - 5mm | I55: 98 | J55: KG
A56: AÇO CA50 - 8mm | I56: 2 | J56: KG
A57: AÇO CA50 - 10mm | I57: 265 | J57: KG
A58: AÇO CA50 - 16mm | I58: 0 | J58: KG
A60: SUPER-ESTRUTURA
A61: PILARES | J61: UND
A62: FORMA | I62: =224.7+78.3+45.3 -> 348.3 | J62: M2
A63: VOLUME DE CONCRETO FCK=25MPA | I63: =14.1+5+2.9 -> 22 | J63: M3
A64: LANÇAMENTO DE CONCRETO | I64: =I63 -> 22 | J64: M3
A65: AÇO CA60 - 5mm | I65: =40+146+347 -> 533 | J65: KG
A66: AÇO CA50 - 8mm | I66: =10+33+10 -> 53 | J66: KG
A67: AÇO CA50 - 10mm | I67: =80+289+748 -> 1117 | J67: KG
A68: AÇO CA50 - 12.5mm | I68: 0 | J68: KG
A69: AÇO CA50 - 16mm | I69: 0 | J69: KG
A70: VIGAS | J70: UND
A71: FORMA | I71: =125.5+283.3+395.8 -> 804.6 | J71: M2
A72: VOLUME DE CONCRETO FCK=25MPA | I72: =8.8+22.2+31.1 -> 62.1 | J72: M3
A73: LANÇAMENTO DE CONCRETO | I73: =I72 -> 62.1 | J73: M3
A74: AÇO CA60 - 5mm | I74: =108+254+383 -> 745 | J74: KG
A75: AÇO CA60 - 6,3mm | I75: =242+125+121 -> 488 | J75: KG
A76: AÇO CA50 - 8mm | I76: =8+315+260 -> 583 | J76: KG
A77: AÇO CA50 - 10mm | I77: =260+547+858 -> 1665 | J77: KG
A78: AÇO CA50 - 12.5mm | I78: =86+55+10 -> 151 | J78: KG
A79: AÇO CA50 - 16mm | I79: 122 | J79: KG
A81: LAJE | J81: UND
A82: LAJE TRELIÇADA H=12cm (SOBRECARGA PERM + ACID. DE ATÉ 200,KG/M2) | I82: 1004.6 | J82: M2
A84: ESTRUTURA DE COBERTURA (Ver proj. est. Metálicas)
A85: COBERTURA | J85: UND
A86: ESTRUTURA METÁLICA (ESTRUTURA METÁLICA + PLACA BASE) | I86: 20026.46 | J86: KG
A87: PINTURA P/ EST. METÁLICA (PINTURA COM ESMALTE SINTÉTICO) | I87: 930.6 | J87: M2
A88: AÇO CA50 - 16mm (CHUMBADORES DA PLACA BASE) | I88: 151.72 | J88: KG

Sheet EST. CISTERNA
A1: LEVANTAMENTO QUANTITATIVOS CISTERNA VOLUME 25000 LITROS
A4: INFRA-ESTRUTURA
A5: ITENS GERAIS | J5: UND
A6: ESCAVAÇÃO DA CISTERNA (CONSIDERADO ÁREA DA CISTERNA E FOLGA DE 50cm PARA CADA LADO - ALTURA DA CISTERNA + 5cm DE LASTRO) - 33,81m2 X 2,95m = 99,74m3 | I6: =33.81*2.95 -> 99.7395 | J6: M3
A7: REATERRO DA CISTERNA | I7: =15.45*2.95 -> 45.5775 | J7: M3
A8: BOTAFORA MATERIAL DA CISTERNA (CONSIDERADO 40% DE EMPOLAMENTO) | I8: =(I6-I7)*1.4 -> 75.8268 | J8: M3
A9: APILOAMENTO DE FUNDO DA CISTERNA - CONSIDERADO ÁREA ESCAVADA | I9: =33.81 -> 33.81 | J9: M2
A10: LASTRO DE CONCRETO 5cm - CISTERNA | I10: =23 -> 23 | J10: M2
A11: PINTURA INTERNA COM REVESTIMENTO IMPERMEABILIZANTE TIPO SIKATOP 100 (LATERAIS E FUNDO DA CISTERNA) | I11: =15+(5*2.85)+(3*2.85)+(5*2.85)+(3*2.85) -> 60.6 | J11: M2
A14: RADIER | J14: UND
A15: FORMA PARA FUNDAÇÃO | I15: =11.25 -> 11.25 | J15: M2
A16: VOLUME DE CONCRETO FCK=25MPA (COM ADITIVO IMPERMEABILIZANTE) | I16: =3.38 -> 3.38 | J16: M3
A17: LANÇAMENTO DE CONCRETO | I17: =I16 -> 3.38 | J17: M3
A18: AÇO CA60 - 6.3mm | I18: - | J18: KG
A19: AÇO CA50 - 8mm | I19: =71+69+72.2+64 -> 276.2 | J19: KG
A21: SAPATA CORRIDA | J21: UND
A22: FORMA PARA FUNDAÇÃO | I22: =10.56 -> 10.56 | J22: M2
A23: VOLUME DE CONCRETO FCK=25MPA (COM ADITIVO IMPERMEABILIZANTE) | I23: =3.7 -> 3.7 | J23: M3
A24: LANÇAMENTO DE CONCRETO | I24: =I23 -> 3.7 | J24: M3
A25: AÇO CA60 - 6.3mm | I25: - | J25: KG
A26: AÇO CA50 - 12.5mm | I26: 802.56 | J26: KG
A27: AÇO CA50 - 16mm | I27: - | J27: KG
A28: CORTINAS | J28: UND
A29: FORMA | I29: =11.76+5.88+100.32+3.12+3.14 -> 124.22 | J29: M2
A30: VOLUME DE CONCRETO FCK=25MPA (COM ADITIVO IMPERMEABILIZANTE) | I30: =10.03 -> 10.03 | J30: M3
A31: LANÇAMENTO DE CONCRETO | I31: =I30 -> 10.03 | J31: M3
A32: AÇO CA60 - 6.3mm | I32: =250 -> 250 | J32: KG
A33: AÇO CA50 - 12.5mm | I33: 582 | J33: KG
A34: AÇO CA50 - 16mm | I34: 119.6 | J34: KG
A35: AÇO CA50 - 8mm (ARMADURA DE REFORÇO DE CANTOS DA CORTINA) | I35: =141.7 -> 141.7 | J35: KG
A36: AÇO CA50 - 8mm (ARMADURA DE REFORÇO DE FUNDO DA CORTINA) | I36: =117.24 -> 117.24 | J36: KG
A37: AÇO CA50 - 12.5mm (ESCADA) | I37: =11.1*0.963 -> 10.6893 | J37: KG
A39: SUPER-ESTRUTURA
A40: PILARES | J40: UND
A41: FORMA | I41: =8.4 -> 8.4 | J41: M2
A42: VOLUME DE CONCRETO FCK=25MPA | I42: =0.52 -> 0.52 | J42: M3
A43: LANÇAMENTO DE CONCRETO | I43: =I42 -> 0.52 | J43: M3
A44: AÇO CA60 - 5mm | I44: =60 -> 60 | J44: KG
A45: AÇO CA50 - 10mm | I45: =19 -> 19 | J45: KG
A46: VIGAS DE COBERTURA | J46: UND
A47: FORMA | I47: =2.34+12.48 -> 14.82 | J47: M2
A48: VOLUME DE CONCRETO FCK=25MPA | I48: 1.06 | J48: M3
A49: LANÇAMENTO DE CONCRETO | I49: =I48 -> 1.06 | J49: M3
A50: AÇO CA60 - 5mm | I50: =16.7 -> 16.7 | J50: KG
A52: AÇO CA50 - 8mm | I52: =10.2 -> 10.2 | J52: KG
A53: AÇO CA50 - 10mm | I53: =26.2 -> 26.2 | J53: KG
A54: AÇO CA50 - 16mm | J54: KG
A55: LAJE MACIÇA | J55: UND
A56: FORMA | I56: =13.9 -> 13.9 | J56: M2
A57: VOLUME DE CONCRETO FCK=25MPA | I57: =1.06 -> 1.06 | J57: M3
A58: LANÇAMENTO DE CONCRETO | I58: =I57 -> 1.06 | J58: M3
A59: AÇO CA50 - 8mm | I59: =50.2+46.5+45.3+53 -> 195 | J59: KG
A62: ESTRUTURA DE COBERTURA
A63: COBERTURA | J63: UND
A64: ESTRUTURA METÁLICA (ESTRUTURA METÁLICA + PLACA BASE) | I64: =299.15+4.52 -> 303.67 | J64: KG
A65: PINTURA P/ EST. METÁLICA (PINTURA COM ESMALTE SINTÉTICO) | I65: 36.4 | J65: M2
A66: AÇO CA50 - 16mm (CHUMBADORES DA PLACA BASE) | I66: =6.82 -> 6.82 | J66: KG

Sheet EST. PERGOLADO
A1: LEVANTAMENTO QUANTITATIVOS PERGOLADO PLAYGROUND
A4: INFRA-ESTRUTURA | L4: NÃO CONSIDERAR ESTA TABELA NA PLANILHA QUANTITATIVA !!!
A5: ITENS GERAIS | J5: UND | L5: ESCAVAÇAO REFEITÓRIO - BLOCOS SOBRE ESTACA
A6: ESCAVAÇÃO DE BLOCO SOBRE ESTACAS E VIGAS DE TRAVAMENTO (CONSIDERADO ÁREA DO BLOCO / VIGA TRAVAMENTO E FOLGA DE 20cm PARA CADA LADO - ALTURA DO BLOCO / VIGA TRAVAMENTO + 5cm DE LASTRO + ALTURA ATÉ O SOLO) | I6: =R8+R11 -> 43.6543 | J6: M3 | L6: P1, P2, P3, P4, P5, P6, P7 e P8
L7: QUANT. | M7: LADO 1 | N7: LADO 2 | O7: AREA | P7: H BLOCO | Q7: H PILAR | R7: ESCAVAÇÃO (M3) | S7: APILOAMENTO (M2)
A8: REATERRO DOS BLOCOS E VIGAS DE TRAVAMENTO (ESCAVAÇÃO DOS BLOCOS / VIGAS DE TRAVAMENTO - VOLUME DE CONCRETO DOS ELEMENTOS) | I8: =I6-I20-I28 -> 33.7943 | J8: M3 | L8: 11 | M8: 1.3 | N8: 1.3 | O8: =M8*N8 -> 1.69 | P8: 0.45 | Q8: 0.4 | R8: =O8*(P8+Q8)*L8 -> 15.8015 | S8: =O8*L8 -> 18.59
A9: BOTAFORA MATERIAL DOS BLOCOS E VIGAS DE TRAVAMENTO (CONSIDERADO 40% DE EMPOLAMENTO) | I9: =(I20+I28)*1.4 -> 13.804 | J9: M3 | L9: VIGAS DE TRAVAMENTO
A10: APILOAMENTO DE FUNDO DOS BLOCOS E VIGAS DE TRAVAMENTO - CONSIDERADO ÁREA ESCAVADA | I10: =S8+S11 -> 51.358 | J10: M2 | L10: QUANT. | M10: LADO 1 | N10: LADO 2 | O10: AREA | P10: H BLOCO | Q10: H PILAR | R10: ESCAVAÇÃO (M3) | S10: APILOAMENTO (M2)
L11: 1 | M11: =2.43+2.43+2.6+2.6+1.44+2.11+2.11+2.13+1.09+1.09+1.9+4.43+5.54+5.68+3.38 -> 40.96 | N11: =0.4+0.4 -> 0.8 | O11: =M11*N11 -> 32.768 | P11: 0.45 | Q11: 0.4 | R11: =O11*(P11+Q11)*L11 -> 27.8528 | S11: =O11*L11 -> 32.768
A12: LASTRO DE CONCRETO - BLOCOS SOBRE ESTACAS E VIGAS DE TRAVAMENTO (ÁREA DE APILOAMENTO * 5cm) | I12: =I10 -> 51.358 | J12: M2
A18: BLOCOS SOBRE ESTACA | J18: UND
A19: FORMA PARA FUNDAÇÃO | I19: =12.32 -> 12.32 | J19: M2
A20: VOLUME DE CONCRETO FCK=25MPA | I20: =3.56 -> 3.56 | J20: M3
A21: LANÇAMENTO DE CONCRETO | I21: =I20 -> 3.56 | J21: M3
A22: AÇO CA60 - 5mm (+ AÇO ESTACAS) | I22: =15.29+82 -> 97.29 | J22: KG
A23: AÇO CA60 - 8mm (+ AÇO ESTACAS) | I23: =218 -> 218 | J23: KG
A24: AÇO CA50 - 10mm | I24: =161.15 -> 161.15 | J24: KG
A25: HÉLICE CONTÍNUA MONITORADA (11 ESTACAS DE 12 METROS) | I25: =11*12 -> 132 | J25: M
A26: VIGAS DE TRAVAMENTO | J26: UND
A27: FORMA | I27: =31.49 -> 31.49 | J27: M2
A28: VOLUME DE CONCRETO FCK=25MPA | I28: =6.3 -> 6.3 | J28: M3
A29: LANÇAMENTO DE CONCRETO | I29: =I28 -> 6.3 | J29: M3
A30: AÇO CA50 - 8mm | I30: =115.16 -> 115.16 | J30: KG
A31: AÇO CA50 - 12,5mm | I31: =255.23 -> 255.23 | J31: KG
A33: PILARES DE FUNDAÇÃO | J33: UND
A34: FORMA | I34: =4.62 -> 4.62 | J34: M2
A35: VOLUME DE CONCRETO FCK=25MPA | I35: =0.33 -> 0.33 | J35: M3
A36: LANÇAMENTO DE CONCRETO | I36: =I35 -> 0.33 | J36: M3
A37: AÇO CA60 - 5mm | I37: =12.1 -> 12.1 | J37: KG
A38: AÇO CA50 - 10mm | I38: =84.7 -> 84.7 | J38: KG
A40: ESTRUTURA DE COBERTURA
A41: COBERTURA | J41: UND
A42: ESTRUTURA METÁLICA (ESTRUTURA METÁLICA + PLACA BASE) | I42: =1234.9+38.86 -> 1273.76 | J42: KG
A43: PINTURA P/ EST. METÁLICA (PINTURA COM ESMALTE SINTÉTICO) | I43: =68.14 -> 68.14 | J43: M2
A44: AÇO CA50 - 16mm (CHUMBADORES DA PLACA BASE) | I44: =24.72 -> 24.72 | J44: KG

Sheet EST. QUADRA
A1: LEVANTAMENTO QUANTITATIVOS ESTRUTURAL QUADRA POLIESPORTIVA GRANDE
A3: CRIAÇÃO DE PLATÔ PARA INÍCIO DA EXECUÇÃO DOS ELEMENTOS DE CONCRETO | J3: UN.
A4: FORNECIMENTO DE ATERRO (ESTIMADO VOLUME REFERENTE A CAMADA DE 0,40m EM TODA ÁREA DA QUADRA E DO VESTIÁRIO - COM SAIA DE PLATÔ DE 45°) - m3 | I4: =I23*0.4 -> 626.732 | J4: m3 | K4: LEVANTAR DE ACORDO COM A TOPOGRAFIA
A5: ESPALHAMENTO E COMPACTAÇÃO DO MATERIAL (SUGIRO UTILIZAR ROLO COMPACTADOR) - m3 | I5: =I23 -> 1566.83 | J5: M2
A6: COMPACTAÇÃO DE ATERRO | I6: =I4 -> 626.732 | J6: m3
A7: INFRA-ESTRUTURA
A8: ITENS GERAIS | J8: UN.
A9: ESTACA HÉLICE CONTÍNUA, DIÂMETRO DE 30 CM, COMPRIMENTO TOTAL ATÉ 15 M, PERFURATRIZ COM TORQUE DE 170 KN.M. AF_02/2015 (sem Armação) | I9: =30*2*12 -> 720 | J9: m
A10: AÇO DAS ESTACAS - CA60 - 5,0mm | I10: 462 | J10: KG
A11: AÇO DAS ESTACAS - CA50 - 8,0mm | I11: 1137.6 | J11: KG
A12: ESCAVAÇÃO DOS BLOCOS (CONSIDERADO ÁREA DOS BLOCOS E FOLGA DE 20cm PARA CADA LADO - ALTURA DE ASSENTAMENTO DO BLOCO CONFORME PROJETO) - m3 | I12: =30*(1.5+0.2+0.2)*(0.6+0.2+0.2)*(0.9+0.6+0.05) -> 88.35 | J12: m3
A13: ESCAVAÇÃO DAS VIGAS BALDRAMES (CONSIDERADO 20cm PARA CADA LADO) - m3 | I13: =(0.2+0.2+0.2)*(30+50.25+30+50.25)*(0.6+0.05)+(0.2+0.14+0.2)*(3.945*4+15.04+5.06+2.36)*(0.4+0.05) -> 71.88732 | J13: m3
A14: APILOAMENTO DE FUN.O DOS BLOCOS - CONSIDERADO ÁREA ESCAVADA - m2 | I14: =30*(0.2+1.5+0.2)*(0.2+0.6+0.2) -> 57 | J14: m2
A15: APILOAMENTO DE FUN.O DAS VIGAS BALDRAMES - CONSIDERADO ÁREA ESCAVADA - (VOLUME DE ESCAVAÇÃO DIVIDIDO PELA ALTURA DAS VIGAS) - m2 | I15: =(0.2+0.2+0.2)*(30+50.25+30+50.25)+(0.2+0.14+0.2)*(3.945*4+15.04+5.06+2.36) -> 116.9496 | J15: m2
A16: LASTRO DE CONCRETO - BLOCOS (ÁREA DE APILOAMENTO * 5cm) - m2 | I16: =I14 -> 57 | J16: m2
A17: LASTRO DE CONCRETO - VIGAS BALDRAMES (ÁREA DE APILOAMENTO * 5cm) - m2 | I17: =I15 -> 116.9496 | J17: m2
A18: REATERRO DOS BLOCOS - ESCAVAÇÃO MENOS VOLUME DE CONCRETO DOS BLOCOS E DO TOCO DE PILAR (m3) | I18: =I12-I32-I14*0.05-I41 -> 58.7 | J18: m3
A19: REATERRO DAS VIGAS BALDRAMES - ESCAVAÇÃO MENOS VOLUME DE CONCRETO (m3) | I19: =I13-I15*0.05-I51 -> 45.83984 | J19: m3
A20: BOTA FORA DOS BLOCOS - VOLUME DE CONCRETO DAS BLOCOS X EMPOLAMENTO (m3) | I20: =I32*1.3 -> 31.59 | J20: m3
A21: BOTA FORA DAS VIGAS BALDRAMES - VOLUME DE CONCRETO DAS VIGAS BALDRAMES X EMPOLAMENTO (m3) | I21: =I51*1.3 -> 26.26 | J21: m3
A22: IMPERMEABILIZAÇÃO - FACE LATERAL E TOPO DAS VIGAS BALDRAMES - IGUAL ÁREA DE FORMAS - m2 | I22: =I50 -> 246.2 | J22: m2
A23: ÁREA PARCIAL PARA VERIFICAÇÃO DE QTDADE DE FUROS DE SONDAGEM (m2) | I23: 1566.83 | J23: m2
A24: CONTRAPISO ARMADO | J24: UN.
A25: LASTRO COM PREPARO DE FUN.O COM CAMADA DE BRITA - PARA IMPERMEABILIZAÇÃO DE CONTRAPISO ARMADO - (ÁREA INTERNA * 5cm) - m3 | I25: =I23*0.05 -> 78.3415 | J25: M3
A26: LONA PLÁSTICA PRETA PARA IMPERMEABILIZAÇÃO DE CONTRAPISO (m2) | I26: =I23 -> 1566.83 | J26: m2
A27: VOLUME DE CONCRETO - CONSIDERADO 7cm DE ESPESSURA (m3) | I27: =I26*0.07 -> 109.6781 | J27: m3
A28: LANÇAMENTO DE CONCRETO (m3) | I28: =I27 -> 109.6781 | J28: m3
A29: TELA - Q92 - CONSIDERADO 1,48kg/m2 (m²) - Perda e traspasse de 20% | I29: =I26*1.2 -> 1880.196 | J29: m² | K29: OU | L29: =I29*1.48 -> 2782.6901 | M29: kg
A30: BLOCOS | J30: UN.
A31: FORMA PARA FUN.AÇÃO (m2) | I31: =30*(1.5+0.6+1.5+0.6)*0.9 -> 113.4 | J31: m2
A32: VOLUME DE CONCRETO (m3) | I32: =30*1.5*0.6*0.9 -> 24.3 | J32: m3
A33: LANÇAMENTO DE CONCRETO (m3) | I33: =I32 -> 24.3 | J33: m3
A34: AÇO CA50 - 5,0mm (kg) | I34: 0 | J34: kg
A35: AÇO CA50 - 6,3mm (kg) | I35: 388.52 | J35: kg
A36: AÇO CA50 - 8,0 mm (kg) | I36: 0 | J36: kg
A37: AÇO CA50 - 12,5mm (kg) | I37: 192.99 | J37: kg
A39: TOCO DE PILAR (ENTRE TOPO DO BLOCO E TOPO DA VIGA BALDRAME) | J39: UN.
A40: FORMA | I40: 29.1 | J40: M2
A41: VOLUME DE CONCRETO FCK=25MPA | I41: 2.5 | J41: M3
A42: LANÇAMENTO DE CONCRETO | I42: =I41 -> 2.5 | J42: M3
A43: AÇO CA60 - 5mm | I43: 83 | J43: KG
A44: AÇO CA50 - 6,3mm | I44: 33 | J44: KG
A45: AÇO CA50 - 10,0mm (kg) | I45: 47 | J45: kg
A46: AÇO CA50 - 12,5mm (kg) | I46: 64 | J46: kg
A47: AÇO CA50 - 16mm (kg) | I47: 569 | J47: kg
A48: AÇO CA50 - 25mm (kg) | I48: 289 | J48: kg
A49: VIGAS BALDRAMES | J49: UN.
A50: FÔRMAS BALDRAMES (m2) | I50: 246.2 | J50: m2
A51: VOLUME DE CONCRETO (m3) | I51: 20.2 | J51: m3
A52: LANÇAMENTO DE CONCRETO (m3) | I52: =I51 -> 20.2 | J52: m3
A53: AÇO CA60 - 5mm (kg) | I53: 295 | J53: kg
A54: AÇO CA50 - 6,3mm (kg) | I54: 0 | J54: kg
A55: AÇO CA50 - 8mm (kg) | I55: 411 | J55: kg
A56: AÇO CA50 - 10mm (kg) | I56: 510 | J56: kg
A57: AÇO CA50 - 12,5mm (kg) | I57: 50 | J57: kg
A58: AÇO CA50 - 16mm (kg) | I58: 18 | J58: kg
A59: AÇO CA50 - 25mm (kg) | I59: 0 | J59: kg
A61: SUPER-ESTRUTURA
A62: PILARES | J62: UN.
A63: FORMA (m2) | I63: =138.6+123.8+237.7 -> 500.1 | J63: m2
A64: VOLUME DE CONCRETO (m3) | I64: =13.5+10.9+20.2 -> 44.6 | J64: m3
A65: LANÇAMENTO DE CONCRETO (m3) | I65: =I64 -> 44.6 | J65: m3
A66: AÇO CA60 - 5mm (kg) | I66: =223+181+305 -> 709 | J66: kg
A67: AÇO CA50 - 6,3mm (kg) | I67: =47+45+71 -> 163 | J67: kg
A68: AÇO CA50 - 8mm (kg) | I68: =43+0+4 -> 47 | J68: kg
A69: AÇO CA50 - 10mm (kg) | I69: =324+300+130 -> 754 | J69: kg
A70: AÇO CA50 - 12,5mm (kg) | I70: =69+76+746 -> 891 | J70: kg
A71: AÇO CA50 - 16mm (kg) | I71: 0 | J71: kg
A72: AÇO CA50 - 25mm (kg) | I72: =367+469+727 -> 1563 | J72: kg
A73: VIGAS | J73: UN.
A74: FORMA (m2) | I74: =210.8+212.2+246.2 -> 669.2 | J74: m2
A75: VOLUME DE CONCRETO (m3) | I75: =18.1+18.2+20.2 -> 56.5 | J75: m3
A76: LANÇAMENTO DE CONCRETO (m3) | I76: =I75 -> 56.5 | J76: m3
A77: AÇO CA60 - 5mm (kg) | I77: =261+261+294 -> 816 | J77: kg
A78: AÇO CA50 - 6,3mm (kg) | I78: 11 | J78: kg
A79: AÇO CA50 - 8mm (kg) | I79: =390+390+412 -> 1192 | J79: kg
A80: AÇO CA50 - 10mm (kg) | I80: =484+476+533 -> 1493 | J80: kg
A81: AÇO CA50 - 12,5mm (kg) | I81: =0+0+20 -> 20 | J81: kg
A82: LAJES | J82: UN.
A83: LAJE TRELIÇADA H=12 (SOBRECARGA ACID + PERM DE ATÉ 200KG/M²) | I83: =15.04*3.945 -> 59.3328 | J83: m2
A84: TELA - Q92 - CONSIDERADO 1,48kg/m2 (m²) - Perda e traspasse de 20% | I84: =I83*1.2 -> 71.19936 | J84: M2
A85: COBERTURA METÁLICA - QUADRA | J85: UN.
A86: ESTRUTURA METÁLICA (ESTRUTURA METÁLICA + PLACA BASE) | I86: =20213.97+11918.71+620.48+19.15+917.2 -> 33689.51 | J86: (kg) | K86: =I86+I88 -> 34855
A87: PINTURA P/ EST. METÁLICA (PINTURA COM ESMALTE SINTÉTICO) | I87: =1053.1 -> 1053.1 | J87: (m2)
A88: AÇO CA50 - 32mm (CHUMBADORES DA PLACA BASE) | I88: =1165.49 -> 1165.49 | J88: (kg)
A90: COBERTURA - Vestiário | J90: UN.
A91: ESTRUTURA METÁLICA (ESTRUTURA METÁLICA + PLACA BASE) | I91: =20.55+633.39+9.04 -> 662.98 | J91: KG
A92: PINTURA P/ EST. METÁLICA (PINTURA COM ESMALTE SINTÉTICO) | I92: =75.27 -> 75.27 | J92: M2
A93: AÇO CA50 - 12.5mm (CHUMBADORES DA PLACA BASE) | I93: =10.56 -> 10.56 | J93: KG
A95: ARQUIBANCADA | H95: 50 | I95: M | J95: UND
A96: FORMA | I96: =H95*((0.08+0.54+0.08)+(0.08+1.34+0.08)+(0.08+2.14+0.08)) -> 225 | J96: M2
A97: VOLUME DE CONCRETO FCK=25MPA | I97: =H95*0.08*(2.14+0.8+0.54+0.54)+H95*(9*0.4*0.09*0.14) -> 18.348 | J97: M3
A98: LANÇAMENTO DE CONCRETO | I98: =I97 -> 18.348 | J98: M3
A99: TELA - Q92 (x1,20 DE PERDA) | I99: =H95*4.82 -> 241 | J99: M2
A100: AÇO CA50 - 8mm | I100: =H95*(9+0.71+1.19+2*1.67) -> 712 | J100: KG
A101: ALVENARIA EM BLOCOS DE CONCRETO ESTRUTURAL (DIMENSÃO DO BLOCO 14x19x39cm) FCK=4,5MPA | I101: =H95*9*0.4 -> 180 | J101: M2

Sheet EST. REFEITÓRIO
A1: LEVANTAMENTO QUANTITATIVOS REFEITÓRIO (ESTACAS)
A3: CRIAÇÃO DE PLATÔ PARA INÍCIO DA EXECUÇÃO DOS ELEMENTOS DE CONCRETO | J3: UND
A4: FORNECIMENTO DE ATERRO (ESTIMADO VOLUME REFERENTE A CAMADA DE 0,40m EM TODA ÁREA DO REFEITÓRIO - COM SAIA DE PLATÔ DE 45°) | I4: =0.4*528.05 -> 211.22 | J4: M3 | K4: LEVANTAR DE ACORDO COM A TOPOGRAFIA
A5: ESPALHAMENTO DO MATERIAL (ÁREA DO REFEITÓRIO) - VER SE HÁ NECESSIDADE DE SER CONTADO DUAS VEZES, POIS É NECESSÁRIO FAZER O ESPALHAMENTO EM DUAS CAMADAS DE 0,20m | I5: =2*528.05 -> 1056.1 | J5: M2
A6: COMPACTAÇÃO DO MATERIAL (SUGIRO UTILIZAR ROLO COMPACTADOR) | I6: =I4 -> 211.22 | J6: M3
A8: INFRA-ESTRUTURA | L8: NÃO CONSIDERAR ESTA TABELA NA PLANILHA QUANTITATIVA !!!
A9: ITENS GERAIS | J9: UND | L9: ESCAVAÇAO REFEITÓRIO - BLOCO SOBRE ESTACAS
A10: ESCAVAÇÃO DE BLOCO SOBRE ESTACAS (CONSIDERADO ÁREA DO BLOCO E FOLGA DE 20cm PARA CADA LADO - ALTURA DO BLOCO + 5cm DE LASTRO + ALTURA DO BALDRAME) | I10: =R12+R15 -> 79.607 | J10: M3 | L10: P1, P2, P3, P4, P5, P6, P8, P25, P26, P27, P28, P29, P30, P32, P11, P14, P18, P20, P21, P22
A11: ESCAVAÇÃO DAS VIGAS BALDRAMES (CONSIDERADO VOLUME DE CONCRETO DAS BALDRAMES, DIVIDIDO PELA LARGURA DAS VIGAS (15cm) E MULTIPLICADO PELA LARGURA DA VALA (55cm) - 20cm PARA CADA LADO | I11: =(I37/0.15)*0.55 -> 31.57 | J11: M3 | L11: QUANT. | M11: LADO 1 | N11: LADO 2 | O11: AREA | P11: H BLOCO | Q11: H BALDRAME | R11: ESCAVAÇÃO (M3) | S11: APILOAMENTO (M2)
A12: REATERRO DOS BLOCOS (ESCAVAÇÃO DOS BLOCOS - VOLUME DE CONCRETO DOS BLOCOS) | I12: =I10-I28 -> 55.087 | J12: M3 | L12: 20 | M12: 2.1 | N12: 1.2 | O12: =M12*N12 -> 2.52 | P12: 0.7 | Q12: 0.4 | R12: =O12*(P12+Q12)*L12 -> 55.44 | S12: =O12*L12 -> 50.4
A13: BOTAFORA MATERIAL DOS BLOCOS (CONSIDERADO 40% DE EMPOLAMENTO) | I13: =I28*1.4 -> 34.328 | J13: M3 | L13: P9, P10, P12, P13, P15, P16, P17, P19, P23, P24, P31, P7
A14: APILOAMENTO DE FUNDO DOS BLOCOS - CONSIDERADO ÁREA ESCAVADA | I14: =S12+S15 -> 72.37 | J14: M2 | L14: QUANT. | M14: LADO 1 | N14: LADO 2 | O14: AREA | P14: H BLOCO | Q14: H BALDRAME | R14: ESCAVAÇÃO (M3) | S14: APILOAMENTO (M2)
A15: APILOAMENTO DE FUNDO DAS VIGAS BALDRAMES - CONSIDERADO ÁREA ESCAVADA - (VOLUME DE ESCAVAÇÃO DIVIDIDO PELA ALTURA DAS VIGAS) | I15: =I11/0.4 -> 78.925 | J15: M2 | L15: 13 | M15: 1.3 | N15: 1.3 | O15: =M15*N15 -> 1.69 | P15: 0.7 | Q15: 0.4 | R15: =O15*(P15+Q15)*L15 -> 24.167 | S15: =O15*L15 -> 21.97
A16: LASTRO DE CONCRETO - BLOCOS SOBRE ESTACAS (ÁREA DE APILOAMENTO * 5cm) | I16: =I14 -> 72.37 | J16: m2
A17: LASTRO DE CONCRETO - VIGAS BALDRAMES (ÁREA DE APILOAMENTO * 5cm) | I17: =I15 -> 78.925 | J17: m2
A18: LASTRO COM PREPARO DE FUNDO COM CAMADA DE BRITA P/ CONTRAPISO ARMADO - (ÁREA INTERNA * 5cm) | I18: =I20*0.05 -> 18.9225 | J18: M3
A19: IMPERMEABILIZAÇÃO - FACE LATERAL E TOPO DAS VIGAS BALDRAMES - IGUAL ÁREA DE FORMAS | I19: =I36 -> 119.43 | J19: M2
A20: LONA PLÁSTICA PRETA PARA IMPERMEABILIZAÇÃO DE CONTRAPISO ARMADO | I20: =378.45 -> 378.45 | J20: M2
A21: AREA PARCIAL P/ VERIFICAÇÃO DE QUANTIDADE DE FUROS DE SONDAGEM | I21: =I20 -> 378.45 | J21: M2
A22: CONTRAPISO ARMADO | J22: UND
A23: VOLUME DE CONCRETO FCK=25MPA (AREA INTERNA * 7cm) | I23: =I20*0.07 -> 26.4915 | J23: M3
A24: LANÇAMENTO DE CONCRETO | I24: =I23 -> 26.4915 | J24: M3
A25: TELA - Q92 | I25: =I20 -> 378.45 | J25: M2
A26: BLOCO SOBRE ESTACAS | J26: UND
A27: FORMA PARA FUNDAÇÃO | I27: =95.42 -> 95.42 | J27: M2
A28: VOLUME DE CONCRETO FCK=25MPA | I28: =24.52 -> 24.52 | J28: M3
A29: LANÇAMENTO DE CONCRETO | I29: =I28 -> 24.52 | J29: M3
A30: AÇO CA60 - 5mm (+ AÇO DAS ESTACAS) | I30: =18.61+409 -> 427.61 | J30: KG
A31: AÇO CA50 - 8mm (+ AÇO DAS ESTACAS) | I31: =36.66+1005 -> 1041.66 | J31: KG
A32: AÇO CA50 - 10mm | I32: =2037.37 -> 2037.37 | J32: KG
A33: AÇO CA50 - 12.5mm | I33: =359.52 -> 359.52 | J33: KG
A34: HÉLICE CONTÍNUA MONITORADA (53 ESTACAS DE 12 METROS) | I34: 636 | J34: M
A35: VIGAS BALDRAMES | J35: UND
A36: FORMA | I36: =18.89+100.54 -> 119.43 | J36: M2
A37: VOLUME DE CONCRETO FCK=25MPA | I37: =8.61 -> 8.61 | J37: M3
A38: LANÇAMENTO DE CONCRETO | I38: =I37 -> 8.61 | J38: M3
A39: AÇO CA60 - 5mm | I39: =121.9 -> 121.9 | J39: KG
A40: AÇO CA50 - 6,3mm | I40: - | J40: KG
A41: AÇO CA50 - 8mm | I41: =4.4 -> 4.4 | J41: KG
A42: AÇO CA50 - 10mm | I42: =340.1 -> 340.1 | J42: KG
A43: AÇO CA50 - 12,5mm | I43: =47.3 -> 47.3 | J43: KG
A45: SUPER-ESTRUTURA
A46: PILARES | J46: UND
A47: FORMA | I47: =3.3+117.96+10.08 -> 131.34 | J47: M2
A48: VOLUME DE CONCRETO FCK=25MPA | I48: =0.33+7.83+0.72 -> 8.88 | J48: M3
A49: LANÇAMENTO DE CONCRETO | I49: =I48 -> 8.88 | J49: M3
A50: AÇO CA60 - 5mm | I50: =423+30.2 -> 453.2 | J50: KG
A51: AÇO CA50 - 12.5mm | I51: =1621.2+125.1 -> 1746.3 | J51: KG
A52: VIGAS | J52: UND
A53: FORMA | I53: =6.61+35.28+18.95+88.69 -> 149.53 | J53: M2
A54: VOLUME DE CONCRETO FCK=25MPA | I54: =2.96+8.82 -> 11.78 | J54: M3
A55: LANÇAMENTO DE CONCRETO | I55: =I54 -> 11.78 | J55: M3
A56: AÇO CA60 - 5mm | I56: =43.9+126.5 -> 170.4 | J56: KG
A57: AÇO CA50 - 6,3mm | I57: - | J57: KG
A58: AÇO CA50 - 8mm | I58: =3.5 -> 3.5 | J58: KG
A59: AÇO CA50 - 10mm | I59: =123.8+292.8 -> 416.6 | J59: KG
A60: AÇO CA50 - 12.5mm | I60: =96.6 -> 96.6 | J60: KG
A61: AÇO CA50 - 16mm | I61: =93.9 -> 93.9 | J61: KG
A62: LAJES | J62: UND
A63: LAJE TRELIÇADA h=12cm PARA COBERTURA | I63: =118.1 -> 118.1 | J63: M2
A64: TELA - Q92 - m2 - consid. 20% perda trespasse | I64: =I63*1.2 -> 141.72 | J64: M2
A65: ESTRUTURA DE COBERTURA
A66: COBERTURA | J66: UND
A67: ESTRUTURA METÁLICA (ESTRUTURA METÁLICA + PLACA BASE) | I67: =5474.79+42.2 -> 5516.99 | J67: KG
A68: PINTURA P/ EST. METÁLICA (PINTURA COM ESMALTE SINTÉTICO) | I68: =307.95 -> 307.95 | J68: M2
A69: AÇO CA50 - 16mm (CHUMBADORES DA PLACA BASE) | I69: =66.38 -> 66.38 | J69: KG

Sheet HIDROSSANITÁRIO
A2: ESCOLA: Escola Estadual São Simão
A3: MUNICÍPIO: Varzea Grande Resp. Valdirene Dutra
A4: Engª Sanitaria
A5: QUANTITATIVO INSTALAÇÕES HIDROSSANITÁRIAS
A6: ALIMENTAÇÃO
A7: Registro de gaveta bruto, latão, roscável, 1, com acabamento e canopla cromados. | B7: UND | C7: 4 | D7: 91.71 | E7: =D7*(1+$C$1) -> 91.71 | F7: =TRUNC((E7*C7),2) -> 366.84
A8: Registro de esfera, pvc, soldável, dn 25 mm | B8: UND | C8: 1 | D8: 27.21 | E8: =D8*(1+$C$1) -> 27.21 | F8: =TRUNC((E8*C8),2) -> 27.21
A9: Registro de gaveta bruto, latão, roscável, 1 1/4, com acabamento e canopla cromados | B9: UND | C9: 2 | D9: 91.71 | E9: =D9*(1+$C$1) -> 91.71 | F9: =TRUNC((E9*C9),2) -> 183.42
A10: Válvula de retenção horizontal ø 32mm (1.1/4") | B10: UND | C10: 2 | D10: 76.27 | E10: =D10*(1+$C$1) -> 76.27 | F10: =TRUNC((E10*C10),2) -> 152.54
A11: Valvula pe com crivo bronze 1.1/4" | B11: UND | C11: 1 | D11: 78.8 | E11: =D11*(1+$C$1) -> 78.8 | F11: =TRUNC((E11*C11),2) -> 78.8
A12: Curva 90 com rosca | B12: UND | C12: 1
A13: Adaptador curto com bolsa e rosca para registro, pvc, soldável, dn 40mm x 1.1/4 | B13: UND | C13: 9 | D13: 4.71 | E13: =D13*(1+$C$1) -> 4.71 | F13: =TRUNC((E13*C13),2) -> 42.39
A14: Adaptador curto com bolsa e rosca para registro, pvc, soldável, dn 32mm x 1 | B14: UND | C14: 9 | D14: 6.37 | E14: =D14*(1+$C$1) -> 6.37 | F14: =TRUNC((E14*C14),2) -> 57.33
A15: Cap pvc, soldavel, 32 mm | B15: UND | C15: 1 | D15: 3.04 | E15: =D15*(1+$C$1) -> 3.04 | F15: =TRUNC((E15*C15),2) -> 3.04
A16: Joelho 90 graus, pvc, soldável, dn 32mm, | B16: UND | C16: 26 | D16: 8.42 | E16: =D16*(1+$C$1) -> 8.42 | F16: =TRUNC((E16*C16),2) -> 218.92
A17: Joelho 90 graus, pvc, soldável, dn 40mm, | B17: UND | C17: 3 | D17: 8.42 | E17: =D17*(1+$C$1) -> 8.42 | F17: =TRUNC((E17*C17),2) -> 25.26
A18: Tubo, pvc, soldável, dn 40mm | B18: M | C18: 4 | D18: 6.69 | E18: =D18*(1+$C$1) -> 6.69 | F18: =TRUNC((E18*C18),2) -> 26.76
A19: Tubo, pvc, soldável, dn 32mm | B19: M | C19: 100 | D19: 10.84 | E19: =D19*(1+$C$1) -> 10.84 | F19: =TRUNC((E19*C19),2) -> 1084
A20: Tê 90 saldável 32mm | B20: UND | C20: 8
A21: Tê 90 saldável 40mm | B21: UND | C21: 1
F22: =SUM(F7:F21) -> 2266.51
A23: ÁGUA FRIA - RAMAL DE DISTRIBUIÇÃO ESCOLAR
A24: Joelho 90 graus com bucha de latão, pvc, soldável, dn 25mm, x 1/2 | B24: UND | C24: 4 | D24: 10.85 | E24: =D24*(1+$C$1) -> 10.85 | F24: =TRUNC((E24*C24),2) -> 43.4
A25: Luva com bucha de latão, pvc, soldável, dn 20mm x 1/2 | B25: UND | C25: 3
A26: Luva com bucha de latão, pvc, soldável, dn 25mm x 3/4 | B26: UND | C26: 10
A27: Adaptador com flanges livres, pvc, soldável longo, dn 85 mm x 3 | B27: UND | C27: 2 | D27: 285.71 | E27: =D27*(1+$C$1) -> 285.71 | F27: =TRUNC((E27*C27),2) -> 571.42
A28: Adaptador curto com bolsa e rosca para registro, pvc, soldável, dn 20mm x 1/2 | B28: UND | C28: 3 | D28: 4.05 | E28: =D28*(1+$C$1) -> 4.05 | F28: =TRUNC((E28*C28),2) -> 12.15
A29: Adaptador curto com bolsa e rosca para registro, pvc, soldável, dn 25mm x 3/4 | B29: UND | C29: =32+8 -> 40 | D29: 4.71 | E29: =D29*(1+$C$1) -> 4.71 | F29: =TRUNC((E29*C29),2) -> 188.4
A30: Adaptador curto com bolsa e rosca para registro, pvc, soldável, dn 50mm x 1.1/2 | B30: UND | C30: =28+14 -> 42 | D30: 7.71 | E30: =D30*(1+$C$1) -> 7.71 | F30: =TRUNC((E30*C30),2) -> 323.82
A31: Adaptador curto com bolsa e rosca para registro, pvc, soldável, dn 60mm x 2 | B31: UND | C31: =4+6 -> 10 | D31: 14.47 | E31: =D31*(1+$C$1) -> 14.47 | F31: =TRUNC((E31*C31),2) -> 144.7
A32: Adaptador curto com bolsa e rosca para registro, pvc, soldável, dn 75mm x 2.1/2 | B32: UND | C32: 6 | D32: 23.55 | E32: =D32*(1+$C$1) -> 23.55 | F32: =TRUNC((E32*C32),2) -> 141.3
A33: Adaptador curto com bolsa e rosca para registro, pvc, soldável, dn 85mm x 3 | B33: UND | C33: 4 | D33: 32.82 | E33: =D33*(1+$C$1) -> 32.82 | F33: =TRUNC((E33*C33),2) -> 131.28
A34: Bucha de reducao de pvc, soldavel, curta com 60 x 50 mm | B34: UND | C34: =9+10 -> 19 | D34: 10.13 | E34: =D34*(1+$C$1) -> 10.13 | F34: =TRUNC((E34*C34),2) -> 192.47
A35: Bucha de reducao de pvc, soldavel, curta com 85 x 75 mm | B35: UND | C35: 1 | D35: 18.18 | E35: =D35*(1+$C$1) -> 18.18 | F35: =TRUNC((E35*C35),2) -> 18.18
A36: bucha de reducao de pvc, soldavel, longa, com 50 x 25 mm | B36: UND | C36: =15+7 -> 22 | D36: 7.72 | E36: =D36*(1+$C$1) -> 7.72 | F36: =TRUNC((E36*C36),2) -> 169.84
A37: Bucha de reducao de pvc, soldavel, longa, com 60 x 25 mm | B37: UND | C37: 8 | D37: 13.25 | E37: =D37*(1+$C$1) -> 13.25 | F37: =TRUNC((E37*C37),2) -> 106
A38: Bucha de redução, pvc, soldável, dn 75mm x 50mm | B38: UND | C38: 6 | D38: 16.24 | E38: =D38*(1+$C$1) -> 16.24 | F38: =TRUNC((E38*C38),2) -> 97.44
A39: Bucha de reducao de pvc, soldavel, longa, com 85 x 60 mm | B39: UND | C39: 3 | D39: 26.82 | E39: =D39*(1+$C$1) -> 26.82 | F39: =TRUNC((E39*C39),2) -> 80.46
A40: Cap pvc, soldavel, 25 mm | B40: UND | C40: 2 | D40: 3.04 | E40: =D40*(1+$C$1) -> 3.04 | F40: =TRUNC((E40*C40),2) -> 6.08
A41: Joelho 90 graus, pvc, soldável, dn 25mm | B41: UND | C41: =37+7 -> 44 | D41: 3.25 | E41: =D41*(1+$C$1) -> 3.25 | F41: =TRUNC((E41*C41),2) -> 143
A42: Joelho 90 graus, pvc, soldável, dn 50mm | B42: UND | C42: =26+5 -> 31 | D42: 10.07 | E42: =D42*(1+$C$1) -> 10.07 | F42: =TRUNC((E42*C42),2) -> 312.17
A43: Joelho 90 graus, pvc, soldável, dn 60mm | B43: UND | C43: =6+9 -> 15 | D43: 29 | E43: =D43*(1+$C$1) -> 29 | F43: =TRUNC((E43*C43),2) -> 435
A44: Joelho 90 graus, pvc, soldável, dn 75mm | B44: UND | C44: 10 | D44: 80.6 | E44: =D44*(1+$C$1) -> 80.6 | F44: =TRUNC((E44*C44),2) -> 806
A45: Joelho 90 graus, pvc, soldável, dn 85mm | B45: UND | C45: 12 | D45: 90.97 | E45: =D45*(1+$C$1) -> 90.97 | F45: =TRUNC((E45*C45),2) -> 1091.64
A46: Joelho de redução 90 soldavel 25mmx20mm | B46: UND | C46: 1
A47: Tubo, pvc, soldável, dn 20mm | B47: M | C47: 1.15 | D47: 5.41 | E47: =D47*(1+$C$1) -> 5.41 | F47: =TRUNC((E47*C47),2) -> 6.22
A48: Tubo, pvc, soldável, dn 25mm | B48: M | C48: =82.81+15.7 -> 98.51 | D48: 6.69 | E48: =D48*(1+$C$1) -> 6.69 | F48: =TRUNC((E48*C48),2) -> 659.03
A49: Tubo, pvc, soldável, dn 50mm | B49: M | C49: =81.28+20.9 -> 102.18 | D49: 12.74 | E49: =D49*(1+$C$1) -> 12.74 | F49: =TRUNC((E49*C49),2) -> 1301.77
A50: Tubo, pvc, soldável, dn 60mm | B50: M | C50: =22.57+11.73 -> 34.3 | D50: 19.49 | E50: =D50*(1+$C$1) -> 19.49 | F50: =TRUNC((E50*C50),2) -> 668.5
A51: Tubo, pvc, soldável, dn 75mm | B51: M | C51: 22.34 | D51: 27.16 | E51: =D51*(1+$C$1) -> 27.16 | F51: =TRUNC((E51*C51),2) -> 606.75
A52: Tubo, pvc, soldável, dn 85mm | B52: M | C52: =105.64+15.16 -> 120.8 | D52: 34.05 | E52: =D52*(1+$C$1) -> 34.05 | F52: =TRUNC((E52*C52),2) -> 4113.24
A53: Te, pvc, soldável, dn 25mm | B53: UND | C53: 7 | D53: 8.59 | E53: =D53*(1+$C$1) -> 8.59 | F53: =TRUNC((E53*C53),2) -> 60.13
A54: Joelho 90 graus com bucha de latão, pvc, soldável, dn 25mm, x 1/2 | B54: UND | C54: 4 | D54: 10.85 | E54: =D54*(1+$C$1) -> 10.85 | F54: =TRUNC((E54*C54),2) -> 43.4
A55: Tê com bucha de latão na bolsa central, pvc, soldável, dn 25mm x 1/2 | B55: UND | C55: 23 | D55: 13.71 | E55: =D55*(1+$C$1) -> 13.71 | F55: =TRUNC((E55*C55),2) -> 315.33
A56: Registro de gaveta bruto, latão, roscável, 2 1/2 | B56: UND | C56: 3 | D56: 202.49 | E56: =D56*(1+$C$1) -> 202.49 | F56: =TRUNC((E56*C56),2) -> 607.47
A57: Registro de gaveta bruto, latão, roscável, 3' | B57: UND | C57: 2 | D57: 353.16 | E57: =D57*(1+$C$1) -> 353.16 | F57: =TRUNC((E57*C57),2) -> 706.32
A58: Registro de gaveta bruto, latão, roscável, 2' | B58: UND | C58: 5 | D58: 111.29 | E58: =D58*(1+$C$1) -> 111.29 | F58: =TRUNC((E58*C58),2) -> 556.45
A59: Registro de gaveta bruto, latão, roscável, 3/4", com acabamento e canopla cromados | B59: UND | C59: 15 | D59: 63.42 | E59: =D59*(1+$C$1) -> 63.42 | F59: =TRUNC((E59*C59),2) -> 951.3
A60: Registro de pressão bruto, latão, roscável, 3/4", com acabamento e canopla cromados | B60: UND | C60: 8 | D60: 60.31 | E60: =D60*(1+$C$1) -> 60.31 | F60: =TRUNC((E60*C60),2) -> 482.48
A61: Registro de gaveta bruto, latão, roscável, 1 1/2 | B61: UND | C61: 9 | D61: 86.2 | E61: =D61*(1+$C$1) -> 86.2 | F61: =TRUNC((E61*C61),2) -> 775.8
A62: Te, pvc, soldável, dn 50mm | B62: UND | C62: 7 | D62: 15.62 | E62: =D62*(1+$C$1) -> 15.62 | F62: =TRUNC((E62*C62),2) -> 109.34
A63: Te, pvc, soldável, dn 60mm | B63: UND | C63: =8+5 -> 13 | D63: 33.31 | E63: =D63*(1+$C$1) -> 33.31 | F63: =TRUNC((E63*C63),2) -> 433.03
A64: Te, pvc, soldável, dn 75mm | B64: UND | C64: 2 | D64: 59.48 | E64: =D64*(1+$C$1) -> 59.48 | F64: =TRUNC((E64*C64),2) -> 118.96
A65: Te, pvc, soldável, dn 85mm | B65: UND | C65: 2 | D65: 88.01 | E65: =D65*(1+$C$1) -> 88.01 | F65: =TRUNC((E65*C65),2) -> 176.02
A66: Tê de redução, pvc, soldável, dn 25mm x 20mm | B66: UND | C66: 1 | D66: 15.34 | E66: =D66*(1+$C$1) -> 15.34 | F66: =TRUNC((E66*C66),2) -> 15.34
A67: Tê de redução, pvc, soldável, dn 50mm x 20mm | B67: UND | C67: 1 | D67: 15.34 | E67: =D67*(1+$C$1) -> 15.34 | F67: =TRUNC((E67*C67),2) -> 15.34
A68: Tê de redução, pvc, soldável, dn 50mm x 25mm | B68: UND | C68: 9 | D68: 15.34 | E68: =D68*(1+$C$1) -> 15.34 | F68: =TRUNC((E68*C68),2) -> 138.06
A69: te de redução, pvc, soldável, dn 75mm x 50mm | B69: UND | C69: 5 | D69: 50.83 | E69: =D69*(1+$C$1) -> 50.83 | F69: =TRUNC((E69*C69),2) -> 254.15
A70: te de redução, pvc, soldável, dn 85mm x 60mm | B70: UND | C70: 10 | D70: 75.18 | E70: =D70*(1+$C$1) -> 75.18 | F70: =TRUNC((E70*C70),2) -> 751.8
A71: Tê de redução, pvc, soldável, dn 85mm x 75mm | B71: UND | C71: 3 | D71: 68.02 | E71: =D71*(1+$C$1) -> 68.02 | F71: =TRUNC((E71*C71),2) -> 204.06
A72: Joelho 90 graus com bucha de latão, pvc, soldável, dn 25 mm, x 3/4 | B72: UND | C72: =11+8 -> 19 | D72: 7.5 | E72: =D72*(1+$C$1) -> 7.5 | F72: =TRUNC((E72*C72),2) -> 142.5
A73: Joelho 90 graus com bucha de latão, pvc, soldável, dn 20mm, x 1/2 | B73: UND | C73: 3 | D73: 10.69 | E73: =D73*(1+$C$1) -> 10.69 | F73: =TRUNC((E73*C73),2) -> 32.07
A74: Joelho 90 graus com bucha de latão, pvc, soldável, dn 25 mm, x 1/2 | B74: UND | C74: =13+4 -> 17 | D74: 7.5 | E74: =D74*(1+$C$1) -> 7.5 | F74: =TRUNC((E74*C74),2) -> 127.5
A75: Tê com bucha de latão na bolsa central, pvc, soldável, dn 25mm x 1/2, | B75: UND | C75: 25 | D75: 13.71 | E75: =D75*(1+$C$1) -> 13.71 | F75: =TRUNC((E75*C75),2) -> 342.75
A76: Tê com bucha de latão na bolsa central, pvc, soldável, dn 25mm x 3/4 | B76: UND | C76: 4 | D76: 16.56 | E76: =D76*(1+$C$1) -> 16.56 | F76: =TRUNC((E76*C76),2) -> 66.24
F77: =SUM(F56:F76) -> 7006.98
A78: CISTERNA E CAIXAS D'ÁGUA
A79: Cisterna em concreto armado, cap. 24.500 Litros, conforme projeto padrão seduc | B79: UND | C79: 1 | D79: 17633.77 | E79: =D79*(1+$C$1) -> 17633.77 | F79: =TRUNC((E79*C79),2) -> 17633.77
A80: Bomba centrifuga c/ motor eletrico trifasico 1cv | B80: UND | C80: 4 | D80: 973.06 | E80: =D80*(1+$C$1) -> 973.06 | F80: =TRUNC((E80*C80),2) -> 3892.24
A81: Caixa d'agua tipo taça com capacidade de 5.000 Litros | B81: UND | C81: 2 | D81: 18242.97 | E81: =D81*(1+$C$1) -> 18242.97 | F81: =TRUNC((E81*C81),2) -> 36485.94
A82: Chave de boia automática superior 10a/250v | B82: UND | C82: 3 | D82: 63.87 | E82: =D82*(1+$C$1) -> 63.87 | F82: =TRUNC((E82*C82),2) -> 191.61
A83: Torneira de bóia real, roscável, 3/4" | B83: UND | C83: 3 | D83: 77.76 | E83: =D83*(1+$C$1) -> 77.76 | F83: =TRUNC((E83*C83),2) -> 233.28
F84: =SUM(F79:F83) -> 58436.84
A85: LOUÇAS PARA OS BANHEIROS COLETIVOS
A86: Vaso sanitario sifonado convencional com louça branca | B86: UND | C86: 8 | D86: 162.6 | E86: =D86*(1+$C$1) -> 162.6 | F86: =TRUNC((E86*C86),2) -> 1300.8
A87: Valvula descarga 1.1/2" Com registro, acabamento em metal cromado | B87: UND | C87: 8 | D87: 150.65 | E87: =D87*(1+$C$1) -> 150.65 | F87: =TRUNC((E87*C87),2) -> 1205.2
A88: Mictorio sifonado de louca branca com pertences, com registro de pressao 1/2" com canopla cromada acabamento simples e conjunto para fixacao | B88: UND | C88: 3 | D88: 445.7 | E88: =D88*(1+$C$1) -> 445.7 | F88: =TRUNC((E88*C88),2) -> 1337.1
A89: Cuba de embutir oval em louça branca, 35 x 50cm | B89: UND | C89: 10 | D89: 108.12 | E89: =D89*(1+$C$1) -> 108.12 | F89: =TRUNC((E89*C89),2) -> 1081.2
A90: Torneira cromada de mesa, 1/2" ou 3/4", para lavatório | B90: UND | C90: 10 | D90: 47.15 | E90: =D90*(1+$C$1) -> 47.15 | F90: =TRUNC((E90*C90),2) -> 471.5
A91: Papeleira de parede em metal cromado sem tampa | B91: UND | C91: 8 | D91: 30.64 | E91: =D91*(1+$C$1) -> 30.64 | F91: =TRUNC((E91*C91),2) -> 245.12
A92: Toalheiro plastico tipo dispenser para papel toalha interfolhado | B92: UND | C92: 2 | D92: 50.83 | E92: =D92*(1+$C$1) -> 50.83 | F92: =TRUNC((E92*C92),2) -> 101.66
A93: Saboneteira plastica tipo dispenser para sabonete liquido com reservatorio 800 a 1500 ml | B93: UND | C93: 2 | D93: 45.3 | E93: =D93*(1+$C$1) -> 45.3 | F93: =TRUNC((E93*C93),2) -> 90.6
F94: =SUM(F86:F93) -> 5833.18
A95: LOUÇAS PARA VESTIÁRIOS
A96: Vaso sanitario sifonado convencional com louça branca | B96: UND | C96: 4 | D96: 162.6 | E96: =D96*(1+$C$1) -> 162.6 | F96: =TRUNC((E96*C96),2) -> 650.4
A97: Valvula descarga 1.1/2" Com registro, acabamento em metal cromado | B97: UND | C97: 4 | D97: 150.65 | E97: =D97*(1+$C$1) -> 150.65 | F97: =TRUNC((E97*C97),2) -> 602.6
A98: Chuveiro eletrico comum corpo plastico tipo ducha | B98: UND | C98: 6 | D98: 54.93 | E98: =D98*(1+$C$1) -> 54.93 | F98: =TRUNC((E98*C98),2) -> 329.58
A99: Cuba de embutir oval em louça branca, 35 x 50cm ou equivalente | B99: UND | C99: 4 | D99: 108.12 | E99: =D99*(1+$C$1) -> 108.12 | F99: =TRUNC((E99*C99),2) -> 432.48
A100: Torneira cromada de mesa, 1/2" ou 3/4", para lavatório | B100: UND | C100: 4 | D100: 47.15 | E100: =D100*(1+$C$1) -> 47.15 | F100: =TRUNC((E100*C100),2) -> 188.6
A101: Papeleira de parede em metal cromado sem tampa | B101: UND | C101: 4 | D101: 30.64 | E101: =D101*(1+$C$1) -> 30.64 | F101: =TRUNC((E101*C101),2) -> 122.56
...

Sheet ELÉTRICA
A1: OBRA
A2: Escola | B2: E.E. SÃO SIMÃO | C2: BDI:
A3: Município | C3: INCC:
A4: Endereço
A6: PLANILHA ORÇAMENTÁRIA
A7: ITEM | B7: DESCRIÇÃO | C7: UND | D7: QNT
B8: TOTAL DO ITEM
A9: INSTAÇAÕES ELÉTRICAS
A10: 1 | B10: INSTALAÇÕES ELÉTRICAS - BAIXA TENSÃO
A11: 1.1 | B11: Cabo de cobre flexível isolado, 2,5 mm², anti-chama 450/750 v, para circuitos terminais - fornecimento e instalação. Af_12/2015 | C11: m | D11: 5310
A12: 1.2 | B12: Cabo de cobre flexível isolado, 4 mm², anti-chama 450/750 v, para circuitos terminais - fornecimento e instalação. Af_12/2015 | C12: m | D12: 8439
A13: 1.3 | B13: Cabo de cobre flexível isolado, 6 mm², anti-chama 450/750 v, para circuitos terminais - fornecimento e instalação. Af_12/2015 | C13: m | D13: 1167
A14: 1.4 | B14: Cabo isolado em epr seção 16,00 mm² - 0,6/1 KV - 90°C - flexível | C14: m | D14: 1151
A15: 1.5 | B15: Cabo isolado em epr seção 25,00 mm² - 0,6/1 KV - 90°C - flexível | C15: m | D15: 107
A16: 1.6 | B16: Cabo isolado em epr seção 35,00 mm² - 0,6/1 KV - 90°C - flexível | C16: m | D16: 88
A17: 1.7 | B17: Cabo isolado em epr seção 50,00 mm² - 0,6/1 KV - 90°C - flexível | D17: 151
A18: 1.8 | B18: Cabo isolado em epr seção 70,00 mm² - 0,6/1 KV - 90°C - flexível | C18: m | D18: 375
A19: 1.9 | B19: Cabo isolado em epr seção 120,00 mm² - 0,6/1 KV - 90°C - flexível | C19: m | D19: 376
A20: 1.10 | B20: Fornecimento e instalação de luminária tipo calha para 2 (duas) lâmpadas tubulares led com fluxo luminoso mínimo de 4400 lúmens. | C20: Und | D20: 305
A21: 1.11 | B21: Lâmpada led 10 w bivolt branca, formato tradicional (base e27) - fornecimento e instalação | C21: Und | D21: 7
A22: 1.12 | B22: Fornecimento e instalação de ventilador de teto 110v, 3 pás madeira, 3 velocidades, sem luminária | C22: Und | D22: 25
A23: 1.13 | B23: Caixa retangular 4" x 2" baixa (0,30 m do piso), metálica, instalada em parede - fornecimento e instalação. Af_12/2015 | C23: Und | D23: 125
A24: 1.14 | B24: Caixa retangular 4" x 2" media (1,20 m do piso), metálica, instalada em parede - fornecimento e instalação. Af_12/2015 | C24: UND | D24: 75
A25: 1.15 | B25: Caixa retangular 4" x 2" alta (2,20 m do piso), metálica, instalada em parede - fornecimento e instalação. Af_12/2015 | C25: uND | D25: 101
A26: 1.16 | B26: Caixa octogonal 3"x3", PVC, instalada em laje - fornecimento e instalação | C26: UND | D26: 330
A27: 1.17 | B27: Tomada baixa de embutir (1 módulo), 2p+t 10 a, incluindo suporte e placa - fornecimento e instalação. Af_12/2015 | C27: UND | D27: 125
A28: 1.18 | B28: Tomada média de embutir (1 módulo), 2p+t 10 a, incluindo suporte e placa - fornecimento e instalação. Af_12/2015 | C28: UND | D28: 27
A29: 1.19 | B29: Tomada alta de embutir (1 módulo), 2p+t 10 a, incluindo suporte e placa - fornecimento e instalação. Af_12/2015 | C29: UND | D29: 49
... A69: 1.59 | B69: Fornecimento de Poste Duplo de aço h=9,0m - diam.= 100 mm | C69: UND | D69: 3
A70: 1.60 | B70: Escavação manual de vala em solo de 1a categoria, profundidade até 2 m | C70: m³ | D70: =(D58+D59+D61)*0.3*0.6 -> 161.28
A71: 1.61 | B71: Reaterro de vala com compactação manual | C71: m³ | D71: =(D58+D59+D61)*0.3*0.6*0.95 -> 153.216
A72: 1.62 | B72: Posto de transformação de 150 KVA - 13.8KV/220-127V | C72: Und | D72: 1

Sheet SPDA
A1: OBRA
A2: Escola | B2: E.E. SÃO SIMÃO | C2: BDI:
A3: Município | B3: VÁRZEA GRANDE - MT | C3: INCC:
A4: Endereço | C4: =[6]CRONOGRAMA!G4 -> PERÍODO :
A6: PLANILHA ORÇAMENTÁRIA
A7: ITEM | B7: DESCRIÇÃO | C7: UND | D7: QNT
A8: INSTALAÇÕES ELÉTRICAS E SPDA
A9: 1 | B9: SPDA
A10: 1.1 | B10: FORNECIMENTO E INSTALAÇÃO DE BARRA CHATA DE ALUMÍNIO 1/4" X 3/4", BARRA DE 6M | C10: Und | D10: 95
A11: 1.2 | B11: FORNECIMENTO E INSTALAÇÃO DE BARRA CHATA DE ALUMÍNIO 1/4" X 3/4", COM CURVA DE 300MM | C11: Und | D11: 13
A12: 1.3 | B12: FORNECIMENTO E INSTALAÇÃO DE PARAFUSO SEXTAVADO INOX 1/4" X 1" COM ARRUELA LISA ZINCADA | C12: CJ | D12: 569
A13: 1.4 | B13: TERMINAL AEREO EM ACO GALVANIZADO COM BASE DE FIXACAO H = 30CM | C13: Und | D13: 250
A14: 1.5 | B14: =UPPER("Suporte guia simples Tel-220") -> SUPORTE GUIA SIMPLES TEL-220 | C14: Und | D14: 622
A15: 1.6 | B15: FORNECIMENTO E INSTALAÇÃO DE CAIXA DE INSPEÇÃO SUSPENSA. | C15: Und | D15: 57
A16: 1.7 | B16: TERMINAL OU CONECTOR DE PRESSAO - PARA CABO 35MM2 - FORNECIMENTO E INSTALACAO | C16: Und | D16: 114
A17: 1.8 | B17: TERMINAL OU CONECTOR DE PRESSAO - PARA CABO 50MM2 - FORNECIMENTO E INSTALACAO | C17: Und | D17: 58
A18: 1.9 | B18: ELETRODUTO RÍGIDO ROSCÁVEL, PVC, DN 32 MM (1"), PARA CIRCUITOS TERMINAIS, INSTALADO EM PAREDE - FORNECIMENTO E INSTALAÇÃO. AF_12/2015 | C18: m | D18: 162
A19: 1.10 | B19: ABRAÇADEIRA TIPO "D" COM CUNHA, DIÂMETRO 1" | C19: Und | D19: 215.99999
A20: 1.11 | B20: FORNECIMENTO E INSTALAÇÃO DE PARAFUSO COM BUCHA S8 | C20: Und | D20: 215.99999
A21: 1.12 | B21: CABO DE COBRE NU 35MM2 - FORNECIMENTO E INSTALACAO | C21: m | D21: 742
A22: 1.13 | B22: CABO DE COBRE NU 50MM2 - FORNECIMENTO E INSTALACAO | C22: m | D22: 787
A23: 1.14 | B23: FORNECIMENTO E INSTALAÇÃO DE CAIXA DE INSPEÇÃO TIPO SOLO EM PVC COM DIAMETRO 300MM, INCLUSIVE TAMPO EM FERRO FUNDIDO COM BOCAL INFERIOR QUADRADO ARTICULADO E BORDA REDONDA DE 300MM. | C23: Und | D23: 11
A24: 1.15 | B24: HASTE DE ATERRAMENTO EM AÇO COM 3,00 M DE COMPRIMENTO E DN = 5/8" REVESTIDA COM BAIXA CAMADA DE COBRE, SEM CONECTOR | C24: Und | D24: 113
A25: 1.16 | B25: FORNECIMENTO E INSTALAÇÃO DE CARTUCHO PARA SOLDA 115MM | C25: Und | D25: 171
A26: 1.17 | B26: ESCAVAÇÃO MANUAL DE VALAS. AF_03/2016 | C26: m3 | D26: 135.15
... A30: 1.21 | B30: PARA-RAIOS TIPO FRANKLIN - CABO E SUPORTE ISOLADOR | C30: m | D30: 10
A31: 1.22 | B31: =UPPER("Pára-raio tipo Franklin 350mm, latão cromado, para descida 1 cabo, c/suporte e conectores p/cabo terra e base") -> PÁRA-RAIO TIPO FRANKLIN 350MM, LATÃO CROMADO, PARA DESCIDA 1 CABO, C/SUPORTE E CONECTORES P/CABO TERRA E BASE | C31: Und | D31: 1
A32: 1.23 | B32: =UPPER("Sinalizador noturno c/ 1 lâmpada 15w, inclusive lampada e relé fotoeletrico individual") -> SINALIZADOR NOTURNO C/ 1 LÂMPADA 15W, INCLUSIVE LAMPADA E RELÉ FOTOELETRICO INDIVIDUAL | C32: Und | D32: 1
A33: 1.24 | B33: CABO DE COBRE FLEXÍVEL ISOLADO, 2,5 MM², ANTI-CHAMA 0,6/1,0 KV, PARA CIRCUITOS TERMINAIS - FORNECIMENTO E INSTALAÇÃO. AF_12/2015 | C33: m | D33: 120
A34: 1.25 | B34: DISJUNTOR MONOPOLAR TIPO DIN, CORRENTE NOMINAL DE 10A - FORNECIMENTO E INSTALAÇÃO. AF_04/2016 | C34: Und | D34: 1
A35: 1.26 | B35: ELETRODUTO RÍGIDO ROSCÁVEL, PVC, DN 25 MM (3/4"), PARA CIRCUITOS TERMINAIS, INSTALADO EM PAREDE - FORNECIMENTO E INSTALAÇÃO. AF_12/2015 | C35: m | D35: 40
A36: 1.27 | B36: LUVA PARA ELETRODUTO, PVC, ROSCÁVEL, DN 25 MM (3/4"), PARA CIRCUITOS TERMINAIS, INSTALADA EM PAREDE - FORNECIMENTO E INSTALAÇÃO. AF_12/2015 | C36: Und | D36: 4
A37: 1.28 | B37: CONDULETE DE ALUMÍNIO, TIPO E, PARA ELETRODUTO DE FERRO GALVANIZADO DN 20 MM (3/4''), APARENTE - FORNECIMENTO E INSTALAÇÃO. AF_11/2016_P | C37: Und | D37: 1
A38: 1.29 | B38: CURVA 90 GRAUS PARA ELETRODUTO, PVC, ROSCÁVEL, DN 25 MM (3/4"), PARA CIRCUITOS TERMINAIS, INSTALADA EM PAREDE - FORNECIMENTO E INSTALAÇÃO. AF_12/2015 | C38: Und | D38: 5

Sheet INCÊNDIO
A1: INSTALAÇÕES DE SEGURANÇA E PREVENÇÃO A COMBATE A INCÊNDIO E PÂNICO
A2: EXTINTOR DE INCÊNDIO
A3: EXTINTOR INCENDIO TP PO QUIMICO 6KG - FORNECIMENTO E INSTALACAO | B3: Und | C3: 9
A4: FORNECIMENTO E INSTALAÇÃO DE EXTINTOR MANUAL DE ÁGUA PRESSURIZADA , CAPACIDADE 10 LITROS | B4: Und | C4: 4
A5: FORNECIMENTO E INSTALAÇÃO DE PLACA DE SINALIZAÇÃO DE EXTINTOR 20X30CM | B5: Und | C5: 16
A6: PINTURA ACRILICA PARA SINALIZAÇÃO HORIZONTAL EM PISO CIMENTADO (NA COR VERMELHA COM FAIXA AMARELO, PARA DEMARCAÇÃO DA ÁREA DO EXTINTOR DE INCÊNDIO, CONFORME DETALHE NO PROJETO) | B6: m2 | C6: 20
A7: SINALIZAÇÃO - SAÍDA DE EMERGÊNCIA
A8: FORNECIMENTO E INSTALAÇÃO DE PLACA DE SINALIZAÇÃO INDICATIVA, SAÍDA DE EMERGÊNCIA, SAÍDA LATERAL ESQUERDA/DIREITA/SAÍDA EM FRENTE | B8: UN | C8: 60
A9: PLACA DE SINALIZACAO DE SEGURANCA CONTRA INCENDIO, FOTOLUMINESCENTE, RETANGULAR, *20 X 40* CM, EM PVC *2* MM ANTI-CHAMAS (SIMBOLOS, CORES E PICTOGRAMAS CONFORME NBR 13434) | B9: UN | C9: 5
A10: SISTEMA DE ALARME DE EMERGÊNCIA
A11: FORNECIMENTO E INSTALAÇÃO DE ACIONADOR MANUAL PARA ALARME, TIPO QUEBRA VIDRO, COM MARTELO | B11: UN | C11: 6
A12: FORNECIMENTO E INSTALAÇÃO DE SIRENE ELETRÔNICA, 12V, ALARME DE EMERGÊNCIA | B12: UN | C12: 6
A13: FORNECIMENTO E INSTALAÇÃO DE CENTRAL DE ALARME IPA, 12 LAÇOS, SEM BATERIA | B13: UN | C13: 1
A14: FORNECIMENTO E INSTALAÇÃO DE BATERIA SELADA PARA CENTRAL DE ALARME, 12V/5A | B14: UN | C14: 2
A15: CABO DE COBRE FLEXÍVEL ISOLADO, 2,5 MM², ANTI-CHAMA 0,6/1,0 KV, PARA CIRCUITOS TERMINAIS - FORNECIMENTO E INSTALAÇÃO. AF_12/2015 | B15: M | C15: 2065
A16: ELETRODUTO FLEXÍVEL CORRUGADO, PVC, DN 32 MM (1"), PARA CIRCUITOS TERMINAIS, INSTALADO EM PAREDE - FORNECIMENTO E INSTALAÇÃO. AF_12/2015 | B16: M | C16: 25
A17: ELETRODUTO ZINCADO, INCLUSIVE CONEXÕES DE 3/4" | B17: Und | C17: 12
A18: LUVA P/ELETRODUTO ZINCADO 3/4" | B18: Und | C18: 12
A19: LUVA P/ELETRODUTO ZINCADO 1" | B19: Und | C19: 25
A20: CURVA 90° DE FERRO ZINCADO P/ ELTRODUTO DE 1" | B20: Und | C20: 8
A21: ABRACADEIRA EM ACO PARA AMARRACAO DE ELETRODUTOS, TIPO D, COM 3/4" E CUNHA DE FIXACAO | B21: Und | C21: 36
A22: ABRAÇADEIRA TIPO "D" COM CUNHA, DIÂMETRO 1" | B22: Und | C22: 75
... A27: CONDULETE DE PVC, TIPO X, PARA ELETRODUTO DE AÇO GALVANIZADO DN 25 MM (1''), APARENTE - FORNECIMENTO E INSTALAÇÃO. AF_11/2016_P | B27: Und | C27: 30
A28: =UPPER("Fornecimento e instalação de tampa cega p/condulete 3/4""") -> FORNECIMENTO E INSTALAÇÃO DE TAMPA CEGA P/CONDULETE 3/4" | B28: Und | C28: 25
A29: =UPPER("Fornecimento e instalação de tampa cega p/condulete 1""") -> FORNECIMENTO E INSTALAÇÃO DE TAMPA CEGA P/CONDULETE 1" | B29: Und | C29: 25
A30: PINTURA ESMALTE FOSCO (VERMELHA), DUAS DEMAOS, SOBRE SUPERFICIE METALICA, INCLUSO UMA DEMAO DE FUNDO ANTICORROSIVO. UTILIZACAO DE REVOLVER ( AR-COMPRIMIDO). | B30: M² | C30: 18
A31: SISTEMA E ACIONAMENTO DO HIDRANTE
A32: CAIXA DE INCÊNDIO 60X75X17CM - FORNECIMENTO E INSTALAÇÃO | B32: Und | C32: 5
A33: NIPLE, EM FERRO GALVANIZADO, DN 65 (2 1/2"), CONEXÃO ROSQUEADA, INSTALADO EM PRUMADAS - FORNECIMENTO E INSTALAÇÃO. AF_12/2015 | B33: Und | C33: 9
A34: REGISTRO/VALVULA GLOBO ANGULAR 45 GRAUS EM LATAO PARA HIDRANTES DE INCÊNDIO PREDIAL DN 2.1/2, COM VOLANTE, CLASSE DE PRESSAO DE ATE 200 PSI - FORNECIMENTO E INSTALACAO | B34: Und | C34: 5
A35: CONJUNTO DE MANGUEIRA PARA COMBATE A INCENDIO EM FIBRA DE POLIESTER PURA, COM 1.1/2", REVESTIDA INTERNAMENTE, COM 1 LANCES DE 30M CADA | B35: Und | C35: 4
A36: =UPPER("Fornecimento e instalação de adaptador storz para engate rápido 2 1/2 x 1 1/2 com tampão e corrente (incêndio)") -> FORNECIMENTO E INSTALAÇÃO DE ADAPTADOR STORZ PARA ENGATE RÁPIDO 2 1/2 X 1 1/2 COM TAMPÃO E CORRENTE (INCÊNDIO) | B36: Und | C36: 5
A37: =UPPER("Fornecimento e instalação de esguicho reto p/mangueira de incêndio 19 mm") -> FORNECIMENTO E INSTALAÇÃO DE ESGUICHO RETO P/MANGUEIRA DE INCÊNDIO 19 MM | B37: Und | C37: 4
A38: FORNECIMENTO E INSTALAÇÃO DE CHAVE PARA CONEXÃO DE MANGUEIRA TIPO STORZ ENGATE RÁPIDO DUPLA 1.1/2" X 2.1/2" | B38: Und | C38: 4
A39: CAIXA DE INCÊNDIO 45X75X17CM - FORNECIMENTO E INSTALAÇÃO | B39: Und | C39: 1
A40: COTOVELO 45° DE AÇO GALV. (2.1/2") | B40: Und | C40: 4
A41: NIPLE, EM FERRO GALVANIZADO, DN 65 (2 1/2"), CONEXÃO ROSQUEADA, INSTALADO EM PRUMADAS - FORNECIMENTO E INSTALAÇÃO. AF_12/2015 | B41: Und | C41: 11
A42: =UPPER("Fornecimento e instalação de adaptador storz para engate rápido 2 1/2 x 2 1/2 com tampão e corrente (incêndio)") -> FORNECIMENTO E INSTALAÇÃO DE ADAPTADOR STORZ PARA ENGATE RÁPIDO 2 1/2 X 2 1/2 COM TAMPÃO E CORRENTE (INCÊNDIO) | B42: Und | C42: 5
A43: =UPPER("Fornecimento e instalação de Registro gaveta bruto, d = 65 mm (2 1/2)") -> FORNECIMENTO E INSTALAÇÃO DE REGISTRO GAVETA BRUTO, D = 65 MM (2 1/2) | B43: Und | C43: 4
A44: VÁLVULA DE RETENÇÃO HORIZONTAL Ø 65MM (2.1/2") - FORNECIMENTO E INSTALAÇÃO | B44: Und | C44: 1
A45: TAMPÃO DE FERRO 60X40 CM | B45: Und | C45: 1
A46: ASSENTAMENTO DE TAMPÃO DE FERRO FUNDIDO 600MM | B46: Und | C46: 1
A47: ALVENARIA EM TIJOLO CERÂMICO MACIÇO 5X10X20CM 1/2 VEZ (ESPESSURA 10CM), ASSENTADO COM ARGAMASSA TRAÇO 1:2:8 (CIMENTO, CAL E AREIA) | B47: m² | C47: 3.2
A48: FORNECIMENTO E INSTALAÇÃO DE ACIONADOR MANUAL LIGA DESLIGA, BOTOEIRA, TIPO QUEBRA VIDRO, PARA ACIONAMENTO DA BOMBA DO HIDRANTE | B48: Und | C48: 5
A49: FORNECIMENTO E INSTALAÇÃO DE BOMBA TRIFÁSICA 5,0CV - 127/220V | B49: Und | C49: 1
A50: TUBO GALVANIZADO SEM CUSTURA C/ROSCA 2 1/2", BARRA DE 6 METROS COM ESPESSURA DE 3,5MM - INSTALADO EM REDE DE ALIMENTAÇÃO PARA HIDRANTE | B50: M | C50: 155
A51: COTOVELO 90 GRAUS, EM FERRO GALVANIZADO, CONEXÃO ROSQUEADA, DN 65 (2 1/2), INSTALADO EM RESERVAÇÃO DE ÁGUA DE EDIFICAÇÃO QUE POSSUA RESERVATÓRIO DE FIBRA/FIBROCIMENTO  FORNECIMENTO E INSTALAÇÃO. AF_06/2016 | B51: Und | C51: 26
A52: COTOVELO 45 GRAUS, EM FERRO GALVANIZADO, CONEXÃO ROSQUEADA, DN 65 (2 1/2), INSTALADO EM RESERVAÇÃO DE ÁGUA DE EDIFICAÇÃO QUE POSSUA RESERVATÓRIO DE FIBRA/FIBROCIMENTO  FORNECIMENTO E INSTALAÇÃO. AF_06/2016 | B52: Und | C52: 4
A53: LUVA, EM FERRO GALVANIZADO, DN 65 (2 1/2"), CONEXÃO ROSQUEADA, INSTALADO EM REDE DE ALIMENTAÇÃO PARA HIDRANTE - FORNECIMENTO E INSTALAÇÃO. AF_12/2015 | B53: Und | C53: 26
A54: TÊ, EM FERRO GALVANIZADO, CONEXÃO ROSQUEADA, DN 65 (2 1/2"), INSTALADO EM REDE DE ALIMENTAÇÃO PARA HIDRANTE - FORNECIMENTO E INSTALAÇÃO. AF_12/2015 | B54: Und | C54: 10
A55: VÁLVULA DE PÉ COM CRIVO Ø 65MM (2.1/2") - FORNECIMENTO E INSTALAÇÃO | B55: Und | C55: 1
A56: FORNECIMENTO E INSTALAÇÃO CHAVE DE PARTIDA PARA BOMBA 5CV | B56: Und | C56: 1
A57: =UPPER("Cabo de cobre isolado em EPR flexível 10mm² - 0,6Kv/1Kv/90°") -> CABO DE COBRE ISOLADO EM EPR FLEXÍVEL 10MM² - 0,6KV/1KV/90° | B57: M | C57: =84*3 -> 252
A58: =UPPER("Duto corrugado flexível em PEAD Ø = 1', tipo Kanalex ou similar, lançado diretamente no solo, exclusive escavação e reaterro") -> DUTO CORRUGADO FLEXÍVEL EM PEAD Ø = 1', TIPO KANALEX OU SIMILAR, LANÇADO DIRETAMENTE NO SOLO, EXCLUSIVE ESCAVAÇÃO E REATERRO | B58: M | C58: 160
A59: =UPPER("Duto corrugado flexível em PEAD Ø = 1.1/2', tipo Kanalex ou similar, lançado diretamente no solo, exclusive escavação e reaterro") -> DUTO CORRUGADO FLEXÍVEL EM PEAD Ø = 1.1/2', TIPO KANALEX OU SIMILAR, LANÇADO DIRETAMENTE NO SOLO, EXCLUSIVE ESCAVAÇÃO E REATERRO | B59: M | C59: 140
A60: DUTO ESPIRAL FLEXIVEL SINGELO PEAD D=50MM(2") REVESTIDO COM PVC COM FIO GUIA DE ACO GALVANIZADO, LANCADO DIRETO NO SOLO, INCL CONEXOES | B60: M | C60: 20
A61: MURETA C/TIJOLO MACIÇO, REBOCADA, INCL. FUNDAÇÕES | B61: M² | C61: 10.2
A62: CAIXA DE INSPEÇÃO EM ALVENARIA DE TIJOLO MACIÇO 60X60X60CM, REVESTIDA INTERNAMENTO COM BARRA LISA (CIMENTO E AREIA, TRAÇO 1:4) E=2,0CM, COM TAMPA PRÉ-MOLDADA DE CONCRETO E FUNDO DE CONCRETO 15MPA TIPO C - ESCAVAÇÃO E CONFECÇÃO | B62: Und | C62: 26
A63: PINTURA ESMALTE FOSCO, DUAS DEMAOS, SOBRE SUPERFICIE METALICA, INCLUSO UMA DEMAO DE FUNDO ANTICORROSIVO. UTILIZACAO DE REVOLVER ( AR-COMPRIMIDO). | B63: M² | C63: 42
A64: CAIXA DE PROTECAO PARA MEDIDOR TRIFASICO, FORNECIMENTO E INSTALACAO | B64: Und | C64: 1
A65: DISJUNTOR TRIPOLAR TIPO DIN, CORRENTE NOMINAL DE 40A - FORNECIMENTO E INSTALAÇÃO. AF_04/2016 | B65: Und | C65: 2
A66: ESCAVAÇÃO MANUAL DE VALAS. AF_03/2016 | B66: M³ | C66: 69
A67: REATERRO DE VALA COM COMPACTAÇÃO MANUAL | B67: M³ | C67: 74
A68: ELETRODUTO ZINCADO, INCLUSIVE CONEXÕES DE 1" ( CASA DE BOMBA) | B68: M | C68: 8
A69: LUVA P/ELETRODUTO ZINCADO 1" (Casa de Bomba) | B69: Und | C69: 8
A70: CURVA 90° DE FERRO ZINCADO P/ ELTRODUTO DE 1" (Casa de Bomba) | B70: Und | C70: 10
A71: ABRAÇADEIRA TIPO "D" COM CUNHA, DIÂMETRO 1" (Casa de Bomba) | B71: Und | C71: 8
A72: CAIXA D'ÁGUA TIPO TAÇA 10.000 L, CONFORME PROJETO PADRÃO SEDUC | B72: UN | C72: 1
A73: LUMINÁRIA DE EMERGÊNCIA
A74: LUMINARIA DE EMERGENCIA 24 LEDS, POTENCIA 32 W, BATERIA DE LITIO, Bloco Autonomo DE 960 LUMENS | B74: Und | C74: 3
A75: LUMINARIA DE EMERGENCIA 30 LEDS, POTENCIA 2 W, BATERIA DE LITIO, AUTONOMIA DE 6 CR | B75: Und | C75: 52
